Workbook

Sheet Overview & Explanation
A1: Note: Use care not to delete, hide or reorder workbook tabs (worksheets) in this workbook.
A2: . | B2: . | C2: . | D2: . | E2: . | F2: . | G2: . | H2: . | I2: . | J2: . | K2: . | L2: . | M2: . | N2: . | O2: . | P2: . | Q2: . | R2: . | S2: . | T2: . | U2: . | V2: . | W2: . | X2: . | Y2: . | Z2: .
A39: Week 3 Analysis Adjustments Assignment Grading Rubric
A40: The facilitator will grade this assignment, assigning up to 100 points for it, as follows:
A41: Financial statements analysis adjustments are properly identified from the Annual Report on Form 10-K and the supporting analysis, computations, and presentation is complete, correct, concise, and clear:
A42: Type of Analysis Adjustment | B42: Maximum | C42: Earned | D42: Worksheet Tab Label:
A43: Operating Lease Commitments | B43: 20 | C43: 18 | D43: Oper Lease Adjust 5
A44: Financial Elements of Pension Costs | B44: 10 | C44: 10 | D44: Pension Cost Analysis Adjust
A45: Inventory Cost-Flow Assumption | B45: 15 | C45: 14 | D45: Invent Cost-Flow Analysis Adj
A46: Noncancellable Commitments | B46: 5 | C46: 5 | D46: Noncancel Commit Analysis Adj
A47: Guaranteed Unconsolidated Debt | B47: 0 | C47: 0 | D47: Guar Uncons Debt Analysis Adj
A48: Capitalized Interest | B48: 5 | C48: 5 | D48: Capitalized Interest Analysis Adj
A49: Impairment or Restructuring Charges | B49: 20 | C49: 17 | D49: Impair, Restruct Analysis Adj
A50: Early Retirement, Restructuring Debt | B50: 10 | C50: 9 | D50: Debt Restruct Analysis Adj
A51: Gains on Investments or PP&E | B51: 15 | C51: 12 | D51: Sales Invest, PP&E Analysis Adj
A52: Total points | B52: =SUM(B43:B51) -> 100 | C52: =SUM(C43:C51) -> 90

Sheet BS Analysis Adjustments
A1: INPUT US dollar amounts IN MILLIONS | B1: 2011 | L1: =B1+1 -> 2012 | V1: =L1+1 -> 2013 | AF1: =V1+1 -> 2014 | AP1: =AF1+1 -> 2015 | BE1: . | BF1: . | BG1: . | BH1: . | BI1: . | BJ1: . | BK1: . | BL1: . | BM1: . | BN1: . | BO1: . | BP1: . | BQ1: . | BR1: . | BS1: . | BT1: . | BU1: . | BV1: . | BW1: . | BX1: . | BY1: . | BZ1: .
B2: Audited | C2: Analysis Adjustment (See explanations below) | K2: Adjusted | L2: Audited | M2: Analysis Adjustment (See explanations below) | U2: Adjusted | V2: Audited | W2: Analysis Adjustment (See explanations below) | AE2: Adjusted | AF2: Audited | AG2: Analysis Adjustment (See explanations below) | AO2: Adjusted | AP2: Audited | AQ2: Analysis Adjustment (See explanations below) | AY2: Adjusted | AZ2: Adjusted balances (used for financial analysis)
B3: balance | C3: (A) | D3: (B) | E3: (C) | F3: (D) | G3: (E) | H3: (F) | I3: (G) | J3: (H) | K3: balance | L3: balance | M3: (A) | N3: (B) | O3: (C) | P3: (D) | Q3: (E) | R3: (F) | S3: (G) | T3: (H) | U3: balance | V3: balance | W3: (A) | X3: (B) | Y3: (C) | Z3: (D) | AA3: (E) | AB3: (F) | AC3: (G) | AD3: (H) | AE3: balance | AF3: balance | AG3: (A) | AH3: (B) | AI3: (C) | AJ3: (D) | AK3: (E) | AL3: (F) | AM3: (G) | AN3: (H) | AO3: balance | AP3: balance | AQ3: (A) | AR3: (B) | AS3: (C) | AT3: (D) | AU3: (E) | AV3: (F) | AW3: (G) | AX3: (H) | AY3: balance | AZ3: =B1 -> 2011 | BA3: =AZ3+1 -> 2012 | BB3: =BA3+1 -> 2013 | BC3: =BB3+1 -> 2014 | BD3: =BC3+1 -> 2015
A4: Assets
A5: Current assets
A6: Cash and cash equivalents | B6: 1877 | K6: =SUM(B6:J6) -> 1877 | L6: 1285 | U6: =SUM(L6:T6) -> 1285 | V6: 1194 | AE6: =SUM(V6:AD6) -> 1194 | AF6: 827 | AO6: =SUM(AF6:AN6) -> 827 | AP6: 595 | AY6: =SUM(AP6:AX6) -> 595 | AZ6: =K6 -> 1877 | BA6: =U6 -> 1285 | BB6: =AE6 -> 1194 | BC6: =AO6 -> 827 | BD6: =AY6 -> 595
A7: Investment securities AFS | B7: 0 | K7: =SUM(B7:J7) -> 0 | L7: 0 | U7: =SUM(L7:T7) -> 0 | V7: 0 | AE7: =SUM(V7:AD7) -> 0 | AF7: 0 | AO7: =SUM(AF7:AN7) -> 0 | AP7: 0 | AY7: =SUM(AP7:AX7) -> 0 | AZ7: =K7 -> 0 | BA7: =U7 -> 0 | BB7: =AE7 -> 0 | BC7: =AO7 -> 0 | BD7: =AY7 -> 0
A8: AR, gross | B8: 2148 | K8: =SUM(B8:J8) -> 2148 | L8: 2214 | U8: =SUM(L8:T8) -> 2214 | V8: 2257 | AE8: =SUM(V8:AD8) -> 2257 | AF8: 2381 | AO8: =SUM(AF8:AN8) -> 2381 | AP8: 197 | AY8: =SUM(AP8:AX8) -> 197 | AZ8: =K8 -> 2148 | BA8: =U8 -> 2214 | BB8: =AE8 -> 2257 | BC8: =AO8 -> 2381 | BD8: =AY8 -> 197
A9: Less: Allowance for bad debts | B9: -115 | K9: =SUM(B9:J9) -> -115 | L9: -85 | U9: =SUM(L9:T9) -> -85 | V9: -80 | AE9: =SUM(V9:AD9) -> -80 | AF9: -75 | AO9: =SUM(AF9:AN9) -> -75 | AP9: -1 | AY9: =SUM(AP9:AX9) -> -1 | AZ9: =K9 -> -115 | BA9: =U9 -> -85 | BB9: =AE9 -> -80 | BC9: =AO9 -> -75 | BD9: =AY9 -> -1
A10: AR, net | B10: =SUM(B8:B9) -> 2033 | C10: =SUM(C8:C9) -> 0 | D10: =SUM(D8:D9) -> 0 | E10: =SUM(E8:E9) -> 0 | F10: =SUM(F8:F9) -> 0 | G10: =SUM(G8:G9) -> 0 | H10: =SUM(H8:H9) -> 0 | I10: =SUM(I8:I9) -> 0 | ... AY10: =SUM(AY8:AY9) -> 196 | AZ10: =K10 -> 2033 | BA10: =U10 -> 2129 | BB10: =AE10 -> 2177 | BC10: =AO10 -> 2306 | BD10: =AY10 -> 196
A11: Inventory (LOCOM, retail average cost) | B11: 1148 | K11: =SUM(B11:J11) -> 1148 | L11: 1360 | U11: =SUM(L11:T11) -> 1360 | V11: 1531 | AE11: =SUM(V11:AD11) -> 1531 | AF11: 1733 | AO11: =SUM(AF11:AN11) -> 1733 | AP11: 1945 | AY11: =SUM(AP11:AX11) -> 1945 | AZ11: =K11 -> 1148 | BA11: =U11 -> 1360 | BB11: =AE11 -> 1531 | BC11: =AO11 -> 1733 | BD11: =AY11 -> 1945
A12: DIT assets–current | B12: 220 | K12: =SUM(B12:J12) -> 220 | L12: 227 | U12: =SUM(L12:T12) -> 227 | V12: 239 | AE12: =SUM(V12:AD12) -> 239 | AF12: 256 | AO12: =SUM(AF12:AN12) -> 256 | AP12: 0 | AY12: =SUM(AP12:AX12) -> 0 | AZ12: =K12 -> 220 | BA12: =U12 -> 227 | BB12: =AE12 -> 239 | BC12: =AO12 -> 256 | BD12: =AY12 -> 0
A13: Other current assets | B13: 282 | D13: 1273 | K13: =SUM(B13:J13) -> 1555 | L13: 80 | N13: 1429 | U13: =SUM(L13:T13) -> 1509 | V13: 87 | X13: 1450 | AE13: =SUM(V13:AD13) -> 1537 | AF13: 102 | AH13: 1809 | AO13: =SUM(AF13:AN13) -> 1911 | AP13: 278 | AR13: 1691 | AY13: =SUM(AP13:AX13) -> 1969 | AZ13: =K13 -> 1555 | BA13: =U13 -> 1509 | BB13: =AE13 -> 1537 | BC13: =AO13 -> 1911 | BD13: =AY13 -> 1969
A14: Total current assets | B14: =SUM(B6:B7,B10:B13) -> 5560 | C14: =SUM(C6:C7,C10:C13) -> 0 | D14: =SUM(D6:D7,D10:D13) -> 1273 | E14: =SUM(E6:E7,E10:E13) -> 0 | F14: =SUM(F6:F7,F10:F13) -> 0 | G14: =SUM(G6:G7,G10:G13) -> 0 | H14: =SUM(H6:H7,H10:H13) -> 0 | I14: =SUM(I6:I7,I10:I13) -> 0 | ... AY14: =SUM(AY6:AY7,AY10:AY13) -> 4705 | AZ14: =K14 -> 6833 | BA14: =U14 -> 6510 | BB14: =AE14 -> 6678 | BC14: =AO14 -> 7033 | BD14: =AY14 -> 4705
A16: PP&E, at cost | B16: 6260 | C16: ='Oper Lease Adjust 2'!G82 -> 851 | K16: =SUM(B16:J16) -> 7111 | L16: 6643 | M16: ='Oper Lease Adjust 3'!G82 -> 1270 | U16: =SUM(L16:T16) -> 7913 | V16: 7344 | W16: ='Oper Lease Adjust 4'!G82 -> 1565 | AE16: =SUM(V16:AD16) -> 8909 | AF16: 8038 | AG16: ='Oper Lease Adjust 5'!G82 -> 1826 | AO16: =SUM(AF16:AN16) -> 9864 | AP16: 8843 | AQ16: ='Oper Lease Adjust 6'!G82 -> 2210 | AY16: =SUM(AP16:AX16) -> 11053 | AZ16: =K16 -> 7111 | BA16: =U16 -> 7913 | BB16: =AE16 -> 8909 | BC16: =AO16 -> 9864 | BD16: =AY16 -> 11053
A17: Less: Accumulated depreciation of PP&E | B17: -3791 | K17: =SUM(B17:J17) -> -3791 | L17: -4064 | U17: =SUM(L17:T17) -> -4064 | V17: -4395 | AE17: =SUM(V17:AD17) -> -4395 | AF17: -4698 | AO17: =SUM(AF17:AN17) -> -4698 | AP17: -5108 | AY17: =SUM(AP17:AX17) -> -5108 | AZ17: =K17 -> -3791 | BA17: =U17 -> -4064 | BB17: =AE17 -> -4395 | BC17: =AO17 -> -4698 | BD17: =AY17 -> -5108
A18: PP&E, net | B18: =SUM(B16:B17) -> 2469 | C18: =SUM(C16:C17) -> 851 | D18: =SUM(D16:D17) -> 0 | E18: =SUM(E16:E17) -> 0 | F18: =SUM(F16:F17) -> 0 | G18: =SUM(G16:G17) -> 0 | H18: =SUM(H16:H17) -> 0 | I18: =SUM(I16:I17) -> 0 | ... AY18: =SUM(AY16:AY17) -> 5945 | AZ18: =K18 -> 3320 | BA18: =U18 -> 3849 | BB18: =AE18 -> 4514 | BC18: =AO18 -> 5166 | BD18: =AY18 -> 5945
A19: Goodwill, net impairment write-downs | B19: 175 | K19: =SUM(B19:J19) -> 175 | L19: 175 | U19: =SUM(L19:T19) -> 175 | V19: 175 | AE19: =SUM(V19:AD19) -> 175 | AF19: 435 | AO19: =SUM(AF19:AN19) -> 435 | AP19: 435 | AY19: =SUM(AP19:AX19) -> 435 | AZ19: =K19 -> 175 | BA19: =U19 -> 175 | BB19: =AE19 -> 175 | BC19: =AO19 -> 435 | BD19: =AY19 -> 435
A20: Other intangibles, net amort., impairment | B20: 0 | K20: =SUM(B20:J20) -> 0 | L20: 0 | U20: =SUM(L20:T20) -> 0 | V20: 0 | AE20: =SUM(V20:AD20) -> 0 | AO20: =SUM(AF20:AN20) -> 0 | AP20: 0 | AY20: =SUM(AP20:AX20) -> 0 | AZ20: =K20 -> 0 | BA20: =U20 -> 0 | BB20: =AE20 -> 0 | BC20: =AO20 -> 0 | BD20: =AY20 -> 0
A21: DIT assets–noncurrent | B21: 0 | K21: =SUM(B21:J21) -> 0 | L21: 0 | U21: =SUM(L21:T21) -> 0 | V21: 0 | AE21: =SUM(V21:AD21) -> 0 | AO21: =SUM(AF21:AN21) -> 0 | AP21: 0 | AY21: =SUM(AP21:AX21) -> 0 | AZ21: =K21 -> 0 | BA21: =U21 -> 0 | BB21: =AE21 -> 0 | BC21: =AO21 -> 0 | BD21: =AY21 -> 0
A22: Other noncurrent assets | B22: 287 | D22: 170 | K22: =SUM(B22:J22) -> 457 | L22: 254 | N22: 472 | U22: =SUM(L22:T22) -> 726 | V22: 222 | X22: 675 | AE22: =SUM(V22:AD22) -> 897 | AF22: 246 | AH22: 283 | AO22: =SUM(AF22:AN22) -> 529 | AP22: 514 | AR22: 319 | AY22: =SUM(AP22:AX22) -> 833 | AZ22: =K22 -> 457 | BA22: =U22 -> 726 | BB22: =AE22 -> 897 | BC22: =AO22 -> 529 | BD22: =AY22 -> 833
A23: Total assets | B23: =SUM(B14,B18:B22) -> 8491 | C23: =SUM(C14,C18:C22) -> 851 | D23: =SUM(D14,D18:D22) -> 1443 | E23: =SUM(E14,E18:E22) -> 0 | F23: =SUM(F14,F18:F22) -> 0 | G23: =SUM(G14,G18:G22) -> 0 | H23: =SUM(H14,H18:H22) -> 0 | I23: =SUM(I14,I18:I22) -> 0 | ... AY23: =SUM(AY14,AY18:AY22) -> 11918 | AZ23: =K23 -> 10785 | BA23: =U23 -> 11260 | BB23: =AE23 -> 12264 | BC23: =AO23 -> 13163 | BD23: =AY23 -> 11918
A25: Liabilities and stockholders' equity
A26: Current liabilities
A27: AP | B27: 917 | K27: =SUM(B27:J27) -> 917 | L27: 1011 | U27: =SUM(L27:T27) -> 1011 | V27: 1263 | AE27: =SUM(V27:AD27) -> 1263 | AF27: 1328 | AO27: =SUM(AF27:AN27) -> 1328 | AP27: 1324 | AY27: =SUM(AP27:AX27) -> 1324 | AZ27: =K27 -> 917 | BA27: =U27 -> 1011 | BB27: =AE27 -> 1263 | BC27: =AO27 -> 1328 | BD27: =AY27 -> 1324
A28: Accrued liabilities | B28: 388 | D28: 1273 | K28: =SUM(B28:J28) -> 1661 | L28: 404 | N28: 1429 | U28: =SUM(L28:T28) -> 1833 | V28: 395 | X28: 1450 | AE28: =SUM(V28:AD28) -> 1845 | AF28: 416 | AH28: 1809 | AO28: =SUM(AF28:AN28) -> 2225 | AP28: 416 | AR28: 1691 | AY28: =SUM(AP28:AX28) -> 2107 | AZ28: =K28 -> 1661 | BA28: =U28 -> 1833 | BB28: =AE28 -> 1845 | BC28: =AO28 -> 2225 | BD28: =AY28 -> 2107
A29: Income taxes payable | B29: 0 | K29: =SUM(B29:J29) -> 0 | L29: 0 | U29: =SUM(L29:T29) -> 0 | V29: 0 | AE29: =SUM(V29:AD29) -> 0 | AO29: =SUM(AF29:AN29) -> 0 | AP29: 0 | AY29: =SUM(AP29:AX29) -> 0 | AZ29: =K29 -> 0 | BA29: =U29 -> 0 | BB29: =AE29 -> 0 | BC29: =AO29 -> 0 | BD29: =AY29 -> 0
A30: DIT liabilities–current | B30: 0 | K30: =SUM(B30:J30) -> 0 | L30: 0 | U30: =SUM(L30:T30) -> 0 | V30: 0 | AE30: =SUM(V30:AD30) -> 0 | AO30: =SUM(AF30:AN30) -> 0 | AP30: 0 | AY30: =SUM(AP30:AX30) -> 0 | AZ30: =K30 -> 0 | BA30: =U30 -> 0 | BB30: =AE30 -> 0 | BC30: =AO30 -> 0 | BD30: =AY30 -> 0
A31: Capital lease obligation–current portion | B31: 0 | C31: ='Oper Lease Adjust 2'!H83 -> 85 | K31: =SUM(B31:J31) -> 85 | L31: 0 | M31: ='Oper Lease Adjust 3'!H83 -> 97 | U31: =SUM(L31:T31) -> 97 | V31: 0 | W31: ='Oper Lease Adjust 4'!H83 -> 108 | AE31: =SUM(V31:AD31) -> 108 | AG31: ='Oper Lease Adjust 5'!H83 -> 130 | AO31: =SUM(AF31:AN31) -> 130 | AP31: 0 | AQ31: ='Oper Lease Adjust 6'!H83 -> 156 | AY31: =SUM(AP31:AX31) -> 156 | AZ31: =K31 -> 85 | BA31: =U31 -> 97 | BB31: =AE31 -> 108 | BC31: =AO31 -> 130 | BD31: =AY31 -> 156
A32: Bonds–current portion | B32: 0 | K32: =SUM(B32:J32) -> 0 | L32: 0 | U32: =SUM(L32:T32) -> 0 | V32: 0 | AE32: =SUM(V32:AD32) -> 0 | AO32: =SUM(AF32:AN32) -> 0 | AP32: 0 | AY32: =SUM(AP32:AX32) -> 0 | AZ32: =K32 -> 0 | BA32: =U32 -> 0 | BB32: =AE32 -> 0 | BC32: =AO32 -> 0 | BD32: =AY32 -> 0
A33: Notes and loans payable–current | B33: 506 | K33: =SUM(B33:J33) -> 506 | L33: 7 | U33: =SUM(L33:T33) -> 7 | V33: 7 | AE33: =SUM(V33:AD33) -> 7 | AF33: 8 | AO33: =SUM(AF33:AN33) -> 8 | AP33: 10 | AY33: =SUM(AP33:AX33) -> 10 | AZ33: =K33 -> 506 | BA33: =U33 -> 7 | BB33: =AE33 -> 7 | BC33: =AO33 -> 8 | BD33: =AY33 -> 10
A34: Other current liabilities | B34: 764 | K34: =SUM(B34:J34) -> 764 | L34: 804 | U34: =SUM(L34:T34) -> 804 | V34: 876 | AE34: =SUM(V34:AD34) -> 876 | AF34: 1048 | AO34: =SUM(AF34:AN34) -> 1048 | AP34: 1161 | AY34: =SUM(AP34:AX34) -> 1161 | AZ34: =K34 -> 764 | BA34: =U34 -> 804 | BB34: =AE34 -> 876 | BC34: =AO34 -> 1048 | BD34: =AY34 -> 1161
A35: Total current liabilities | B35: =SUM(B27:B34) -> 2575 | C35: =SUM(C27:C34) -> 85 | D35: =SUM(D27:D34) -> 1273 | E35: =SUM(E27:E34) -> 0 | F35: =SUM(F27:F34) -> 0 | G35: =SUM(G27:G34) -> 0 | H35: =SUM(H27:H34) -> 0 | I35: =SUM(I27:I34) -> 0 | ... AY35: =SUM(AY27:AY34) -> 4758 | AZ35: =K35 -> 3933 | BA35: =U35 -> 3752 | BB35: =AE35 -> 4099 | BC35: =AO35 -> 4739 | BD35: =AY35 -> 4758
A36: Notes and loans payable–noncurrent | B36: 3141 | K36: =SUM(B36:J36) -> 3141 | L36: 3124 | U36: =SUM(L36:T36) -> 3124 | V36: 3106 | AE36: =SUM(V36:AD36) -> 3106 | AF36: 3123 | AO36: =SUM(AF36:AN36) -> 3123 | AP36: 2795 | AY36: =SUM(AP36:AX36) -> 2795 | AZ36: =K36 -> 3141 | BA36: =U36 -> 3124 | BB36: =AE36 -> 3106 | BC36: =AO36 -> 3123 | BD36: =AY36 -> 2795
A37: Capital lease obligation–noncurrent | B37: 0 | C37: ='Oper Lease Adjust 2'!H84 -> 766 | K37: =SUM(B37:J37) -> 766 | L37: 0 | M37: ='Oper Lease Adjust 3'!H84 -> 1173 | U37: =SUM(L37:T37) -> 1173 | V37: 0 | W37: ='Oper Lease Adjust 4'!H84 -> 1457 | AE37: =SUM(V37:AD37) -> 1457 | AF37: 0 | AG37: ='Oper Lease Adjust 5'!H84 -> 1696 | AO37: =SUM(AF37:AN37) -> 1696 | AP37: 0 | AQ37: ='Oper Lease Adjust 6'!H84 -> 2054 | AY37: =SUM(AP37:AX37) -> 2054 | AZ37: =K37 -> 766 | BA37: =U37 -> 1173 | BB37: =AE37 -> 1457 | BC37: =AO37 -> 1696 | BD37: =AY37 -> 2054
A38: Bonds, net discount [or, plus premium] | B38: 0 | K38: =SUM(B38:J38) -> 0 | L38: 0 | U38: =SUM(L38:T38) -> 0 | V38: 0 | AE38: =SUM(V38:AD38) -> 0 | AO38: =SUM(AF38:AN38) -> 0 | AP38: 0 | AY38: =SUM(AP38:AX38) -> 0 | AZ38: =K38 -> 0 | BA38: =U38 -> 0 | BB38: =AE38 -> 0 | BC38: =AO38 -> 0 | BD38: =AY38 -> 0
A39: DIT liabilities–noncurrent | B39: 500 | K39: =SUM(B39:J39) -> 500 | L39: 485 | U39: =SUM(L39:T39) -> 485 | V39: 498 | AE39: =SUM(V39:AD39) -> 498 | AF39: 510 | AO39: =SUM(AF39:AN39) -> 510 | AP39: 540 | AY39: =SUM(AP39:AX39) -> 540 | AZ39: =K39 -> 500 | BA39: =U39 -> 485 | BB39: =AE39 -> 498 | BC39: =AO39 -> 510 | BD39: =AY39 -> 540
A40: Other noncurrent liabilities | B40: 319 | D40: 170 | K40: =SUM(B40:J40) -> 489 | L40: 341 | N40: 472 | U40: =SUM(L40:T40) -> 813 | V40: 349 | X40: 675 | AE40: =SUM(V40:AD40) -> 1024 | AF40: 372 | AH40: 283 | AO40: =SUM(AF40:AN40) -> 655 | AP40: 581 | AR40: 319 | AY40: =SUM(AP40:AX40) -> 900 | AZ40: =K40 -> 489 | BA40: =U40 -> 813 | BB40: =AE40 -> 1024 | BC40: =AO40 -> 655 | BD40: =AY40 -> 900
A41: Total noncurrent liabilities | B41: =SUM(B36:B40) -> 3960 | C41: =SUM(C36:C40) -> 766 | D41: =SUM(D36:D40) -> 170 | E41: =SUM(E36:E40) -> 0 | F41: =SUM(F36:F40) -> 0 | G41: =SUM(G36:G40) -> 0 | H41: =SUM(H36:H40) -> 0 | I41: =SUM(I36:I40) -> 0 | ... AY41: =SUM(AY36:AY40) -> 6289 | AZ41: =K41 -> 4896 | BA41: =U41 -> 5595 | BB41: =AE41 -> 6085 | BC41: =AO41 -> 5984 | BD41: =AY41 -> 6289
A42: Total liabilities | B42: =B35+B41 -> 6535 | C42: =C35+C41 -> 851 | D42: =D35+D41 -> 1443 | E42: =E35+E41 -> 0 | F42: =F35+F41 -> 0 | G42: =G35+G41 -> 0 | H42: =H35+H41 -> 0 | I42: =I35+I41 -> 0 | ... AY42: =AY35+AY41 -> 11047 | AZ42: =K42 -> 8829 | BA42: =U42 -> 9347 | BB42: =AE42 -> 10184 | BC42: =AO42 -> 10723 | BD42: =AY42 -> 11047
AZ43: =K43 -> 0 | BA43: =U43 -> 0 | BB43: =AE43 -> 0 | BC43: =AO43 -> 0 | BD43: =AY43 -> 0
A44: Preferred (or preference) stock | B44: 0 | K44: =SUM(B44:J44) -> 0 | L44: 0 | U44: =SUM(L44:T44) -> 0 | V44: 0 | AE44: =SUM(V44:AD44) -> 0 | AO44: =SUM(AF44:AN44) -> 0 | AP44: 0 | AY44: =SUM(AP44:AX44) -> 0 | AZ44: =K44 -> 0 | BA44: =U44 -> 0 | BB44: =AE44 -> 0 | BC44: =AO44 -> 0 | BD44: =AY44 -> 0
A45: Premium on preferred stock | B45: 0 | K45: =SUM(B45:J45) -> 0 | L45: 0 | U45: =SUM(L45:T45) -> 0 | V45: 0 | AE45: =SUM(V45:AD45) -> 0 | AO45: =SUM(AF45:AN45) -> 0 | AP45: 0 | AY45: =SUM(AP45:AX45) -> 0 | AZ45: =K45 -> 0 | BA45: =U45 -> 0 | BB45: =AE45 -> 0 | BC45: =AO45 -> 0 | BD45: =AY45 -> 0
A46: Common stock (par or stated value) | B46: 1484 | K46: =SUM(B46:J46) -> 1484 | L46: 1645 | U46: =SUM(L46:T46) -> 1645 | V46: 1827 | AE46: =SUM(V46:AD46) -> 1827 | AF46: 2338 | AO46: =SUM(AF46:AN46) -> 2338 | AP46: 2539 | AY46: =SUM(AP46:AX46) -> 2539 | AZ46: =K46 -> 1484 | BA46: =U46 -> 1645 | BB46: =AE46 -> 1827 | BC46: =AO46 -> 2338 | BD46: =AY46 -> 2539
A47: Additional paid-in capital (APIC) | B47: 0 | K47: =SUM(B47:J47) -> 0 | L47: 0 | U47: =SUM(L47:T47) -> 0 | V47: 0 | AE47: =SUM(V47:AD47) -> 0 | AO47: =SUM(AF47:AN47) -> 0 | AP47: 0 | AY47: =SUM(AP47:AX47) -> 0 | AZ47: =K47 -> 0 | BA47: =U47 -> 0 | BB47: =AE47 -> 0 | BC47: =AO47 -> 0 | BD47: =AY47 -> 0
A48: Less: Treasury stock | B48: 0 | K48: =SUM(B48:J48) -> 0 | L48: 0 | U48: =SUM(L48:T48) -> 0 | V48: 0 | AE48: =SUM(V48:AD48) -> 0 | AO48: =SUM(AF48:AN48) -> 0 | AP48: 0 | AY48: =SUM(AP48:AX48) -> 0 | AZ48: =K48 -> 0 | BA48: =U48 -> 0 | BB48: =AE48 -> 0 | BC48: =AO48 -> 0 | BD48: =AY48 -> 0
A49: Unearned stock-based compensation | B49: 0 | K49: =SUM(B49:J49) -> 0 | L49: 0 | U49: =SUM(L49:T49) -> 0 | V49: 0 | AE49: =SUM(V49:AD49) -> 0 | AO49: =SUM(AF49:AN49) -> 0 | AP49: 0 | AY49: =SUM(AP49:AX49) -> 0 | AZ49: =K49 -> 0 | BA49: =U49 -> 0 | BB49: =AE49 -> 0 | BC49: =AO49 -> 0 | BD49: =AY49 -> 0
A50: Retained earnings | B50: 517 | K50: =SUM(B50:J50) -> 517 | L50: 315 | U50: =SUM(L50:T50) -> 315 | V50: 292 | AE50: =SUM(V50:AD50) -> 292 | AF50: 166 | AO50: =SUM(AF50:AN50) -> 166 | AP50: -1610 | AY50: =SUM(AP50:AX50) -> -1610 | AZ50: =K50 -> 517 | BA50: =U50 -> 315 | BB50: =AE50 -> 292 | BC50: =AO50 -> 166 | BD50: =AY50 -> -1610
A51: Noncontrolling interest in consolid subsid | B51: 0 | K51: =SUM(B51:J51) -> 0 | L51: 0 | U51: =SUM(L51:T51) -> 0 | V51: 0 | AE51: =SUM(V51:AD51) -> 0 | AO51: =SUM(AF51:AN51) -> 0 | AP51: 0 | AY51: =SUM(AP51:AX51) -> 0 | AZ51: =K51 -> 0 | BA51: =U51 -> 0 | BB51: =AE51 -> 0 | BC51: =AO51 -> 0 | BD51: =AY51 -> 0
A52: Accum other comprehensive income (loss) | B52: -45 | K52: =SUM(B52:J52) -> -45 | L52: -47 | U52: =SUM(L52:T52) -> -47 | V52: -39 | AE52: =SUM(V52:AD52) -> -39 | AF52: -64 | AO52: =SUM(AF52:AN52) -> -64 | AP52: -58 | AY52: =SUM(AP52:AX52) -> -58 | AZ52: =K52 -> -45 | BA52: =U52 -> -47 | BB52: =AE52 -> -39 | BC52: =AO52 -> -64 | BD52: =AY52 -> -58
A53: Total stockholders' equity | B53: =SUM(B44:B52) -> 1956 | C53: =SUM(C44:C52) -> 0 | D53: =SUM(D44:D52) -> 0 | E53: =SUM(E44:E52) -> 0 | F53: =SUM(F44:F52) -> 0 | G53: =SUM(G44:G52) -> 0 | H53: =SUM(H44:H52) -> 0 | I53: =SUM(I44:I52) -> 0 | ... AY53: =SUM(AY44:AY52) -> 871 | AZ53: =K53 -> 1956 | BA53: =U53 -> 1913 | BB53: =AE53 -> 2080 | BC53: =AO53 -> 2440 | BD53: =AY53 -> 871
A54: Total liabilities and stockholders' equity | B54: =B42+B53 -> 8491 | C54: =C42+C53 -> 851 | D54: =D42+D53 -> 1443 | E54: =E42+E53 -> 0 | F54: =F42+F53 -> 0 | G54: =G42+G53 -> 0 | H54: =H42+H53 -> 0 | I54: =I42+I53 -> 0 | ... AY54: =AY42+AY53 -> 11918 | AZ54: =K54 -> 10785 | BA54: =U54 -> 11260 | BB54: =AE54 -> 12264 | BC54: =AO54 -> 13163 | BD54: =AY54 -> 11918
A56: CHECK: A – (L + E) (S/B -0-) | B56: =B23-B54 -> 0 | C56: =C23-C54 -> 0 | D56: =D23-D54 -> 0 | E56: =E23-E54 -> 0 | F56: =F23-F54 -> 0 | G56: =G23-G54 -> 0 | H56: =H23-H54 -> 0 | I56: =I23-I54 -> 0 | ... BD56: =BD23-BD54 -> 0
A58: Explanations for Analysis Adjustments
A59: (A) Capitalize operating lease commitments (see income statement for related adjustments)
A60: (B) Recognize obligations under noncancellable, fixed-price vendor supply agreements
A61: (C) See income statement for adjustment to Reverse allowance and fees related to sale of receivables
A62: (D) NOT USED
A63: (E) See income statement for adjustment to average cost-basis COS Inflation "holding" profits
A64: (F) See income statement for adjustments to reclassify financial elements of DB pension
A65: (G) See income statement for adjustment to recognize capitalized interest as financial expense
A66: (H) See income statement for adjustment to recast or eliminate asset impairment and restructuring charges

Sheet IS Analysis Adjustments
A1: INPUT US dollar amounts IN MILLIONS | B1: ='BS Analysis Adjustments'!B1 -> 2011 | L1: =B1+1 -> 2012 | V1: =L1+1 -> 2013 | AF1: =V1+1 -> 2014 | AP1: =AF1+1 -> 2015 | BE1: . | BF1: . | BG1: . | BH1: . | BI1: . | BJ1: . | BK1: . | BL1: . | BM1: . | BN1: . | BO1: . | BP1: . | BQ1: . | BR1: . | BS1: . | BT1: . | BU1: . | BV1: . | BW1: . | BX1: . | BY1: . | BZ1: .
B2: Audited | C2: Analysis Adjustment (See explanations below) | K2: Adjusted | L2: Audited | M2: Analysis Adjustment (See explanations below) | U2: Adjusted | V2: Audited | W2: Analysis Adjustment (See explanations below) | AE2: Adjusted | AF2: Audited | AG2: Analysis Adjustment (See explanations below) | AO2: Adjusted | AP2: Audited | AQ2: Analysis Adjustment (See explanations below) | AY2: Adjusted | AZ2: Adjusted balances (used for financial analysis)
B3: balance | C3: (A) | D3: (B) | E3: (C) | F3: (D) | G3: (E) | H3: (F) | I3: (G) | J3: (H) | K3: balance | L3: balance | M3: (A) | N3: (B) | O3: (C) | P3: (D) | Q3: (E) | R3: (F) | S3: (G) | T3: (H) | U3: balance | V3: balance | W3: (A) | X3: (B) | Y3: (C) | Z3: (D) | AA3: (E) | AB3: (F) | AC3: (G) | AD3: (H) | AE3: balance | AF3: balance | AG3: (A) | AH3: (B) | AI3: (C) | AJ3: (D) | AK3: (E) | AL3: (F) | AM3: (G) | AN3: (H) | AO3: balance | AP3: balance | AQ3: (A) | AR3: (B) | AS3: (C) | AT3: (D) | AU3: (E) | AV3: (F) | AW3: (G) | AX3: (H) | AY3: balance | AZ3: =B1 -> 2011 | BA3: =AZ3+1 -> 2012 | BB3: =BA3+1 -> 2013 | BC3: =BB3+1 -> 2014 | BD3: =BC3+1 -> 2015
A4: Sales, net returns and allowances | B4: 10877 | K4: =SUM(B4:J4) -> 10877 | L4: 12148 | U4: =SUM(L4:T4) -> 12148 | V4: 12540 | AE4: =SUM(V4:AD4) -> 12540 | AF4: 13506 | AO4: =SUM(AF4:AN4) -> 13506 | AP4: 14437 | AS4: -64 | AY4: =SUM(AP4:AX4) -> 14373 | AZ4: =K4 -> 10877 | BA4: =U4 -> 12148 | BB4: =AE4 -> 12540 | BC4: =AO4 -> 13506 | BD4: =AY4 -> 14373
A5: COS (LOCOM, retail average cost) | B5: 6592 | G5: 41 | K5: =SUM(B5:J5) -> 6633 | L5: 7432 | Q5: 83 | U5: =SUM(L5:T5) -> 7515 | V5: 7737 | AA5: 52 | AE5: =SUM(V5:AD5) -> 7789 | AF5: 8406 | AK5: 84 | AO5: =SUM(AF5:AN5) -> 8490 | AP5: 9168 | AU5: 125 | AY5: =SUM(AP5:AX5) -> 9293 | AZ5: =K5 -> 6633 | BA5: =U5 -> 7515 | BB5: =AE5 -> 7789 | BC5: =AO5 -> 8490 | BD5: =AY5 -> 9293
A6: Gross profit | B6: =B4-B5 -> 4285 | C6: =C4-C5 -> 0 | D6: =D4-D5 -> 0 | E6: =E4-E5 -> 0 | F6: =F4-F5 -> 0 | G6: =G4-G5 -> -41 | H6: =H4-H5 -> 0 | I6: =I4-I5 -> 0 | ... AY6: =AY4-AY5 -> 5080 | AZ6: =K6 -> 4244 | BA6: =U6 -> 4633 | BB6: =AE6 -> 4751 | BC6: =AO6 -> 5016 | BD6: =AY6 -> 5080
A7: Operating expenses
A8: SG&A expenses (excl D&A and advertising) | B8: 2537 | C8: =-'Oper Lease Adjust 1'!H97 -> -111 | H8: -7 | J8: -25 | K8: =SUM(B8:J8) -> 2394 | L8: 2781 | M8: =-'Oper Lease Adjust 2'!H97 -> -122 | R8: -7 | U8: =SUM(L8:T8) -> 2652 | V8: 2832 | W8: =-'Oper Lease Adjust 3'!H97 -> -153 | AB8: -7 | AE8: =SUM(V8:AD8) -> 2672 | AF8: 3074 | AG8: =-'Oper Lease Adjust 4'!H97 -> -177 | AL8: -8 | AO8: =SUM(AF8:AN8) -> 2889 | AP8: 3365 | AQ8: =-'Oper Lease Adjust 5'!H97 -> -210 | AS8: 32 | AV8: -7 | AX8: -59 | AY8: =SUM(AP8:AX8) -> 3121 | AZ8: =K8 -> 2394 | BA8: =U8 -> 2652 | BB8: =AE8 -> 2672 | BC8: =AO8 -> 2889 | BD8: =AY8 -> 3121
A9: R&D expense | B9: 0 | K9: =SUM(B9:J9) -> 0 | L9: 0 | U9: =SUM(L9:T9) -> 0 | V9: 0 | AE9: =SUM(V9:AD9) -> 0 | AF9: 0 | AO9: =SUM(AF9:AN9) -> 0 | AP9: 0 | AY9: =SUM(AP9:AX9) -> 0 | AZ9: =K9 -> 0 | BA9: =U9 -> 0 | BB9: =AE9 -> 0 | BC9: =AO9 -> 0 | BD9: =AY9 -> 0
A10: Advertising expense | B10: 128 | K10: =SUM(B10:J10) -> 128 | L10: 161 | U10: =SUM(L10:T10) -> 161 | V10: 167 | AE10: =SUM(V10:AD10) -> 167 | AF10: 195 | AO10: =SUM(AF10:AN10) -> 195 | AP10: 227 | AY10: =SUM(AP10:AX10) -> 227 | AZ10: =K10 -> 128 | BA10: =U10 -> 161 | BB10: =AE10 -> 167 | BC10: =AO10 -> 195 | BD10: =AY10 -> 227
A11: D&A | B11: 371 | C11: ='Oper Lease Adjust 1'!G95 -> 74 | K11: =SUM(B11:J11) -> 445 | L11: 429 | M11: ='Oper Lease Adjust 2'!G95 -> 77 | U11: =SUM(L11:T11) -> 506 | V11: 454 | W11: ='Oper Lease Adjust 3'!G95 -> 115 | AE11: =SUM(V11:AD11) -> 569 | AF11: 508 | AG11: ='Oper Lease Adjust 4'!G95 -> 142 | AO11: =SUM(AF11:AN11) -> 650 | AP11: 576 | AQ11: ='Oper Lease Adjust 5'!G95 -> 166 | AY11: =SUM(AP11:AX11) -> 742 | AZ11: =K11 -> 445 | BA11: =U11 -> 506 | BB11: =AE11 -> 569 | BC11: =AO11 -> 650 | BD11: =AY11 -> 742
A12: Other operating expenses (income) | B12: 0 | K12: =SUM(B12:J12) -> 0 | L12: 0 | U12: =SUM(L12:T12) -> 0 | V12: 0 | AE12: =SUM(V12:AD12) -> 0 | AF12: 0 | AO12: =SUM(AF12:AN12) -> 0 | AP12: 0 | AY12: =SUM(AP12:AX12) -> 0 | AZ12: =K12 -> 0 | BA12: =U12 -> 0 | BB12: =AE12 -> 0 | BC12: =AO12 -> 0 | BD12: =AY12 -> 0
A13: Total operating expenses | B13: =SUM(B8:B12) -> 3036 | C13: =SUM(C8:C12) -> -37 | D13: =SUM(D8:D12) -> 0 | E13: =SUM(E8:E12) -> 0 | F13: =SUM(F8:F12) -> 0 | G13: =SUM(G8:G12) -> 0 | H13: =SUM(H8:H12) -> -7 | I13: =SUM(I8:I12) -> 0 | ... AY13: =SUM(AY8:AY12) -> 4090 | AZ13: =K13 -> 2967 | BA13: =U13 -> 3319 | BB13: =AE13 -> 3408 | BC13: =AO13 -> 3734 | BD13: =AY13 -> 4090
A14: Operating income | B14: =B6-B13 -> 1249 | C14: =C6-C13 -> 37 | D14: =D6-D13 -> 0 | E14: =E6-E13 -> 0 | F14: =F6-F13 -> 0 | G14: =G6-G13 -> -41 | H14: =H6-H13 -> 7 | I14: =I6-I13 -> 0 | ... AY14: =AY6-AY13 -> 990 | AZ14: =K14 -> 1277 | BA14: =U14 -> 1314 | BB14: =AE14 -> 1343 | BC14: =AO14 -> 1282 | BD14: =AY14 -> 990
A15: Other income (expense)
A16: Interest expense, net of interest income | B16: -130 | C16: =-'Oper Lease Adjust 1'!G94 -> -36 | H16: -7 | I16: -7 | K16: =SUM(B16:J16) -> -180 | L16: -160 | M16: =-'Oper Lease Adjust 2'!G94 -> -37 | R16: -7 | S16: -5 | U16: =SUM(L16:T16) -> -209 | V16: -161 | W16: =-'Oper Lease Adjust 3'!G94 -> -56 | AB16: -7 | AC16: -14 | AE16: =SUM(V16:AD16) -> -238 | AF16: -138 | AG16: =-'Oper Lease Adjust 4'!G94 -> -69 | AL16: -8 | AM16: -17 | AO16: =SUM(AF16:AN16) -> -232 | AP16: -125 | AQ16: =-'Oper Lease Adjust 5'!G94 -> -80 | AV16: -7 | AW16: -28 | AY16: =SUM(AP16:AX16) -> -240 | AZ16: =K16 -> -180 | BA16: =U16 -> -209 | BB16: =AE16 -> -238 | BC16: =AO16 -> -232 | BD16: =AY16 -> -240
A17: Gain (loss) on spin-off of subsidiary | J17: 0 | K17: =SUM(B17:J17) -> 0 | L17: 0 | T17: 0 | U17: =SUM(L17:T17) -> 0 | V17: 0 | AD17: 0 | AE17: =SUM(V17:AD17) -> 0 | AF17: 0 | AN17: 0 | AO17: =SUM(AF17:AN17) -> 0 | AP17: 0 | AY17: =SUM(AP17:AX17) -> 0 | AZ17: =K17 -> 0 | BA17: =U17 -> 0 | BB17: =AE17 -> 0 | BC17: =AO17 -> 0 | BD17: =AY17 -> 0
A18: Gain (loss) on debt restruct/early extinguish | J18: 0 | K18: =SUM(B18:J18) -> 0 | L18: 0 | T18: 0 | U18: =SUM(L18:T18) -> 0 | V18: 0 | AD18: 0 | AE18: =SUM(V18:AD18) -> 0 | AF18: 0 | AN18: 0 | AO18: =SUM(AF18:AN18) -> 0 | AP18: 0 | AX18: 0 | AY18: =SUM(AP18:AX18) -> 0 | AZ18: =K18 -> 0 | BA18: =U18 -> 0 | BB18: =AE18 -> 0 | BC18: =AO18 -> 0 | BD18: =AY18 -> 0
A19: Gain (loss) on disposal of credit card receivables | J19: 0 | K19: =SUM(B19:J19) -> 0 | L19: 0 | T19: 0 | U19: =SUM(L19:T19) -> 0 | V19: 0 | AD19: 0 | AE19: =SUM(V19:AD19) -> 0 | AF19: 0 | AN19: 0 | AO19: =SUM(AF19:AN19) -> 0 | AP19: 0 | AX19: 0 | AY19: =SUM(AP19:AX19) -> 0 | AZ19: =K19 -> 0 | BA19: =U19 -> 0 | BB19: =AE19 -> 0 | BC19: =AO19 -> 0 | BD19: =AY19 -> 0
A20: Gain (loss) on disposal of PP&E | J20: 0 | K20: =SUM(B20:J20) -> 0 | L20: 0 | T20: 0 | U20: =SUM(L20:T20) -> 0 | V20: 0 | AD20: 0 | AE20: =SUM(V20:AD20) -> 0 | AF20: 0 | AN20: 0 | AO20: =SUM(AF20:AN20) -> 0 | AP20: 0 | AX20: 0 | AY20: =SUM(AP20:AX20) -> 0 | AZ20: =K20 -> 0 | BA20: =U20 -> 0 | BB20: =AE20 -> 0 | BC20: =AO20 -> 0 | BD20: =AY20 -> 0
A21: Impairment loss on PP&E | J21: 0 | K21: =SUM(B21:J21) -> 0 | L21: 0 | T21: 0 | U21: =SUM(L21:T21) -> 0 | V21: 0 | AD21: 0 | AE21: =SUM(V21:AD21) -> 0 | AF21: 0 | AN21: 0 | AO21: =SUM(AF21:AN21) -> 0 | AP21: 0 | AY21: =SUM(AP21:AX21) -> 0 | AZ21: =K21 -> 0 | BA21: =U21 -> 0 | BB21: =AE21 -> 0 | BC21: =AO21 -> 0 | BD21: =AY21 -> 0
A22: Impairment loss on goodwill | J22: 0 | K22: =SUM(B22:J22) -> 0 | L22: 0 | T22: 0 | U22: =SUM(L22:T22) -> 0 | V22: 0 | AD22: 0 | AE22: =SUM(V22:AD22) -> 0 | AF22: 0 | AN22: 0 | AO22: =SUM(AF22:AN22) -> 0 | AP22: 0 | AX22: 0 | AY22: =SUM(AP22:AX22) -> 0 | AZ22: =K22 -> 0 | BA22: =U22 -> 0 | BB22: =AE22 -> 0 | BC22: =AO22 -> 0 | BD22: =AY22 -> 0
A23: Impairment of other intangibles | K23: =SUM(B23:J23) -> 0 | L23: 0 | T23: 0 | U23: =SUM(L23:T23) -> 0 | V23: 0 | AD23: 0 | AE23: =SUM(V23:AD23) -> 0 | AF23: 0 | AN23: 0 | AO23: =SUM(AF23:AN23) -> 0 | AP23: 0 | AX23: 0 | AY23: =SUM(AP23:AX23) -> 0 | AZ23: =K23 -> 0 | BA23: =U23 -> 0 | BB23: =AE23 -> 0 | BC23: =AO23 -> 0 | BD23: =AY23 -> 0
A24: Restructuring charge | J24: 0 | K24: =SUM(B24:J24) -> 0 | L24: 0 | T24: 0 | U24: =SUM(L24:T24) -> 0 | V24: 0 | AD24: 0 | AE24: =SUM(V24:AD24) -> 0 | AF24: 0 | AN24: 0 | AO24: =SUM(AF24:AN24) -> 0 | AP24: 0 | AX24: 0 | AY24: =SUM(AP24:AX24) -> 0 | AZ24: =K24 -> 0 | BA24: =U24 -> 0 | BB24: =AE24 -> 0 | BC24: =AO24 -> 0 | BD24: =AY24 -> 0
A25: Total other income (expense) | B25: =SUM(B16:B24) -> -130 | C25: =SUM(C16:C24) -> -36 | D25: =SUM(D16:D24) -> 0 | E25: =SUM(E16:E24) -> 0 | F25: =SUM(F16:F24) -> 0 | G25: =SUM(G16:G24) -> 0 | H25: =SUM(H16:H24) -> -7 | I25: =SUM(I16:I24) -> -7 | ... AY25: =SUM(AY16:AY24) -> -240 | AZ25: =K25 -> -180 | BA25: =U25 -> -209 | BB25: =AE25 -> -238 | BC25: =AO25 -> -232 | BD25: =AY25 -> -240
A26: Income from cont. oper's before taxes | B26: =B14+B25 -> 1119 | C26: =C14+C25 -> 1 | D26: =D14+D25 -> 0 | E26: =E14+E25 -> 0 | F26: =F14+F25 -> 0 | G26: =G14+G25 -> -41 | H26: =H14+H25 -> 0 | I26: =I14+I25 -> -7 | ... AY26: =AY14+AY25 -> 750 | AZ26: =K26 -> 1097 | BA26: =U26 -> 1105 | BB26: =AE26 -> 1105 | BC26: =AO26 -> 1050 | BD26: =AY26 -> 750
A27: Taxes on income from continuing operations | B27: 436 | C27: =IF('Oper Lease Adjust 1'!G98>0,'Oper Lease Adjust 1'!G98,-'Oper Lease Adjust 1'!H98) -> 0 | D27: 0 | E27: 0 | F27: 0 | G27: -16 | H27: 0 | I27: -3 | J27: 10 | K27: =SUM(B27:J27) -> 427 | L27: 450 | M27: =IF('Oper Lease Adjust 2'!G98>0,'Oper Lease Adjust 2'!G98,-'Oper Lease Adjust 2'!H98) -> 3 | N27: 0 | O27: 0 | P27: 0 | Q27: -32 | R27: 0 | S27: -2 | T27: 0 | U27: =SUM(L27:T27) -> 419 | V27: 455 | W27: =IF('Oper Lease Adjust 3'!G98>0,'Oper Lease Adjust 3'!G98,-'Oper Lease Adjust 3'!H98) -> -7 | X27: 0 | Y27: 0 | Z27: 0 | AA27: -20 | AB27: 0 | AC27: -5 | AD27: 0 | AE27: =SUM(V27:AD27) -> 423 | AF27: 465 | AG27: =IF('Oper Lease Adjust 4'!G98>0,'Oper Lease Adjust 4'!G98,-'Oper Lease Adjust 4'!H98) -> -13 | AH27: 0 | AI27: 0 | AJ27: 0 | AK27: -33 | AL27: 0 | AM27: -7 | AN27: 0 | AO27: =SUM(AF27:AN27) -> 412 | AP27: 376 | AQ27: =IF('Oper Lease Adjust 5'!G98>0,'Oper Lease Adjust 5'!G98,-'Oper Lease Adjust 5'!H98) -> -14 | AR27: 0 | AS27: -37 | AT27: 0 | AU27: -48 | AV27: 0 | AW27: -11 | AX27: 23 | AY27: =SUM(AP27:AX27) -> 289 | AZ27: =K27 -> 427 | BA27: =U27 -> 419 | BB27: =AE27 -> 423 | BC27: =AO27 -> 412 | BD27: =AY27 -> 289
A28: Income from contin oper incl noncontrol int's | B28: =B26-B27 -> 683 | C28: =C26-C27 -> 1 | D28: =D26-D27 -> 0 | E28: =E26-E27 -> 0 | F28: =F26-F27 -> 0 | G28: =G26-G27 -> -25 | H28: =H26-H27 -> 0 | I28: =I26-I27 -> -4 | ... AY28: =AY26-AY27 -> 461 | AZ28: =K28 -> 670 | BA28: =U28 -> 686 | BB28: =AE28 -> 682 | BC28: =AO28 -> 638 | BD28: =AY28 -> 461
A29: Less: Income attrib to noncontrol interests | B29: 0 | C29: 0 | D29: 0 | E29: 0 | F29: 0 | G29: 0 | H29: 0 | I29: 0 | J29: 0 | K29: =SUM(B29:J29) -> 0 | L29: 0 | M29: 0 | N29: 0 | O29: 0 | P29: 0 | Q29: 0 | R29: 0 | S29: 0 | T29: 0 | U29: =SUM(L29:T29) -> 0 | V29: 0 | W29: 0 | X29: 0 | Y29: 0 | Z29: 0 | AA29: 0 | AB29: 0 | AC29: 0 | AD29: 0 | AE29: =SUM(V29:AD29) -> 0 | AF29: 0 | AG29: 0 | AH29: 0 | AI29: 0 | AJ29: 0 | AK29: 0 | AL29: 0 | AM29: 0 | AN29: 0 | AO29: =SUM(AF29:AN29) -> 0 | AP29: 0 | AQ29: 0 | AR29: 0 | AS29: 0 | AT29: 0 | AU29: 0 | AV29: 0 | AW29: 0 | AX29: 0 | AY29: =SUM(AP29:AX29) -> 0 | AZ29: =K29 -> 0 | BA29: =U29 -> 0 | BB29: =AE29 -> 0 | BC29: =AO29 -> 0 | BD29: =AY29 -> 0
A30: Income from continuing operations | B30: =B28-B29 -> 683 | C30: =C28-C29 -> 1 | D30: =D28-D29 -> 0 | E30: =E28-E29 -> 0 | F30: =F28-F29 -> 0 | G30: =G28-G29 -> -25 | H30: =H28-H29 -> 0 | I30: =I28-I29 -> -4 | ... AY30: =AY28-AY29 -> 461 | AZ30: =K30 -> 670 | BA30: =U30 -> 686 | BB30: =AE30 -> 682 | BC30: =AO30 -> 638 | BD30: =AY30 -> 461
A31: Gain (loss) on discont'd oper's, net of tax | B31: 0 | K31: Disregard | L31: 0 | U31: Disregard | V31: 0 | AE31: Disregard | AF31: 0 | AO31: Disregard | AP31: 0 | AY31: Disregard | AZ31: =B31 -> 0 | BA31: =L31 -> 0 | BB31: =V31 -> 0 | BC31: =AF31 -> 0 | BD31: =AP31 -> 0
A32: Income before extraordinary items | B32: =SUM(B30:B31) -> 683 | K32: Disregard | L32: =SUM(L30:L31) -> 735 | U32: Disregard | V32: =SUM(V30:V31) -> 734 | AE32: Disregard | AF32: =SUM(AF30:AF31) -> 720 | AO32: Disregard | AP32: =SUM(AP30:AP31) -> 600 | AY32: Disregard | AZ32: =SUM(AZ30:AZ31) -> 670 | BA32: =SUM(BA30:BA31) -> 686 | BB32: =SUM(BB30:BB31) -> 682 | BC32: =SUM(BC30:BC31) -> 638 | BD32: =SUM(BD30:BD31) -> 461
A33: Extraordinary gain (loss), net of tax | B33: 0 | K33: Disregard | L33: 0 | U33: Disregard | V33: 0 | AE33: Disregard | AF33: 0 | AO33: Disregard | AP33: 0 | AY33: Disregard | AZ33: =B33 -> 0 | BA33: =L33 -> 0 | BB33: =V33 -> 0 | BC33: =AF33 -> 0 | BD33: =AP33 -> 0
A34: Net income | B34: =SUM(B32:B33) -> 683 | K34: Disregard | L34: =SUM(L32:L33) -> 735 | U34: Disregard | V34: =SUM(V32:V33) -> 734 | AE34: Disregard | AF34: =SUM(AF32:AF33) -> 720 | AO34: Disregard | AP34: =SUM(AP32:AP33) -> 600 | AY34: Disregard | AZ34: =SUM(AZ32:AZ33) -> 670 | BA34: =SUM(BA32:BA33) -> 686 | BB34: =SUM(BB32:BB33) -> 682 | BC34: =SUM(BC32:BC33) -> 638 | BD34: =SUM(BD32:BD33) -> 461
A36: Before-tax amounts from above:
A37: Income from cont. oper's before taxes | B37: =B26 -> 1119 | C37: =C26 -> 1 | D37: =D26 -> 0 | E37: =E26 -> 0 | F37: =F26 -> 0 | G37: =G26 -> -41 | H37: =H26 -> 0 | I37: =I26 -> -7 | ... BD37: =BD26 -> 750
A38: Interest expense, net | B38: =B16 -> -130 | C38: =C16 -> -36 | D38: =D16 -> 0 | E38: =E16 -> 0 | F38: =F16 -> 0 | G38: =G16 -> 0 | H38: =H16 -> -7 | I38: =I16 -> -7 | ... BD38: =BD16 -> -240
A39: Operating profit before income taxes | B39: =B37-B38 -> 1249 | C39: =C37-C38 -> 37 | D39: =D37-D38 -> 0 | E39: =E37-E38 -> 0 | F39: =F37-F38 -> 0 | G39: =G37-G38 -> -41 | H39: =H37-H38 -> 7 | I39: =I37-I38 -> 0 | ... BD39: =BD37-BD38 -> 990
A43: Explanations for Analysis Adjustments
A44: (A) Capitalize operating lease commitments (see balance sheet for related adjustments)
A45: (B) See balance sheet for adjustment to recognize oblig's under noncancellable, fixed-price vendor supply agreements
A46: (C) Reverse allowance and fees related to sale of receivables (NO balance sheet adjustment required)
A47: (D) NOT USED
A48: (E) Adjust average cost-basis COS for "inflation (holding) profits" (NO balance sheet adjustment needed)
A49: (F) Reclassify financial elements of DB pension (NO balance sheet adjustment needed)
A50: (G) Recognize capitalized interest as financial expense (NO balance sheet adjustment needed)
A51: (H) Recast or eliminate asset impairment and restructuring charges, nonoperating gains and losses (NO balance sheet adjustment needed)
A52: (No tax effect included on analysis adjustments to spin-off gain, goodwill impairment loss, or other intangible asset impairment loss)

Sheet Common-size FS
P1: . | Q1: . | R1: . | S1: . | T1: . | U1: . | V1: . | W1: . | X1: . | Y1: . | Z1: .
A3: Consolidated BS–Common-size analysis
A8: (US dollars in millions) | B8: Fiscal year ended (after analysis adjustments) | I8: =B8 -> Fiscal year ended (after analysis adjustments) | O8: Analysis of changes in balance sheet mix, focusing on business or financial implications and relationship to other changes in balance sheet mix
B9: =C9-1 -> 2010 | C9: ='BS Analysis Adjustments'!AZ3 -> 2011 | D9: ='BS Analysis Adjustments'!BA3 -> 2012 | E9: ='BS Analysis Adjustments'!BB3 -> 2013 | F9: ='BS Analysis Adjustments'!BC3 -> 2014 | G9: ='BS Analysis Adjustments'!BD3 -> 2015 | I9: =B9 -> 2010 | J9: =C9 -> 2011 | K9: =D9 -> 2012 | L9: =E9 -> 2013 | M9: =F9 -> 2014 | N9: =G9 -> 2015
A10: ASSETS
A11: Current Assets
A12: ='BS Analysis Adjustments'!A6 -> Cash and cash equivalents | B12: 1506 | C12: ='BS Analysis Adjustments'!AZ6 -> 1877 | D12: ='BS Analysis Adjustments'!BA6 -> 1285 | E12: ='BS Analysis Adjustments'!BB6 -> 1194 | F12: ='BS Analysis Adjustments'!BC6 -> 827 | G12: ='BS Analysis Adjustments'!BD6 -> 595 | I12: =B12/B$29 -> 0.20182257 | J12: =C12/C$29 -> 0.17403802 | K12: =D12/D$29 -> 0.11412078 | L12: =E12/E$29 -> 0.097358121 | M12: =F12/F$29 -> 0.062827623 | N12: =G12/G$29 -> 0.049924484 | O12: Of course, you may use this cell to record your notes, but the facilitator will not grade them.)]
A13: ='BS Analysis Adjustments'!A7 -> Investment securities AFS | B13: 0 | C13: ='BS Analysis Adjustments'!AZ7 -> 0 | D13: ='BS Analysis Adjustments'!BA7 -> 0 | E13: ='BS Analysis Adjustments'!BB7 -> 0 | F13: ='BS Analysis Adjustments'!BC7 -> 0 | G13: ='BS Analysis Adjustments'!BD7 -> 0 | I13: =B13/B$29 -> 0 | J13: =C13/C$29 -> 0 | K13: =D13/D$29 -> 0 | L13: =E13/E$29 -> 0 | M13: =F13/F$29 -> 0 | N13: =G13/G$29 -> 0
A14: ='BS Analysis Adjustments'!A8 -> AR, gross | B14: 2171 | C14: ='BS Analysis Adjustments'!AZ8 -> 2148 | D14: ='BS Analysis Adjustments'!BA8 -> 2214 | E14: ='BS Analysis Adjustments'!BB8 -> 2257 | F14: ='BS Analysis Adjustments'!BC8 -> 2381 | G14: ='BS Analysis Adjustments'!BD8 -> 197 | I14: =B14/B$29 -> 0.29094077 | J14: =C14/C$29 -> 0.19916551 | K14: =D14/D$29 -> 0.19662522 | L14: =E14/E$29 -> 0.18403457 | M14: =F14/F$29 -> 0.18088582 | N14: =G14/G$29 -> 0.016529619
A15: ='BS Analysis Adjustments'!A9 -> Less: Allowance for bad debts | B15: -145 | C15: ='BS Analysis Adjustments'!AZ9 -> -115 | D15: ='BS Analysis Adjustments'!BA9 -> -85 | E15: ='BS Analysis Adjustments'!BB9 -> -80 | F15: ='BS Analysis Adjustments'!BC9 -> -75 | G15: ='BS Analysis Adjustments'!BD9 -> -1 | I15: =B15/B$29 -> -0.019431788 | J15: =C15/C$29 -> -0.010662958 | K15: =D15/D$29 -> -0.0075488455 | L15: =E15/E$29 -> -0.0065231572 | M15: =F15/F$29 -> -0.0056977893 | N15: =G15/G$29 -> -8.3906696e-05
A16: ='BS Analysis Adjustments'!A10 -> AR, net | B16: =SUM(B14:B15) -> 2026 | C16: =SUM(C14:C15) -> 2033 | D16: =SUM(D14:D15) -> 2129 | E16: =SUM(E14:E15) -> 2177 | F16: =SUM(F14:F15) -> 2306 | G16: =SUM(G14:G15) -> 196 | I16: =B16/B$29 -> 0.27150898 | J16: =C16/C$29 -> 0.18850255 | K16: =D16/D$29 -> 0.18907638 | L16: =E16/E$29 -> 0.17751142 | M16: =F16/F$29 -> 0.17518803 | N16: =G16/G$29 -> 0.016445712
A17: ='BS Analysis Adjustments'!A11 -> Inventory (LOCOM, retail average cost) | B17: 977 | C17: ='BS Analysis Adjustments'!AZ11 -> 1148 | D17: ='BS Analysis Adjustments'!BA11 -> 1360 | E17: ='BS Analysis Adjustments'!BB11 -> 1531 | F17: ='BS Analysis Adjustments'!BC11 -> 1733 | G17: ='BS Analysis Adjustments'!BD11 -> 1945 | I17: =B17/B$29 -> 0.13093005 | J17: =C17/C$29 -> 0.10644414 | K17: =D17/D$29 -> 0.12078153 | L17: =E17/E$29 -> 0.12483692 | M17: =F17/F$29 -> 0.13165692 | N17: =G17/G$29 -> 0.16319852
A18: ='BS Analysis Adjustments'!A12 -> DIT assets–current | B18: 236 | C18: ='BS Analysis Adjustments'!AZ12 -> 220 | D18: ='BS Analysis Adjustments'!BA12 -> 227 | E18: ='BS Analysis Adjustments'!BB12 -> 239 | F18: ='BS Analysis Adjustments'!BC12 -> 256 | G18: ='BS Analysis Adjustments'!BD12 -> 0 | I18: =B18/B$29 -> 0.03162691 | J18: =C18/C$29 -> 0.020398702 | K18: =D18/D$29 -> 0.020159858 | L18: =E18/E$29 -> 0.019487932 | M18: =F18/F$29 -> 0.019448454 | N18: =G18/G$29 -> 0
A19: ='BS Analysis Adjustments'!A13 -> Other current assets | B19: 79 | C19: ='BS Analysis Adjustments'!AZ13 -> 1555 | D19: ='BS Analysis Adjustments'!BA13 -> 1509 | E19: ='BS Analysis Adjustments'!BB13 -> 1537 | F19: ='BS Analysis Adjustments'!BC13 -> 1911 | G19: ='BS Analysis Adjustments'!BD13 -> 1969 | I19: =B19/B$29 -> 0.010586974 | J19: =C19/C$29 -> 0.14418173 | K19: =D19/D$29 -> 0.13401421 | L19: =E19/E$29 -> 0.12532616 | M19: =F19/F$29 -> 0.14517967 | N19: =G19/G$29 -> 0.16521228
A20: ='BS Analysis Adjustments'!A14 -> Total current assets | B20: =SUM(B12:B13,B16:B19) -> 4824 | C20: =SUM(C12:C13,C16:C19) -> 6833 | D20: =SUM(D12:D13,D16:D19) -> 6510 | E20: =SUM(E12:E13,E16:E19) -> 6678 | F20: =SUM(F12:F13,F16:F19) -> 7033 | G20: =SUM(G12:G13,G16:G19) -> 4705 | I20: =B20/B$29 -> 0.64647548 | J20: =C20/C$29 -> 0.63356514 | K20: =D20/D$29 -> 0.57815275 | L20: =E20/E$29 -> 0.54452055 | M20: =F20/F$29 -> 0.53430069 | N20: =G20/G$29 -> 0.394781
A22: ='BS Analysis Adjustments'!A16 -> PP&E, at cost | B22: 5838 | C22: ='BS Analysis Adjustments'!AZ16 -> 7111 | D22: ='BS Analysis Adjustments'!BA16 -> 7913 | E22: ='BS Analysis Adjustments'!BB16 -> 8909 | F22: ='BS Analysis Adjustments'!BC16 -> 9864 | G22: ='BS Analysis Adjustments'!BD16 -> 11053 | I22: =B22/B$29 -> 0.78236398 | J22: =C22/C$29 -> 0.65934168 | K22: =D22/D$29 -> 0.70275311 | L22: =E22/E$29 -> 0.72643509 | M22: =F22/F$29 -> 0.74937324 | N22: =G22/G$29 -> 0.92742071 | O22: [For the Week 1 assignment, replace this text with your analysis comments. (If this is the copy of workbook you are using to complete the group project, you are not required to provide analysis comments. Of course, you may use this cell to record your notes, but the facilitator will not grade them.)]
A23: ='BS Analysis Adjustments'!A17 -> Less: Accumulated depreciation of PP&E | B23: -3520 | C23: ='BS Analysis Adjustments'!AZ17 -> -3791 | D23: ='BS Analysis Adjustments'!BA17 -> -4064 | E23: ='BS Analysis Adjustments'!BB17 -> -4395 | F23: ='BS Analysis Adjustments'!BC17 -> -4698 | G23: ='BS Analysis Adjustments'!BD17 -> -5108 | I23: =B23/B$29 -> -0.4717234 | J23: =C23/C$29 -> -0.35150672 | K23: =D23/D$29 -> -0.36092362 | L23: =E23/E$29 -> -0.35836595 | M23: =F23/F$29 -> -0.35690952 | N23: =G23/G$29 -> -0.4285954
A24: ='BS Analysis Adjustments'!A18 -> PP&E, net | B24: =SUM(B22:B23) -> 2318 | C24: =SUM(C22:C23) -> 3320 | D24: =SUM(D22:D23) -> 3849 | E24: =SUM(E22:E23) -> 4514 | F24: =SUM(F22:F23) -> 5166 | G24: =SUM(G22:G23) -> 5945 | I24: =B24/B$29 -> 0.31064058 | J24: =C24/C$29 -> 0.30783496 | K24: =D24/D$29 -> 0.34182948 | L24: =E24/E$29 -> 0.36806915 | M24: =F24/F$29 -> 0.39246372 | N24: =G24/G$29 -> 0.49882531
A25: ='BS Analysis Adjustments'!A19 -> Goodwill, net impairment write-downs | B25: 53 | C25: ='BS Analysis Adjustments'!AZ19 -> 175 | D25: ='BS Analysis Adjustments'!BA19 -> 175 | E25: ='BS Analysis Adjustments'!BB19 -> 175 | F25: ='BS Analysis Adjustments'!BC19 -> 435 | G25: ='BS Analysis Adjustments'!BD19 -> 435 | I25: =B25/B$29 -> 0.0071026534 | J25: =C25/C$29 -> 0.01622624 | K25: =D25/D$29 -> 0.015541741 | L25: =E25/E$29 -> 0.014269406 | M25: =F25/F$29 -> 0.033047178 | N25: =G25/G$29 -> 0.036499413
A26: ='BS Analysis Adjustments'!A20 -> Other intangibles, net amort., impairment | B26: 0 | C26: ='BS Analysis Adjustments'!AZ20 -> 0 | D26: ='BS Analysis Adjustments'!BA20 -> 0 | E26: ='BS Analysis Adjustments'!BB20 -> 0 | F26: ='BS Analysis Adjustments'!BC20 -> 0 | G26: ='BS Analysis Adjustments'!BD20 -> 0 | I26: =B26/B$29 -> 0 | J26: =C26/C$29 -> 0 | K26: =D26/D$29 -> 0 | L26: =E26/E$29 -> 0 | M26: =F26/F$29 -> 0 | N26: =G26/G$29 -> 0
A27: ='BS Analysis Adjustments'!A21 -> DIT assets–noncurrent | B27: 0 | C27: ='BS Analysis Adjustments'!AZ21 -> 0 | D27: ='BS Analysis Adjustments'!BA21 -> 0 | E27: ='BS Analysis Adjustments'!BB21 -> 0 | F27: ='BS Analysis Adjustments'!BC21 -> 0 | G27: ='BS Analysis Adjustments'!BD21 -> 0 | I27: =B27/B$29 -> 0 | J27: =C27/C$29 -> 0 | K27: =D27/D$29 -> 0 | L27: =E27/E$29 -> 0 | M27: =F27/F$29 -> 0 | N27: =G27/G$29 -> 0
A28: ='BS Analysis Adjustments'!A22 -> Other noncurrent assets | B28: 267 | C28: ='BS Analysis Adjustments'!AZ22 -> 457 | D28: ='BS Analysis Adjustments'!BA22 -> 726 | E28: ='BS Analysis Adjustments'!BB22 -> 897 | F28: ='BS Analysis Adjustments'!BC22 -> 529 | G28: ='BS Analysis Adjustments'!BD22 -> 833 | I28: =B28/B$29 -> 0.035781292 | J28: =C28/C$29 -> 0.042373667 | K28: =D28/D$29 -> 0.064476021 | L28: =E28/E$29 -> 0.0731409 | M28: =F28/F$29 -> 0.040188407 | N28: =G28/G$29 -> 0.069894278
A29: ='BS Analysis Adjustments'!A23 -> Total assets | B29: =SUM(B20,B24:B28) -> 7462 | C29: =SUM(C20,C24:C28) -> 10785 | D29: =SUM(D20,D24:D28) -> 11260 | E29: =SUM(E20,E24:E28) -> 12264 | F29: =SUM(F20,F24:F28) -> 13163 | G29: =SUM(G20,G24:G28) -> 11918 | I29: =SUM(I20,I24:I28) -> 1 | J29: =SUM(J20,J24:J28) -> 1 | K29: =SUM(K20,K24:K28) -> 1 | L29: =SUM(L20,L24:L28) -> 1 | M29: =SUM(M20,M24:M28) -> 1 | N29: =SUM(N20,N24:N28) -> 1
A31: Consolidated BS–Common-size analysis
A32: (US dollars in millions) | B32: =B8 -> Fiscal year ended (after analysis adjustments) | I32: =I8 -> Fiscal year ended (after analysis adjustments)
B33: =B9 -> 2010 | C33: =C9 -> 2011 | D33: =D9 -> 2012 | E33: =E9 -> 2013 | F33: =F9 -> 2014 | G33: =G9 -> 2015 | I33: =I9 -> 2010 | J33: =J9 -> 2011 | K33: =K9 -> 2012 | L33: =L9 -> 2013 | M33: =M9 -> 2014 | N33: =N9 -> 2015
A34: LIABILITIES & STOCKHOLDERS' EQUITY
A35: Current Liabilities
A36: ='BS Analysis Adjustments'!A27 -> AP | B36: 846 | C36: ='BS Analysis Adjustments'!AZ27 -> 917 | D36: ='BS Analysis Adjustments'!BA27 -> 1011 | E36: ='BS Analysis Adjustments'!BB27 -> 1263 | F36: ='BS Analysis Adjustments'!BC27 -> 1328 | G36: ='BS Analysis Adjustments'!BD27 -> 1324 | I36: =B36/B$64 -> 0.11337443 | J36: =C36/C$64 -> 0.085025498 | K36: =D36/D$64 -> 0.089786856 | L36: =E36/E$64 -> 0.10298434 | M36: =F36/F$64 -> 0.10088886 | N36: =G36/G$64 -> 0.11109247 | O36: Purchase obligations average $1,492 for past 6 years. Cap Lease increase from opening stores? - Do we need to address the "other charges" listed on page 32..realestate, percentage of sales, etc? 2011 did not pay down debt as in other years.
A37: ='BS Analysis Adjustments'!A28 -> Accrued liabilities | B37: 375 | C37: ='BS Analysis Adjustments'!AZ28 -> 1661 | D37: ='BS Analysis Adjustments'!BA28 -> 1833 | E37: ='BS Analysis Adjustments'!BB28 -> 1845 | F37: ='BS Analysis Adjustments'!BC28 -> 2225 | G37: ='BS Analysis Adjustments'!BD28 -> 2107 | I37: =B37/B$64 -> 0.050254623 | J37: =C37/C$64 -> 0.1540102 | K37: =D37/D$64 -> 0.16278863 | L37: =E37/E$64 -> 0.15044031 | M37: =F37/F$64 -> 0.16903441 | N37: =G37/G$64 -> 0.17679141
A38: ='BS Analysis Adjustments'!A29 -> Income taxes payable | B38: 0 | C38: ='BS Analysis Adjustments'!AZ29 -> 0 | D38: ='BS Analysis Adjustments'!BA29 -> 0 | E38: ='BS Analysis Adjustments'!BB29 -> 0 | F38: ='BS Analysis Adjustments'!BC29 -> 0 | G38: ='BS Analysis Adjustments'!BD29 -> 0 | I38: =B38/B$64 -> 0 | J38: =C38/C$64 -> 0 | K38: =D38/D$64 -> 0 | L38: =E38/E$64 -> 0 | M38: =F38/F$64 -> 0 | N38: =G38/G$64 -> 0
A39: ='BS Analysis Adjustments'!A30 -> DIT liabilities–current | B39: 0 | C39: ='BS Analysis Adjustments'!AZ30 -> 0 | D39: ='BS Analysis Adjustments'!BA30 -> 0 | E39: ='BS Analysis Adjustments'!BB30 -> 0 | F39: ='BS Analysis Adjustments'!BC30 -> 0 | G39: ='BS Analysis Adjustments'!BD30 -> 0 | I39: =B39/B$64 -> 0 | J39: =C39/C$64 -> 0 | K39: =D39/D$64 -> 0 | L39: =E39/E$64 -> 0 | M39: =F39/F$64 -> 0 | N39: =G39/G$64 -> 0
A40: ='BS Analysis Adjustments'!A31 -> Capital lease obligation–current portion | B40: 0 | C40: ='BS Analysis Adjustments'!AZ31 -> 85 | D40: ='BS Analysis Adjustments'!BA31 -> 97 | E40: ='BS Analysis Adjustments'!BB31 -> 108 | F40: ='BS Analysis Adjustments'!BC31 -> 130 | G40: ='BS Analysis Adjustments'!BD31 -> 156 | I40: =B40/B$64 -> 0 | J40: =C40/C$64 -> 0.0078813166 | K40: =D40/D$64 -> 0.0086145648 | L40: =E40/E$64 -> 0.0088062622 | M40: =F40/F$64 -> 0.009876168 | N40: =G40/G$64 -> 0.013089445
A41: ='BS Analysis Adjustments'!A32 -> Bonds–current portion | B41: 0 | C41: ='BS Analysis Adjustments'!AZ32 -> 0 | D41: ='BS Analysis Adjustments'!BA32 -> 0 | E41: ='BS Analysis Adjustments'!BB32 -> 0 | F41: ='BS Analysis Adjustments'!BC32 -> 0 | G41: ='BS Analysis Adjustments'!BD32 -> 0 | I41: =B41/B$64 -> 0 | J41: =C41/C$64 -> 0 | K41: =D41/D$64 -> 0 | L41: =E41/E$64 -> 0 | M41: =F41/F$64 -> 0 | N41: =G41/G$64 -> 0
A42: ='BS Analysis Adjustments'!A33 -> Notes and loans payable–current | B42: 6 | C42: ='BS Analysis Adjustments'!AZ33 -> 506 | D42: ='BS Analysis Adjustments'!BA33 -> 7 | E42: ='BS Analysis Adjustments'!BB33 -> 7 | F42: ='BS Analysis Adjustments'!BC33 -> 8 | G42: ='BS Analysis Adjustments'!BD33 -> 10 | I42: =B42/B$64 -> 0.00080407397 | J42: =C42/C$64 -> 0.046917014 | K42: =D42/D$64 -> 0.00062166963 | L42: =E42/E$64 -> 0.00057077626 | M42: =F42/F$64 -> 0.00060776419 | N42: =G42/G$64 -> 0.00083906696
A43: ='BS Analysis Adjustments'!A34 -> Other current liabilities | B43: 652 | C43: ='BS Analysis Adjustments'!AZ34 -> 764 | D43: ='BS Analysis Adjustments'!BA34 -> 804 | E43: ='BS Analysis Adjustments'!BB34 -> 876 | F43: ='BS Analysis Adjustments'!BC34 -> 1048 | G43: ='BS Analysis Adjustments'!BD34 -> 1161 | I43: =B43/B$64 -> 0.087376039 | J43: =C43/C$64 -> 0.070839128 | K43: =D43/D$64 -> 0.071403197 | L43: =E43/E$64 -> 0.071428571 | M43: =F43/F$64 -> 0.079617109 | N43: =G43/G$64 -> 0.097415674
A44: ='BS Analysis Adjustments'!A35 -> Total current liabilities | B44: =SUM(B36:B43) -> 1879 | C44: =SUM(C36:C43) -> 3933 | D44: =SUM(D36:D43) -> 3752 | E44: =SUM(E36:E43) -> 4099 | F44: =SUM(F36:F43) -> 4739 | G44: =SUM(G36:G43) -> 4758 | I44: =SUM(I36:I43) -> 0.25180917 | J44: =SUM(J36:J43) -> 0.36467316 | K44: =SUM(K36:K43) -> 0.33321492 | L44: =SUM(L36:L43) -> 0.33423027 | M44: =SUM(M36:M43) -> 0.36002431 | N44: =SUM(N36:N43) -> 0.39922806
A45: ='BS Analysis Adjustments'!A36 -> Notes and loans payable–noncurrent | B45: 2775 | C45: ='BS Analysis Adjustments'!AZ36 -> 3141 | D45: ='BS Analysis Adjustments'!BA36 -> 3124 | E45: ='BS Analysis Adjustments'!BB36 -> 3106 | F45: ='BS Analysis Adjustments'!BC36 -> 3123 | G45: ='BS Analysis Adjustments'!BD36 -> 2795 | I45: =B45/B$64 -> 0.37188421 | J45: =C45/C$64 -> 0.29123783 | K45: =D45/D$64 -> 0.27744227 | L45: =E45/E$64 -> 0.25326158 | M45: =F45/F$64 -> 0.23725594 | N45: =G45/G$64 -> 0.23451921 | O45: [For the Week 1 assignment, replace this text with your analysis comments. (If this is the copy of workbook you are using to complete the group project, you are not required to provide analysis comments. Of course, you may use this cell to record your notes, but the facilitator will not grade them.)]
A46: ='BS Analysis Adjustments'!A37 -> Capital lease obligation–noncurrent | B46: 0 | C46: ='BS Analysis Adjustments'!AZ37 -> 766 | D46: ='BS Analysis Adjustments'!BA37 -> 1173 | E46: ='BS Analysis Adjustments'!BB37 -> 1457 | F46: ='BS Analysis Adjustments'!BC37 -> 1696 | G46: ='BS Analysis Adjustments'!BD37 -> 2054 | I46: =B46/B$64 -> 0 | J46: =C46/C$64 -> 0.071024571 | K46: =D46/D$64 -> 0.10417407 | L46: =E46/E$64 -> 0.118803 | M46: =F46/F$64 -> 0.12884601 | N46: =G46/G$64 -> 0.17234435
A47: ='BS Analysis Adjustments'!A38 -> Bonds, net discount [or, plus premium] | B47: 0 | C47: ='BS Analysis Adjustments'!AZ38 -> 0 | D47: ='BS Analysis Adjustments'!BA38 -> 0 | E47: ='BS Analysis Adjustments'!BB38 -> 0 | F47: ='BS Analysis Adjustments'!BC38 -> 0 | G47: ='BS Analysis Adjustments'!BD38 -> 0 | I47: =B47/B$64 -> 0 | J47: =C47/C$64 -> 0 | K47: =D47/D$64 -> 0 | L47: =E47/E$64 -> 0 | M47: =F47/F$64 -> 0 | N47: =G47/G$64 -> 0
A48: ='BS Analysis Adjustments'!A39 -> DIT liabilities–noncurrent | B48: 495 | C48: ='BS Analysis Adjustments'!AZ39 -> 500 | D48: ='BS Analysis Adjustments'!BA39 -> 485 | E48: ='BS Analysis Adjustments'!BB39 -> 498 | F48: ='BS Analysis Adjustments'!BC39 -> 510 | G48: ='BS Analysis Adjustments'!BD39 -> 540 | I48: =B48/B$64 -> 0.066336103 | J48: =C48/C$64 -> 0.046360686 | K48: =D48/D$64 -> 0.043072824 | L48: =E48/E$64 -> 0.040606654 | M48: =F48/F$64 -> 0.038744967 | N48: =G48/G$64 -> 0.045309616
A49: ='BS Analysis Adjustments'!A40 -> Other noncurrent liabilities | B49: 292 | C49: ='BS Analysis Adjustments'!AZ40 -> 489 | D49: ='BS Analysis Adjustments'!BA40 -> 813 | E49: ='BS Analysis Adjustments'!BB40 -> 1024 | F49: ='BS Analysis Adjustments'!BC40 -> 655 | G49: ='BS Analysis Adjustments'!BD40 -> 900 | I49: =B49/B$64 -> 0.0391316 | J49: =C49/C$64 -> 0.045340751 | K49: =D49/D$64 -> 0.072202487 | L49: =E49/E$64 -> 0.083496412 | M49: =F49/F$64 -> 0.049760693 | N49: =G49/G$64 -> 0.075516026
A50: ='BS Analysis Adjustments'!A41 -> Total noncurrent liabilities | B50: =SUM(B45:B49) -> 3562 | C50: =SUM(C45:C49) -> 4896 | D50: =SUM(D45:D49) -> 5595 | E50: =SUM(E45:E49) -> 6085 | F50: =SUM(F45:F49) -> 5984 | G50: =SUM(G45:G49) -> 6289 | I50: =SUM(I45:I49) -> 0.47735192 | J50: =SUM(J45:J49) -> 0.45396384 | K50: =SUM(K45:K49) -> 0.49689165 | L50: =SUM(L45:L49) -> 0.49616765 | M50: =SUM(M45:M49) -> 0.45460761 | N50: =SUM(N45:N49) -> 0.52768921
A51: ='BS Analysis Adjustments'!A42 -> Total liabilities | B51: =B44+B50 -> 5441 | C51: =C44+C50 -> 8829 | D51: =D44+D50 -> 9347 | E51: =E44+E50 -> 10184 | F51: =F44+F50 -> 10723 | G51: =G44+G50 -> 11047 | I51: =I44+I50 -> 0.72916108 | J51: =J44+J50 -> 0.818637 | K51: =K44+K50 -> 0.83010657 | L51: =L44+L50 -> 0.83039791 | M51: =M44+M50 -> 0.81463192 | N51: =N44+N50 -> 0.92691727
A53: Shareholders' Equity
A54: ='BS Analysis Adjustments'!A44 -> Preferred (or preference) stock | B54: 0 | C54: ='BS Analysis Adjustments'!AZ44 -> 0 | D54: ='BS Analysis Adjustments'!BA44 -> 0 | E54: ='BS Analysis Adjustments'!BB44 -> 0 | F54: ='BS Analysis Adjustments'!BC44 -> 0 | G54: ='BS Analysis Adjustments'!BD44 -> 0 | I54: =B54/B$64 -> 0 | J54: =C54/C$64 -> 0 | K54: =D54/D$64 -> 0 | L54: =E54/E$64 -> 0 | M54: =F54/F$64 -> 0 | N54: =G54/G$64 -> 0 | O54: Retained Earnings - Cash Dividends including the special $4.85 per share from sale of credit cards.
A55: ='BS Analysis Adjustments'!A45 -> Premium on preferred stock | B55: 0 | C55: ='BS Analysis Adjustments'!AZ45 -> 0 | D55: ='BS Analysis Adjustments'!BA45 -> 0 | E55: ='BS Analysis Adjustments'!BB45 -> 0 | F55: ='BS Analysis Adjustments'!BC45 -> 0 | G55: ='BS Analysis Adjustments'!BD45 -> 0 | I55: =B55/B$64 -> 0 | J55: =C55/C$64 -> 0 | K55: =D55/D$64 -> 0 | L55: =E55/E$64 -> 0 | M55: =F55/F$64 -> 0 | N55: =G55/G$64 -> 0
A56: ='BS Analysis Adjustments'!A46 -> Common stock (par or stated value) | B56: 1168 | C56: ='BS Analysis Adjustments'!AZ46 -> 1484 | D56: ='BS Analysis Adjustments'!BA46 -> 1645 | E56: ='BS Analysis Adjustments'!BB46 -> 1827 | F56: ='BS Analysis Adjustments'!BC46 -> 2338 | G56: ='BS Analysis Adjustments'!BD46 -> 2539 | I56: =B56/B$64 -> 0.1565264 | J56: =C56/C$64 -> 0.13759852 | K56: =D56/D$64 -> 0.14609236 | L56: =E56/E$64 -> 0.1489726 | M56: =F56/F$64 -> 0.17761908 | N56: =G56/G$64 -> 0.2130391
A57: ='BS Analysis Adjustments'!A47 -> Additional paid-in capital (APIC) | B57: 0 | C57: ='BS Analysis Adjustments'!AZ47 -> 0 | D57: ='BS Analysis Adjustments'!BA47 -> 0 | E57: ='BS Analysis Adjustments'!BB47 -> 0 | F57: ='BS Analysis Adjustments'!BC47 -> 0 | G57: ='BS Analysis Adjustments'!BD47 -> 0 | I57: =B57/B$64 -> 0 | J57: =C57/C$64 -> 0 | K57: =D57/D$64 -> 0 | L57: =E57/E$64 -> 0 | M57: =F57/F$64 -> 0 | N57: =G57/G$64 -> 0
A58: ='BS Analysis Adjustments'!A48 -> Less: Treasury stock | B58: 0 | C58: ='BS Analysis Adjustments'!AZ48 -> 0 | D58: ='BS Analysis Adjustments'!BA48 -> 0 | E58: ='BS Analysis Adjustments'!BB48 -> 0 | F58: ='BS Analysis Adjustments'!BC48 -> 0 | G58: ='BS Analysis Adjustments'!BD48 -> 0 | I58: =B58/B$64 -> 0 | J58: =C58/C$64 -> 0 | K58: =D58/D$64 -> 0 | L58: =E58/E$64 -> 0 | M58: =F58/F$64 -> 0 | N58: =G58/G$64 -> 0
A59: ='BS Analysis Adjustments'!A49 -> Unearned stock-based compensation | B59: 0 | C59: ='BS Analysis Adjustments'!AZ49 -> 0 | D59: ='BS Analysis Adjustments'!BA49 -> 0 | E59: ='BS Analysis Adjustments'!BB49 -> 0 | F59: ='BS Analysis Adjustments'!BC49 -> 0 | G59: ='BS Analysis Adjustments'!BD49 -> 0 | I59: =B59/B$64 -> 0 | J59: =C59/C$64 -> 0 | K59: =D59/D$64 -> 0 | L59: =E59/E$64 -> 0 | M59: =F59/F$64 -> 0 | N59: =G59/G$64 -> 0
A60: ='BS Analysis Adjustments'!A50 -> Retained earnings | B60: 882 | C60: ='BS Analysis Adjustments'!AZ50 -> 517 | D60: ='BS Analysis Adjustments'!BA50 -> 315 | E60: ='BS Analysis Adjustments'!BB50 -> 292 | F60: ='BS Analysis Adjustments'!BC50 -> 166 | G60: ='BS Analysis Adjustments'!BD50 -> -1610 | I60: =B60/B$64 -> 0.11819887 | J60: =C60/C$64 -> 0.047936949 | K60: =D60/D$64 -> 0.027975133 | L60: =E60/E$64 -> 0.023809524 | M60: =F60/F$64 -> 0.012611107 | N60: =G60/G$64 -> -0.13508978
A61: ='BS Analysis Adjustments'!A51 -> Noncontrolling interest in consolid subsid | B61: 0 | C61: ='BS Analysis Adjustments'!AZ51 -> 0 | D61: ='BS Analysis Adjustments'!BA51 -> 0 | E61: ='BS Analysis Adjustments'!BB51 -> 0 | F61: ='BS Analysis Adjustments'!BC51 -> 0 | G61: ='BS Analysis Adjustments'!BD51 -> 0 | I61: =B61/B$64 -> 0 | J61: =C61/C$64 -> 0 | K61: =D61/D$64 -> 0 | L61: =E61/E$64 -> 0 | M61: =F61/F$64 -> 0 | N61: =G61/G$64 -> 0
A62: ='BS Analysis Adjustments'!A52 -> Accum other comprehensive income (loss) | B62: -29 | C62: ='BS Analysis Adjustments'!AZ52 -> -45 | D62: ='BS Analysis Adjustments'!BA52 -> -47 | E62: ='BS Analysis Adjustments'!BB52 -> -39 | F62: ='BS Analysis Adjustments'!BC52 -> -64 | G62: ='BS Analysis Adjustments'!BD52 -> -58 | I62: =B62/B$64 -> -0.0038863575 | J62: =C62/C$64 -> -0.0041724618 | K62: =D62/D$64 -> -0.0041740675 | L62: =E62/E$64 -> -0.0031800391 | M62: =F62/F$64 -> -0.0048621135 | N62: =G62/G$64 -> -0.0048665884
A63: ='BS Analysis Adjustments'!A53 -> Total stockholders' equity | B63: =SUM(B54:B62) -> 2021 | C63: =SUM(C54:C62) -> 1956 | D63: =SUM(D54:D62) -> 1913 | E63: =SUM(E54:E62) -> 2080 | F63: =SUM(F54:F62) -> 2440 | G63: =SUM(G54:G62) -> 871 | I63: =SUM(I54:I62) -> 0.27083892 | J63: =SUM(J54:J62) -> 0.181363 | K63: =SUM(K54:K62) -> 0.16989343 | L63: =SUM(L54:L62) -> 0.16960209 | M63: =SUM(M54:M62) -> 0.18536808 | N63: =SUM(N54:N62) -> 0.073082732
A64: ='BS Analysis Adjustments'!A54 -> Total liabilities and stockholders' equity | B64: =B51+B63 -> 7462 | C64: =C51+C63 -> 10785 | D64: =D51+D63 -> 11260 | E64: =E51+E63 -> 12264 | F64: =F51+F63 -> 13163 | G64: =G51+G63 -> 11918 | I64: =I51+I63 -> 1 | J64: =J51+J63 -> 1 | K64: =K51+K63 -> 1 | L64: =L51+L63 -> 1 | M64: =M51+M63 -> 1 | N64: =N51+N63 -> 1
A66: Common shares outstanding (in millions) | B66: 217.7 | C66: 218 | D66: 207.6 | E66: 197 | F66: 191.2 | G66: 190.1
A68: Consolidated IS–Common-size analysis
A69: (US dollars in millions, except per share amounts) | B69: =B8 -> Fiscal year ended (after analysis adjustments) | I69: =I8 -> Fiscal year ended (after analysis adjustments) | O69: Analysis of common-size oper. income trend, focusing on business or financial implications and relationship to common-size gross profit and oper. exp. trends
B70: =B9 -> 2010 | C70: =C9 -> 2011 | D70: =D9 -> 2012 | E70: =E9 -> 2013 | F70: =F9 -> 2014 | G70: =G9 -> 2015 | I70: =I9 -> 2010 | J70: =J9 -> 2011 | K70: =K9 -> 2012 | L70: =L9 -> 2013 | M70: =M9 -> 2014 | N70: =N9 -> 2015
A71: ='IS Analysis Adjustments'!A4 -> Sales, net returns and allowances | B71: 9700 | C71: ='IS Analysis Adjustments'!AZ4 -> 10877 | D71: ='IS Analysis Adjustments'!BA4 -> 12148 | E71: ='IS Analysis Adjustments'!BB4 -> 12540 | F71: ='IS Analysis Adjustments'!BC4 -> 13506 | G71: ='IS Analysis Adjustments'!BD4 -> 14373 | I71: 1 | J71: 1 | K71: 1 | L71: 1 | M71: 1 | N71: 1 | O71: Increase COS as a percent of sales - increased markdowns from lower than planed sales. p. 20
A72: ='IS Analysis Adjustments'!A5 -> COS (LOCOM, retail average cost) | B72: 5897 | C72: ='IS Analysis Adjustments'!AZ5 -> 6633 | D72: ='IS Analysis Adjustments'!BA5 -> 7515 | E72: ='IS Analysis Adjustments'!BB5 -> 7789 | F72: ='IS Analysis Adjustments'!BC5 -> 8490 | G72: ='IS Analysis Adjustments'!BD5 -> 9293 | I72: =B72/B$71 -> 0.60793814 | J72: =C72/C$71 -> 0.60981888 | K72: =D72/D$71 -> 0.61862035 | L72: =E72/E$71 -> 0.62113238 | M72: =F72/F$71 -> 0.62860951 | N72: =G72/G$71 -> 0.64655952
A73: ='IS Analysis Adjustments'!A6 -> Gross profit | B73: =B71-B72 -> 3803 | C73: =C71-C72 -> 4244 | D73: =D71-D72 -> 4633 | E73: =E71-E72 -> 4751 | F73: =F71-F72 -> 5016 | G73: =G71-G72 -> 5080 | I73: =B73/B$71 -> 0.39206186 | J73: =C73/C$71 -> 0.39018112 | K73: =D73/D$71 -> 0.38137965 | L73: =E73/E$71 -> 0.37886762 | M73: =F73/F$71 -> 0.37139049 | N73: =G73/G$71 -> 0.35344048
A74: ='IS Analysis Adjustments'!A7 -> Operating expenses
A75: ='IS Analysis Adjustments'!A8 -> SG&A expenses (excl D&A and advertising) | B75: 2244 | C75: ='IS Analysis Adjustments'!AZ8 -> 2394 | D75: ='IS Analysis Adjustments'!BA8 -> 2652 | E75: ='IS Analysis Adjustments'!BB8 -> 2672 | F75: ='IS Analysis Adjustments'!BC8 -> 2889 | G75: ='IS Analysis Adjustments'!BD8 -> 3121 | I75: =B75/B$71 -> 0.23134021 | J75: =C75/C$71 -> 0.22009745 | K75: =D75/D$71 -> 0.21830754 | L75: =E75/E$71 -> 0.21307815 | M75: =F75/F$71 -> 0.21390493 | N75: =G75/G$71 -> 0.21714325
A76: ='IS Analysis Adjustments'!A9 -> R&D expense | B76: 0 | C76: ='IS Analysis Adjustments'!AZ9 -> 0 | D76: ='IS Analysis Adjustments'!BA9 -> 0 | E76: ='IS Analysis Adjustments'!BB9 -> 0 | F76: ='IS Analysis Adjustments'!BC9 -> 0 | G76: ='IS Analysis Adjustments'!BD9 -> 0 | I76: =B76/B$71 -> 0 | J76: =C76/C$71 -> 0 | K76: =D76/D$71 -> 0 | L76: =E76/E$71 -> 0 | M76: =F76/F$71 -> 0 | N76: =G76/G$71 -> 0
A77: ='IS Analysis Adjustments'!A10 -> Advertising expense | B77: 114 | C77: ='IS Analysis Adjustments'!AZ10 -> 128 | D77: ='IS Analysis Adjustments'!BA10 -> 161 | E77: ='IS Analysis Adjustments'!BB10 -> 167 | F77: ='IS Analysis Adjustments'!BC10 -> 195 | G77: ='IS Analysis Adjustments'!BD10 -> 227 | I77: =B77/B$71 -> 0.011752577 | J77: =C77/C$71 -> 0.011767951 | K77: =D77/D$71 -> 0.01325321 | L77: =E77/E$71 -> 0.013317384 | M77: =F77/F$71 -> 0.014438028 | N77: =G77/G$71 -> 0.015793502
A78: ='IS Analysis Adjustments'!A11 -> D&A | B78: 327 | C78: ='IS Analysis Adjustments'!AZ11 -> 445 | D78: ='IS Analysis Adjustments'!BA11 -> 506 | E78: ='IS Analysis Adjustments'!BB11 -> 569 | F78: ='IS Analysis Adjustments'!BC11 -> 650 | G78: ='IS Analysis Adjustments'!BD11 -> 742 | I78: =B78/B$71 -> 0.03371134 | J78: =C78/C$71 -> 0.040912016 | K78: =D78/D$71 -> 0.041652947 | L78: =E78/E$71 -> 0.045374801 | M78: =F78/F$71 -> 0.048126758 | N78: =G78/G$71 -> 0.051624574
A79: ='IS Analysis Adjustments'!A12 -> Other operating expenses (income) | B79: 0 | C79: ='IS Analysis Adjustments'!AZ12 -> 0 | D79: ='IS Analysis Adjustments'!BA12 -> 0 | E79: ='IS Analysis Adjustments'!BB12 -> 0 | F79: ='IS Analysis Adjustments'!BC12 -> 0 | G79: ='IS Analysis Adjustments'!BD12 -> 0 | I79: =B79/B$71 -> 0 | J79: =C79/C$71 -> 0 | K79: =D79/D$71 -> 0 | L79: =E79/E$71 -> 0 | M79: =F79/F$71 -> 0 | N79: =G79/G$71 -> 0
A80: ='IS Analysis Adjustments'!A13 -> Total operating expenses | B80: =SUM(B75:B79) -> 2685 | C80: =SUM(C75:C79) -> 2967 | D80: =SUM(D75:D79) -> 3319 | E80: =SUM(E75:E79) -> 3408 | F80: =SUM(F75:F79) -> 3734 | G80: =SUM(G75:G79) -> 4090 | I80: =B80/B$71 -> 0.27680412 | J80: =C80/C$71 -> 0.27277742 | K80: =D80/D$71 -> 0.2732137 | L80: =E80/E$71 -> 0.27177033 | M80: =F80/F$71 -> 0.27646972 | N80: =G80/G$71 -> 0.28456133
A81: ='IS Analysis Adjustments'!A14 -> Operating income | B81: =B73-B80 -> 1118 | C81: =C73-C80 -> 1277 | D81: =D73-D80 -> 1314 | E81: =E73-E80 -> 1343 | F81: =F73-F80 -> 1282 | G81: =G73-G80 -> 990 | I81: =B81/B$71 -> 0.11525773 | J81: =C81/C$71 -> 0.1174037 | K81: =D81/D$71 -> 0.10816595 | L81: =E81/E$71 -> 0.10709729 | M81: =F81/F$71 -> 0.094920776 | N81: =G81/G$71 -> 0.068879148
A82: ='IS Analysis Adjustments'!A15 -> Other income (expense)
A83: ='IS Analysis Adjustments'!A16 -> Interest expense, net of interest income | B83: -127 | C83: ='IS Analysis Adjustments'!AZ16 -> -180 | D83: ='IS Analysis Adjustments'!BA16 -> -209 | E83: ='IS Analysis Adjustments'!BB16 -> -238 | F83: ='IS Analysis Adjustments'!BC16 -> -232 | G83: ='IS Analysis Adjustments'!BD16 -> -240 | I83: =B83/B$71 -> -0.013092784 | J83: =C83/C$71 -> -0.016548681 | K83: =D83/D$71 -> -0.017204478 | L83: =E83/E$71 -> -0.018979266 | M83: =F83/F$71 -> -0.017177551 | N83: =G83/G$71 -> -0.016697975
A84: ='IS Analysis Adjustments'!A17 -> Gain (loss) on spin-off of subsidiary | B84: 0 | C84: ='IS Analysis Adjustments'!AZ17 -> 0 | D84: ='IS Analysis Adjustments'!BA17 -> 0 | E84: ='IS Analysis Adjustments'!BB17 -> 0 | F84: ='IS Analysis Adjustments'!BC17 -> 0 | G84: ='IS Analysis Adjustments'!BD17 -> 0 | I84: =B84/B$71 -> 0 | J84: =C84/C$71 -> 0 | K84: =D84/D$71 -> 0 | L84: =E84/E$71 -> 0 | M84: =F84/F$71 -> 0 | N84: =G84/G$71 -> 0
A85: ='IS Analysis Adjustments'!A18 -> Gain (loss) on debt restruct/early extinguish | B85: 0 | C85: ='IS Analysis Adjustments'!AZ18 -> 0 | D85: ='IS Analysis Adjustments'!BA18 -> 0 | E85: ='IS Analysis Adjustments'!BB18 -> 0 | F85: ='IS Analysis Adjustments'!BC18 -> 0 | G85: ='IS Analysis Adjustments'!BD18 -> 0 | I85: =B85/B$71 -> 0 | J85: =C85/C$71 -> 0 | K85: =D85/D$71 -> 0 | L85: =E85/E$71 -> 0 | M85: =F85/F$71 -> 0 | N85: =G85/G$71 -> 0
A86: ='IS Analysis Adjustments'!A19 -> Gain (loss) on disposal of credit card receivables | B86: 0 | C86: ='IS Analysis Adjustments'!AZ19 -> 0 | D86: ='IS Analysis Adjustments'!BA19 -> 0 | E86: ='IS Analysis Adjustments'!BB19 -> 0 | F86: ='IS Analysis Adjustments'!BC19 -> 0 | G86: ='IS Analysis Adjustments'!BD19 -> 0 | I86: =B86/B$71 -> 0 | J86: =C86/C$71 -> 0 | K86: =D86/D$71 -> 0 | L86: =E86/E$71 -> 0 | M86: =F86/F$71 -> 0 | N86: =G86/G$71 -> 0
A87: ='IS Analysis Adjustments'!A20 -> Gain (loss) on disposal of PP&E | B87: 0 | C87: ='IS Analysis Adjustments'!AZ20 -> 0 | D87: ='IS Analysis Adjustments'!BA20 -> 0 | E87: ='IS Analysis Adjustments'!BB20 -> 0 | F87: ='IS Analysis Adjustments'!BC20 -> 0 | G87: ='IS Analysis Adjustments'!BD20 -> 0 | I87: =B87/B$71 -> 0 | J87: =C87/C$71 -> 0 | K87: =D87/D$71 -> 0 | L87: =E87/E$71 -> 0 | M87: =F87/F$71 -> 0 | N87: =G87/G$71 -> 0
A88: ='IS Analysis Adjustments'!A21 -> Impairment loss on PP&E | B88: 0 | C88: ='IS Analysis Adjustments'!AZ21 -> 0 | D88: ='IS Analysis Adjustments'!BA21 -> 0 | E88: ='IS Analysis Adjustments'!BB21 -> 0 | F88: ='IS Analysis Adjustments'!BC21 -> 0 | G88: ='IS Analysis Adjustments'!BD21 -> 0 | I88: =B88/B$71 -> 0 | J88: =C88/C$71 -> 0 | K88: =D88/D$71 -> 0 | L88: =E88/E$71 -> 0 | M88: =F88/F$71 -> 0 | N88: =G88/G$71 -> 0
A89: ='IS Analysis Adjustments'!A22 -> Impairment loss on goodwill | B89: 0 | C89: ='IS Analysis Adjustments'!AZ22 -> 0 | D89: ='IS Analysis Adjustments'!BA22 -> 0 | E89: ='IS Analysis Adjustments'!BB22 -> 0 | F89: ='IS Analysis Adjustments'!BC22 -> 0 | G89: ='IS Analysis Adjustments'!BD22 -> 0 | I89: =B89/B$71 -> 0 | J89: =C89/C$71 -> 0 | K89: =D89/D$71 -> 0 | L89: =E89/E$71 -> 0 | M89: =F89/F$71 -> 0 | N89: =G89/G$71 -> 0
A90: ='IS Analysis Adjustments'!A23 -> Impairment of other intangibles | B90: 0 | C90: ='IS Analysis Adjustments'!AZ23 -> 0 | D90: ='IS Analysis Adjustments'!BA23 -> 0 | E90: ='IS Analysis Adjustments'!BB23 -> 0 | F90: ='IS Analysis Adjustments'!BC23 -> 0 | G90: ='IS Analysis Adjustments'!BD23 -> 0 | I90: =B90/B$71 -> 0 | J90: =C90/C$71 -> 0 | K90: =D90/D$71 -> 0 | L90: =E90/E$71 -> 0 | M90: =F90/F$71 -> 0 | N90: =G90/G$71 -> 0
A91: ='IS Analysis Adjustments'!A24 -> Restructuring charge | B91: 0 | C91: ='IS Analysis Adjustments'!AZ24 -> 0 | D91: ='IS Analysis Adjustments'!BA24 -> 0 | E91: ='IS Analysis Adjustments'!BB24 -> 0 | F91: ='IS Analysis Adjustments'!BC24 -> 0 | G91: ='IS Analysis Adjustments'!BD24 -> 0 | I91: =B91/B$71 -> 0 | J91: =C91/C$71 -> 0 | K91: =D91/D$71 -> 0 | L91: =E91/E$71 -> 0 | M91: =F91/F$71 -> 0 | N91: =G91/G$71 -> 0
A92: ='IS Analysis Adjustments'!A25 -> Total other income (expense) | B92: =SUM(B83:B91) -> -127 | C92: =SUM(C83:C91) -> -180 | D92: =SUM(D83:D91) -> -209 | E92: =SUM(E83:E91) -> -238 | F92: =SUM(F83:F91) -> -232 | G92: =SUM(G83:G91) -> -240 | I92: =B92/B$71 -> -0.013092784 | J92: =C92/C$71 -> -0.016548681 | K92: =D92/D$71 -> -0.017204478 | L92: =E92/E$71 -> -0.018979266 | M92: =F92/F$71 -> -0.017177551 | N92: =G92/G$71 -> -0.016697975
A93: ='IS Analysis Adjustments'!A26 -> Income from cont. oper's before taxes | B93: =B81+B92 -> 991 | C93: =C81+C92 -> 1097 | D93: =D81+D92 -> 1105 | E93: =E81+E92 -> 1105 | F93: =F81+F92 -> 1050 | G93: =G81+G92 -> 750 | I93: =B93/B$71 -> 0.10216495 | J93: =C93/C$71 -> 0.10085502 | K93: =D93/D$71 -> 0.090961475 | L93: =E93/E$71 -> 0.088118022 | M93: =F93/F$71 -> 0.077743225 | N93: =G93/G$71 -> 0.052181173
A94: ='IS Analysis Adjustments'!A27 -> Taxes on income from continuing operations | B94: 378 | C94: ='IS Analysis Adjustments'!AZ27 -> 427 | D94: ='IS Analysis Adjustments'!BA27 -> 419 | E94: ='IS Analysis Adjustments'!BB27 -> 423 | F94: ='IS Analysis Adjustments'!BC27 -> 412 | G94: ='IS Analysis Adjustments'!BD27 -> 289 | I94: =B94/B$71 -> 0.038969072 | J94: =C94/C$71 -> 0.039257148 | K94: =D94/D$71 -> 0.034491274 | L94: =E94/E$71 -> 0.033732057 | M94: =F94/F$71 -> 0.030504961 | N94: =G94/G$71 -> 0.020107145
A95: ='IS Analysis Adjustments'!A28 -> Income from contin oper incl noncontrol int's | B95: =B93-B94 -> 613 | C95: =C93-C94 -> 670 | D95: =D93-D94 -> 686 | E95: =E93-E94 -> 682 | F95: =F93-F94 -> 638 | G95: =G93-G94 -> 461 | I95: =B95/B$71 -> 0.063195876 | J95: =C95/C$71 -> 0.061597867 | K95: =D95/D$71 -> 0.056470201 | L95: =E95/E$71 -> 0.054385965 | M95: =F95/F$71 -> 0.047238264 | N95: =G95/G$71 -> 0.032074028
A96: ='IS Analysis Adjustments'!A29 -> Less: Income attrib to noncontrol interests | B96: 0 | C96: ='IS Analysis Adjustments'!AZ29 -> 0 | D96: ='IS Analysis Adjustments'!BA29 -> 0 | E96: ='IS Analysis Adjustments'!BB29 -> 0 | F96: ='IS Analysis Adjustments'!BC29 -> 0 | G96: ='IS Analysis Adjustments'!BD29 -> 0 | I96: =B96/B$71 -> 0 | J96: =C96/C$71 -> 0 | K96: =D96/D$71 -> 0 | L96: =E96/E$71 -> 0 | M96: =F96/F$71 -> 0 | N96: =G96/G$71 -> 0
A97: ='IS Analysis Adjustments'!A30 -> Income from continuing operations | B97: =B95-B96 -> 613 | C97: =C95-C96 -> 670 | D97: =D95-D96 -> 686 | E97: =E95-E96 -> 682 | F97: =F95-F96 -> 638 | G97: =G95-G96 -> 461 | I97: =B97/B$71 -> 0.063195876 | J97: =C97/C$71 -> 0.061597867 | K97: =D97/D$71 -> 0.056470201 | L97: =E97/E$71 -> 0.054385965 | M97: =F97/F$71 -> 0.047238264 | N97: =G97/G$71 -> 0.032074028
A100: Consolidated Cash Flows Statements (SCFs)
A101: (US dollars in millions) | B101: Fiscal year ended (without analysis adjustments)
B102: =B9 -> 2010 | C102: =C9 -> 2011 | D102: =D9 -> 2012 | E102: =E9 -> 2013 | F102: =F9 -> 2014 | G102: =G9 -> 2015
A103: Cash flows from operating activities
A104: Income from contin oper, incl noncontrol int | B104: 613 | C104: ='IS Analysis Adjustments'!B28 -> 683 | D104: ='IS Analysis Adjustments'!L28 -> 735 | E104: ='IS Analysis Adjustments'!V28 -> 734 | F104: ='IS Analysis Adjustments'!AF28 -> 720 | G104: ='IS Analysis Adjustments'!AP28 -> 600
A105: Adjustments to reconcile income to OCF
A106: Depreciation and amortization (D&A) | B106: =327-54 -> 273 | C106: ='IS Analysis Adjustments'!B11-46 -> 325 | D106: ='IS Analysis Adjustments'!L11-63 -> 366 | E106: ='IS Analysis Adjustments'!V11-58 -> 396 | F106: ='IS Analysis Adjustments'!AF11-76 -> 432 | G106: ='IS Analysis Adjustments'!AP11-79 -> 497
A107: Stock-based compensation expense | B107: =42+15-16 -> 41 | C107: =50+20-22 -> 48 | D107: =53+23-24 -> 52 | E107: =58+21-23 -> 56 | F107: =68+20-22 -> 66 | G107: =70+15-15 -> 70
A108: Gain (loss) on spin-off of subsidiary | B108: 0 | C108: 0 | D108: 0 | E108: 0 | F108: 0 | G108: 0
A109: Gain (loss) on debt restruct/early extinguish | B109: 0 | C109: 0 | D109: 0 | E109: 0 | F109: 0 | G109: 0
A110: Gain (loss) on disposal of invest sec's AFS | B110: 0 | C110: 0 | D110: 0 | E110: 0 | F110: 0 | G110: 0
A111: Gain (loss) on disposal of PP&E | B111: 0 | C111: 0 | D111: 0 | E111: 0 | F111: 0 | G111: 0
A112: Bad Debt Provision | B112: 149 | C112: 101 | D112: 56 | E112: 52 | F112: 41 | G112: 26
...

Sheet Financial Ratios
R1: . | S1: . | T1: . | U1: . | V1: . | W1: . | X1: . | Y1: . | Z1: .
A7: Financial Ratio Analysis
L8: =G10 -> 2015
A9: LIQUIDITY | B9: Fiscal year ended (after analysis adjustments) | I9: Key Competitor ratios | J9: Industry average ratios | K9: Analysis of trend and relationship to other ratios' trends, comparisons to key competitor and industry average ratios | L9: Key Competitor | M9: Abercrombie & Fitch, Inc. | N9: Dillard's, Inc. | O9: Macy's Inc. | P9: Penney (J.C.) Co.,Inc. (Holding Co.) | Q9: N/A
A10: (U.S. dollars in millions, except per-share amounts) | B10: ='Common-size FS'!B9 -> 2010 | C10: =B10+1 -> 2011 | D10: =C10+1 -> 2012 | E10: =D10+1 -> 2013 | F10: =E10+1 -> 2014 | G10: =F10+1 -> 2015
A11: Current (working capital) ratio | B11: NA | C11: =ROUND(C12/C13,1) -> 1.7 | D11: =ROUND(D12/D13,1) -> 1.7 | E11: =ROUND(E12/E13,1) -> 1.6 | F11: =ROUND(F12/F13,1) -> 1.5 | G11: =ROUND(G12/G13,1) -> 1 | I11: ='Industry Firm Ratios'!B8 -> 1.93 | J11: ='Industry Firm Ratios'!B6 -> 2 | K11: [For the Week 1 assignment, replace this text with your analysis comments. (If this is the copy of workbook you are using to complete the group project, you are not required to provide analysis comments; but, you may use this cell to record notes.)] | L11: Ratio values obtained from Industry Firm Ratios workbook tab
A12: Total current assets | B12: NA | C12: ='BS Analysis Adjustments'!AZ14 -> 6833 | D12: ='BS Analysis Adjustments'!BA14 -> 6510 | E12: ='BS Analysis Adjustments'!BB14 -> 6678 | F12: ='BS Analysis Adjustments'!BC14 -> 7033 | G12: ='BS Analysis Adjustments'!BD14 -> 4705
A13: Total current liabilities | B13: NA | C13: ='BS Analysis Adjustments'!AZ35 -> 3933 | D13: ='BS Analysis Adjustments'!BA35 -> 3752 | E13: ='BS Analysis Adjustments'!BB35 -> 4099 | F13: ='BS Analysis Adjustments'!BC35 -> 4739 | G13: ='BS Analysis Adjustments'!BD35 -> 4758
A14: Acid-test (quick) ratio | B14: NA | C14: =ROUND(C18/C19,1) -> 1 | D14: =ROUND(D18/D19,1) -> 0.9 | E14: =ROUND(E18/E19,1) -> 0.8 | F14: =ROUND(F18/F19,1) -> 0.7 | G14: =ROUND(G18/G19,1) -> 0.2 | I14: ='Industry Firm Ratios'!C8 -> 0.8 | J14: ='Industry Firm Ratios'!C6 -> 0.8 | K14: [For the Week 1 assignment, replace this text with your analysis comments. (If this is the copy of workbook you are using to complete the group project, you are not required to provide analysis comments. Of course, you may use this cell to record your notes, but the facilitator will not grade them.)] | L14: Ratio values obtained from Industry Firm Ratios workbook tab
A15: Cash and cash equivalents | B15: NA | C15: ='BS Analysis Adjustments'!AZ6 -> 1877 | D15: ='BS Analysis Adjustments'!BA6 -> 1285 | E15: ='BS Analysis Adjustments'!BB6 -> 1194 | F15: ='BS Analysis Adjustments'!BC6 -> 827 | G15: ='BS Analysis Adjustments'!BD6 -> 595
A16: Investment securities AFS (market value) | B16: NA | C16: ='BS Analysis Adjustments'!AZ7 -> 0 | D16: ='BS Analysis Adjustments'!BA7 -> 0 | E16: ='BS Analysis Adjustments'!BB7 -> 0 | F16: ='BS Analysis Adjustments'!BC7 -> 0 | G16: ='BS Analysis Adjustments'!BD7 -> 0
A17: AR, net | B17: NA | C17: ='BS Analysis Adjustments'!AZ10 -> 2033 | D17: ='BS Analysis Adjustments'!BA10 -> 2129 | E17: ='BS Analysis Adjustments'!BB10 -> 2177 | F17: ='BS Analysis Adjustments'!BC10 -> 2306 | G17: ='BS Analysis Adjustments'!BD10 -> 196
A18: Total cash-and-equivalents, invest. securities, and AR | B18: NA | C18: =SUM(C15:C17) -> 3910 | D18: =SUM(D15:D17) -> 3414 | E18: =SUM(E15:E17) -> 3371 | F18: =SUM(F15:F17) -> 3133 | G18: =SUM(G15:G17) -> 791
A19: Total current liabilities | B19: NA | C19: ='BS Analysis Adjustments'!AZ35 -> 3933 | D19: ='BS Analysis Adjustments'!BA35 -> 3752 | E19: ='BS Analysis Adjustments'!BB35 -> 4099 | F19: ='BS Analysis Adjustments'!BC35 -> 4739 | G19: ='BS Analysis Adjustments'!BD35 -> 4758
A20: Average collection period (days) (see also turnover ratio) | B20: NA | C20: =IF(C22<1,0,ROUND(C22/C24,1)) -> 67.2 | D20: =IF(D22<1,0,ROUND(D22/D24,1)) -> 61.7 | E20: =IF(E22<1,0,ROUND(E22/E24,1)) -> 61.8 | F20: =IF(F22<1,0,ROUND(F22/F24,1)) -> 59.8 | G20: =IF(G22<1,0,ROUND(G22/G24,1)) -> 31.3 | I20: =L20 -> 6.4 | J20: =AVERAGE(G20,L20:Q20) -> 8.7666667 | K20: [For the Week 1 assignment, replace this text with your analysis comments. (If this is the copy of workbook you are using to complete the group project, you are not required to provide analysis comments. Of course, you may use this cell to record your notes, but the facilitator will not grade them.)] | L20: =IF(L22<1,0,ROUND(L22/L24,1)) -> 6.4 | M20: =IF(M22<1,0,ROUND(M22/M24,1)) -> 5.6 | N20: =IF(N22<1,0,ROUND(N22/N24,1)) -> 2.8 | O20: =IF(O22<1,0,ROUND(O22/O24,1)) -> 6.5 | P20: =IF(P22<1,0,ROUND(P22/P24,1)) -> 0
A21: AR, net | B21: ='Common-size FS'!B16 -> 2026 | C21: ='BS Analysis Adjustments'!AZ10 -> 2033 | D21: ='BS Analysis Adjustments'!BA10 -> 2129 | E21: ='BS Analysis Adjustments'!BB10 -> 2177 | F21: ='BS Analysis Adjustments'!BC10 -> 2306 | G21: ='BS Analysis Adjustments'!BD10 -> 196 | L21: 282 | M21: 56868 | N21: 47138 | O21: 558 | P21: 0
A22: Average AR, net | B22: NA | C22: =ROUND(AVERAGE(B21:C21),0) -> 2030 | D22: =ROUND(AVERAGE(C21:D21),0) -> 2081 | E22: =ROUND(AVERAGE(D21:E21),0) -> 2153 | F22: =ROUND(AVERAGE(E21:F21),0) -> 2242 | G22: =ROUND(AVERAGE(F21:G21),0) -> 1251 | L22: 279 | M22: 54899 | N22: =AVERAGE(47138,56510) -> 51824 | O22: 491 | P22: 0
A23: Sales, net | B23: NA | C23: ='IS Analysis Adjustments'!AZ4 -> 10877 | D23: ='IS Analysis Adjustments'!BA4 -> 12148 | E23: ='IS Analysis Adjustments'!BB4 -> 12540 | F23: ='IS Analysis Adjustments'!BC4 -> 13506 | G23: ='IS Analysis Adjustments'!BD4 -> 14373 | L23: 15797 | M23: 3518680 | N23: 6595626 | O23: 27079 | P23: 12625
A24: Average daily sales (assume 360-day year) | B24: NA | C24: =C23/360 -> 30.213889 | D24: =D23/360 -> 33.744444 | E24: =E23/360 -> 34.833333 | F24: =F23/360 -> 37.516667 | G24: =G23/360 -> 39.925 | L24: =L23/360 -> 43.880556 | M24: =M23/360 -> 9774.1111 | N24: =N23/360 -> 18321.183 | O24: =O23/360 -> 75.219444 | P24: =P23/360 -> 35.069444 | Q24: =Q23/360 -> 0
A25: Average days to sell inventory (see also turnover ratio) | B25: NA | C25: =ROUND(C27/C29,1) -> 57.7 | D25: =ROUND(D27/D29,1) -> 60.1 | E25: =ROUND(E27/E29,1) -> 66.8 | F25: =ROUND(F27/F29,1) -> 69.2 | G25: =ROUND(G27/G29,1) -> 71.2 | I25: ='Industry Firm Ratios'!E8 -> 67.669173 | J25: ='Industry Firm Ratios'!E6 -> 103.44936 | K25: [For the Week 1 assignment, replace this text with your analysis comments. (If this is the copy of workbook you are using to complete the group project, you are not required to provide analysis comments. Of course, you may use this cell to record your notes, but the facilitator will not grade them.)] | L25: Ratio values obtained from Industry Firm Ratios workbook tab
A26: Inventory | B26: ='Common-size FS'!B17 -> 977 | C26: ='BS Analysis Adjustments'!AZ11 -> 1148 | D26: ='BS Analysis Adjustments'!BA11 -> 1360 | E26: ='BS Analysis Adjustments'!BB11 -> 1531 | F26: ='BS Analysis Adjustments'!BC11 -> 1733 | G26: ='BS Analysis Adjustments'!BD11 -> 1945
A27: Average inventory | B27: NA | C27: =ROUND(AVERAGE(B26:C26),0) -> 1063 | D27: =ROUND(AVERAGE(C26:D26),0) -> 1254 | E27: =ROUND(AVERAGE(D26:E26),0) -> 1446 | F27: =ROUND(AVERAGE(E26:F26),0) -> 1632 | G27: =ROUND(AVERAGE(F26:G26),0) -> 1839
A28: COS | B28: NA | C28: ='IS Analysis Adjustments'!AZ5 -> 6633 | D28: ='IS Analysis Adjustments'!BA5 -> 7515 | E28: ='IS Analysis Adjustments'!BB5 -> 7789 | F28: ='IS Analysis Adjustments'!BC5 -> 8490 | G28: ='IS Analysis Adjustments'!BD5 -> 9293
A29: Average daily COS (assume 360-day year) | B29: NA | C29: =C28/360 -> 18.425 | D29: =D28/360 -> 20.875 | E29: =E28/360 -> 21.636111 | F29: =F28/360 -> 23.583333 | G29: =G28/360 -> 25.813889
A30: Avg days purch in AP, accr'd liab (see also AP turnover ratio) | B30: NA | C30: =ROUND(C32/C40,1) -> 74.7 | D30: =ROUND(D32/D40,1) -> 94.5 | E30: =ROUND(E32/E40,1) -> 100.8 | F30: =ROUND(F32/F40,1) -> 103.6 | G30: =ROUND(G32/G40,1) -> 99.4 | I30: =L30 -> 56.364301 | J30: =AVERAGE(G30,L30:Q30) -> 63.827397 | K30: [For the Week 1 assignment, replace this text with your analysis comments. (If this is the copy of workbook you are using to complete the group project, you are not required to provide analysis comments. Of course, you may use this cell to record your notes, but the facilitator will not grade them.)] | L30: =L32/L40 -> 56.364301 | M30: =M32/M40 -> 46.21363 | N30: =N32/N40 -> 43.966454 | O30: =O32/O40 -> 71.777806 | P30: =P32/P40 -> 65.242189
A31: AP and accrued liabilities | B31: ='Common-size FS'!B36+'Common-size FS'!B37 -> 1221 | C31: ='BS Analysis Adjustments'!AZ27+'BS Analysis Adjustments'!AZ28 -> 2578 | D31: ='BS Analysis Adjustments'!BA27+'BS Analysis Adjustments'!BA28 -> 2844 | E31: ='BS Analysis Adjustments'!BB27+'BS Analysis Adjustments'!BB28 -> 3108 | F31: ='BS Analysis Adjustments'!BC27+'BS Analysis Adjustments'!BC28 -> 3553 | G31: ='BS Analysis Adjustments'!BD27+'BS Analysis Adjustments'!BD28 -> 3431 | L31: 2091 | M31: 405412 | N31: 691310 | O31: 4859 | P31: 1274
A32: Average AP and accrued liabilities | B32: NA | C32: =ROUND(AVERAGE(B31:C31),0) -> 1900 | D32: =ROUND(AVERAGE(C31:D31),0) -> 2711 | E32: =ROUND(AVERAGE(D31:E31),0) -> 2976 | F32: =ROUND(AVERAGE(E31:F31),0) -> 3331 | G32: =ROUND(AVERAGE(F31:G31),0) -> 3492 | L32: 2142 | M32: 414916.5 | N32: 710866 | O32: 4781 | P32: 2192.5
A33: COS and total operating expenses | B33: NA | C33: ='IS Analysis Adjustments'!AZ5+'IS Analysis Adjustments'!AZ13 -> 9600 | D33: ='IS Analysis Adjustments'!BA5+'IS Analysis Adjustments'!BA13 -> 10834 | E33: ='IS Analysis Adjustments'!BB5+'IS Analysis Adjustments'!BB13 -> 11197 | F33: ='IS Analysis Adjustments'!BC5+'IS Analysis Adjustments'!BC13 -> 12224 | G33: ='IS Analysis Adjustments'!BD5+'IS Analysis Adjustments'!BD13 -> 13383 | L33: 14273 | M33: 3445842 | N33: 6345761 | O33: 25040 | P33: 12714
A34: Less D&A [OCF section of SCF provides] | B34: NA | C34: ='IS Analysis Adjustments'!AZ11 -> 445 | D34: ='IS Analysis Adjustments'!BA11 -> 506 | E34: ='IS Analysis Adjustments'!BB11 -> 569 | F34: ='IS Analysis Adjustments'!BC11 -> 650 | G34: ='IS Analysis Adjustments'!BD11 -> 742 | L34: 592 | M34: 213680 | N34: 525147 | O34: 1061 | P34: 616
A35: Less non-cash impairment charge [from OCF section of SCF] | B35: NA | C35: 0 | D35: 0 | E35: 0 | F35: 0 | G35: 0 | L35: 0 | M35: 0 | N35: 0 | O35: 0
A36: Less non-cash restructuring charge [from OCF section of SCF] | B36: NA | C36: 0 | D36: 0 | E36: 0 | F36: 0 | G36: 0 | L36: 0 | M36: 0 | N36: 0 | O36: 0
A37: Less non-cash other charge [from OCF section of SCF] | B37: NA | C37: 0 | D37: 0 | E37: 0 | F37: 0 | G37: 0 | L37: 0 | M37: 0 | N37: 0 | O37: 0
A38: Less non-cash other charge [from OCF section of SCF] | B38: NA | C38: 0 | D38: 0 | E38: 0 | F38: 0 | G38: 0 | L38: 0 | M38: 0 | N38: 0 | O38: 0
A39: Total "cash costs" | B39: NA | C39: =C33-SUM(C34:C38) -> 9155 | D39: =D33-SUM(D34:D38) -> 10328 | E39: =E33-SUM(E34:E38) -> 10628 | F39: =F33-SUM(F34:F38) -> 11574 | G39: =G33-SUM(G34:G38) -> 12641 | L39: =L33-SUM(L34:L38) -> 13681 | M39: =M33-SUM(M34:M38) -> 3232162 | N39: =N33-SUM(N34:N38) -> 5820614 | O39: =O33-SUM(O34:O38) -> 23979 | P39: =P33-SUM(P34:P38) -> 12098 | Q39: =Q33-SUM(Q34:Q38) -> 0
A40: Average daily "cash costs" (assume 360-day year) | B40: NA | C40: =C39/360 -> 25.430556 | D40: =D39/360 -> 28.688889 | E40: =E39/360 -> 29.522222 | F40: =F39/360 -> 32.15 | G40: =G39/360 -> 35.113889 | L40: =L39/360 -> 38.002778 | M40: =M39/360 -> 8978.2278 | N40: =N39/360 -> 16168.372 | O40: =O39/360 -> 66.608333 | P40: =P39/360 -> 33.605556 | Q40: =Q39/360 -> 0
A41: Net operating cycle (days) | B41: NA | C41: =C20+C25-C30 -> 50.2 | D41: =D20+D25-D30 -> 27.3 | E41: =E20+E25-E30 -> 27.8 | F41: =F20+F25-F30 -> 25.4 | G41: =G20+G25-G30 -> 3.1 | I41: =I20+I25-I30 -> 17.704872 | J41: =J20+J25-J30 -> 48.388629
A43: CAPITAL STRUCTURE AND SOLVENCY | B43: =B9 -> Fiscal year ended (after analysis adjustments) | I43: Key Competitor ratios | J43: Industry average ratios | K43: Analysis of trend and relationship to other ratios' trends, comparisons to key competitor and industry average ratios | L43: Key Competitor | M43: =M9 -> Abercrombie & Fitch, Inc. | N43: =N9 -> Dillard's, Inc. | O43: =O9 -> Macy's Inc. | P43: =P9 -> Penney (J.C.) Co.,Inc. (Holding Co.) | Q43: =Q9 -> N/A
A44: (U.S. dollars in millions, except per-share amounts) | B44: ='Common-size FS'!B9 -> 2010 | C44: =B44+1 -> 2011 | D44: =C44+1 -> 2012 | E44: =D44+1 -> 2013 | F44: =E44+1 -> 2014 | G44: =F44+1 -> 2015
A45: Total debt-to-equity (total debt) ratio | B45: NA | C45: =ROUND(C46/C47,2) -> 4.51 | D45: =ROUND(D46/D47,2) -> 4.89 | E45: =ROUND(E46/E47,2) -> 4.9 | F45: =ROUND(F46/F47,2) -> 4.39 | G45: =ROUND(G46/G47,2) -> 12.68 | I45: ='Industry Firm Ratios'!G8 -> 0.45 | J45: ='Industry Firm Ratios'!G6 -> 1.11 | K45: [For the Week 1 assignment, replace this text with your analysis comments. (If this is the copy of workbook you are using to complete the group project, you are not required to provide analysis comments; but, you may use this cell to record notes.)] | L45: Ratio values obtained from Industry Firm Ratios workbook tab
A46: Total (current and noncurrent) liabilities and preferred stock | B46: NA | C46: ='BS Analysis Adjustments'!AZ42+'BS Analysis Adjustments'!AZ44+'BS Analysis Adjustments'!AZ45 -> 8829 | D46: ='BS Analysis Adjustments'!BA42+'BS Analysis Adjustments'!BA44+'BS Analysis Adjustments'!BA45 -> 9347 | E46: ='BS Analysis Adjustments'!BB42+'BS Analysis Adjustments'!BB44+'BS Analysis Adjustments'!BB45 -> 10184 | F46: ='BS Analysis Adjustments'!BC42+'BS Analysis Adjustments'!BC44+'BS Analysis Adjustments'!BC45 -> 10723 | G46: ='BS Analysis Adjustments'!BD42+'BS Analysis Adjustments'!BD44+'BS Analysis Adjustments'!BD45 -> 11047
A47: Total common (only) stockholders' equity | B47: NA | C47: =SUM('BS Analysis Adjustments'!AZ46:AZ52) -> 1956 | D47: =SUM('BS Analysis Adjustments'!BA46:BA52) -> 1913 | E47: =SUM('BS Analysis Adjustments'!BB46:BB52) -> 2080 | F47: =SUM('BS Analysis Adjustments'!BC46:BC52) -> 2440 | G47: =SUM('BS Analysis Adjustments'!BD46:BD52) -> 871
A48: L-T debt-to-equity ratio | B48: NA | C48: =ROUND(C49/C50,2) -> 2.5 | D48: =ROUND(D49/D50,2) -> 2.92 | E48: =ROUND(E49/E50,2) -> 2.93 | F48: =ROUND(F49/F50,2) -> 2.45 | G48: =ROUND(G49/G50,2) -> 7.22 | I48: ='Industry Firm Ratios'!H8 -> 0.45 | J48: ='Industry Firm Ratios'!H6 -> 1.09 | K48: [For the Week 1 assignment, replace this text with your analysis comments. (If this is the copy of workbook you are using to complete the group project, you are not required to provide analysis comments; but, you may use this cell to record notes.)] | L48: Ratio values obtained from Industry Firm Ratios workbook tab
A49: Total noncurrent liabilities and preferred stock | B49: NA | C49: ='BS Analysis Adjustments'!AZ41+'BS Analysis Adjustments'!AZ44+'BS Analysis Adjustments'!AZ45 -> 4896 | D49: ='BS Analysis Adjustments'!BA41+'BS Analysis Adjustments'!BA44+'BS Analysis Adjustments'!BA45 -> 5595 | E49: ='BS Analysis Adjustments'!BB41+'BS Analysis Adjustments'!BB44+'BS Analysis Adjustments'!BB45 -> 6085 | F49: ='BS Analysis Adjustments'!BC41+'BS Analysis Adjustments'!BC44+'BS Analysis Adjustments'!BC45 -> 5984 | G49: ='BS Analysis Adjustments'!BD41+'BS Analysis Adjustments'!BD44+'BS Analysis Adjustments'!BD45 -> 6289
A50: Total common (only) stockholders' equity | B50: NA | C50: =SUM('BS Analysis Adjustments'!AZ46:AZ52) -> 1956 | D50: =SUM('BS Analysis Adjustments'!BA46:BA52) -> 1913 | E50: =SUM('BS Analysis Adjustments'!BB46:BB52) -> 2080 | F50: =SUM('BS Analysis Adjustments'!BC46:BC52) -> 2440 | G50: =SUM('BS Analysis Adjustments'!BD46:BD52) -> 871
A51: Times interest earned (interest coverage) ratio | B51: NA | C51: =IF(C54<1,0,ROUND(C54/C53,1)) -> 7.1 | D51: =IF(D54<1,0,ROUND(D54/D53,1)) -> 6.3 | E51: =IF(E54<1,0,ROUND(E54/E53,1)) -> 5.6 | F51: =IF(F54<1,0,ROUND(F54/F53,1)) -> 5.5 | G51: =IF(G54<1,0,ROUND(G54/G53,1)) -> 4.1 | I51: ='Industry Firm Ratios'!I8 -> 29.76 | J51: ='Industry Firm Ratios'!I6 -> 10.6 | K51: [For the Week 1 assignment, replace this text with your analysis comments. (If this is the copy of workbook you are using to complete the group project, you are not required to provide analysis comments. Of course, you may use this cell to record your notes, but the facilitator will not grade them.)] | L51: Ratio values obtained from Industry Firm Ratios workbook tab
A52: Income from continuing operations before income taxes | B52: NA | C52: ='IS Analysis Adjustments'!AZ26 -> 1097 | D52: ='IS Analysis Adjustments'!BA26 -> 1105 | E52: ='IS Analysis Adjustments'!BB26 -> 1105 | F52: ='IS Analysis Adjustments'!BC26 -> 1050 | G52: ='IS Analysis Adjustments'!BD26 -> 750
A53: Interest expense, net of interest income | B53: NA | C53: =-'IS Analysis Adjustments'!AZ16 -> 180 | D53: =-'IS Analysis Adjustments'!BA16 -> 209 | E53: =-'IS Analysis Adjustments'!BB16 -> 238 | F53: =-'IS Analysis Adjustments'!BC16 -> 232 | G53: =-'IS Analysis Adjustments'!BD16 -> 240
A54: Income from cont oper's before taxes and interest exp (EBIT) | B54: NA | C54: =SUM(C52:C53) -> 1277 | D54: =SUM(D52:D53) -> 1314 | E54: =SUM(E52:E53) -> 1343 | F54: =SUM(F52:F53) -> 1282 | G54: =SUM(G52:G53) -> 990
A55: OCF-to-L-T debt ratio | B55: NA | C55: =IF(C56<1,0,ROUND(C56/C57,2)) -> 0.24 | D55: =IF(D56<1,0,ROUND(D56/D57,2)) -> 0.2 | E55: =IF(E56<1,0,ROUND(E56/E57,2)) -> 0.22 | F55: =IF(F56<1,0,ROUND(F56/F57,2)) -> 0.2 | G55: =IF(G56<1,0,ROUND(G56/G57,2)) -> 0.39 | I55: =L55 -> 0.67 | J55: =AVERAGE(G55,L55:Q55) -> 0.41 | K55: [For the Week 1 assignment, replace this text with your analysis comments. (If this is the copy of workbook you are using to complete the group project, you are not required to provide analysis comments; but, you may use this cell to record notes.)] | L55: =IF(L56<1,0,ROUND(L56/L57,2)) -> 0.67 | M55: =IF(M56<1,0,ROUND(M56/M57,2)) -> 0.51 | N55: =IF(N56<1,0,ROUND(N56/N57,2)) -> 0.52 | O55: =IF(O56<1,0,ROUND(O56/O57,2)) -> 0.28 | P55: =IF(P56<1,0,ROUND(P56/P57,2)) -> 0.09
A56: Operating cash flow (OCF) [from SCF] | B56: NA | C56: ='Common-size FS'!C126 -> 1177 | D56: ='Common-size FS'!D126 -> 1110 | E56: ='Common-size FS'!E126 -> 1320 | F56: ='Common-size FS'!F126 -> 1220 | G56: ='Common-size FS'!G126 -> 2451 | L56: 1594 | M56: 309941 | N56: 450226 | O56: 1984 | P56: 440
A57: Total noncurrent liabilities | B57: NA | C57: ='BS Analysis Adjustments'!AZ41 -> 4896 | D57: ='BS Analysis Adjustments'!BA41 -> 5595 | E57: ='BS Analysis Adjustments'!BB41 -> 6085 | F57: ='BS Analysis Adjustments'!BC41 -> 5984 | G57: ='BS Analysis Adjustments'!BD41 -> 6289 | L57: 2393 | M57: 602614 | N57: 861034 | O57: 6995 | P57: 4678
A59: RETURN ON INVESTMENT | B59: =B9 -> Fiscal year ended (after analysis adjustments) | I59: Key Competitor ratios | J59: Industry average ratios | K59: Analysis of trend and relationship to other ratios' trends, comparisons to key competitor and industry average ratios | L59: Key Competitor | M59: =M9 -> Abercrombie & Fitch, Inc. | N59: =N9 -> Dillard's, Inc. | O59: =O9 -> Macy's Inc. | P59: =P9 -> Penney (J.C.) Co.,Inc. (Holding Co.) | Q59: =Q9 -> N/A
A60: (U.S. dollars in millions, except per-share amounts) | B60: ='Common-size FS'!B9 -> 2010 | C60: =B60+1 -> 2011 | D60: =C60+1 -> 2012 | E60: =D60+1 -> 2013 | F60: =E60+1 -> 2014 | G60: =F60+1 -> 2015
A61: Return on assets (ROA) ratio | B61: NA | C61: =ROUND((C65+C63*(1-C66))/C68,3) -> 0.085 | D61: =ROUND((D65+D63*(1-D66))/D68,3) -> 0.074 | E61: =ROUND((E65+E63*(1-E66))/E68,3) -> 0.07 | F61: =ROUND((F65+F63*(1-F66))/F68,3) -> 0.061 | G61: =ROUND((G65+G63*(1-G66))/G68,3) -> 0.049 | I61: ='Industry Firm Ratios'!K8 -> 0.163 | J61: ='Industry Firm Ratios'!K6 -> 0.058 | K61: [For the Week 1 assignment, replace this text with your analysis comments. (If this is the copy of workbook you are using to complete the group project, you are not required to provide analysis comments. Of course, you may use this cell to record your notes, but the facilitator will not grade them.)] | L61: Ratio values obtained from Industry Firm Ratios workbook tab
A62: Income from continuing operations before income taxes | B62: NA | C62: ='IS Analysis Adjustments'!AZ26 -> 1097 | D62: ='IS Analysis Adjustments'!BA26 -> 1105 | E62: ='IS Analysis Adjustments'!BB26 -> 1105 | F62: ='IS Analysis Adjustments'!BC26 -> 1050 | G62: ='IS Analysis Adjustments'!BD26 -> 750
A63: Interest expense, net of interest income | B63: NA | C63: =-'IS Analysis Adjustments'!AZ16 -> 180 | D63: =-'IS Analysis Adjustments'!BA16 -> 209 | E63: =-'IS Analysis Adjustments'!BB16 -> 238 | F63: =-'IS Analysis Adjustments'!BC16 -> 232 | G63: =-'IS Analysis Adjustments'!BD16 -> 240
A64: Income tax provision (i.e., taxes on income from contin oper's) | B64: NA | C64: ='IS Analysis Adjustments'!AZ27 -> 427 | D64: ='IS Analysis Adjustments'!BA27 -> 419 | E64: ='IS Analysis Adjustments'!BB27 -> 423 | F64: ='IS Analysis Adjustments'!BC27 -> 412 | G64: ='IS Analysis Adjustments'!BD27 -> 289
A65: Income from continuing operations (after taxes) | B65: NA | C65: ='IS Analysis Adjustments'!AZ30 -> 670 | D65: ='IS Analysis Adjustments'!BA30 -> 686 | E65: ='IS Analysis Adjustments'!BB30 -> 682 | F65: ='IS Analysis Adjustments'!BC30 -> 638 | G65: ='IS Analysis Adjustments'!BD30 -> 461
A66: Combined effective income tax rate | B66: NA | C66: =ROUND(C64/C62,3) -> 0.389 | D66: =ROUND(D64/D62,3) -> 0.379 | E66: =ROUND(E64/E62,3) -> 0.383 | F66: =ROUND(F64/F62,3) -> 0.392 | G66: =ROUND(G64/G62,3) -> 0.385
A67: Total assets | B67: ='Common-size FS'!B29 -> 7462 | C67: ='BS Analysis Adjustments'!AZ23 -> 10785 | D67: ='BS Analysis Adjustments'!BA23 -> 11260 | E67: ='BS Analysis Adjustments'!BB23 -> 12264 | F67: ='BS Analysis Adjustments'!BC23 -> 13163 | G67: ='BS Analysis Adjustments'!BD23 -> 11918
A68: Average total assets | B68: NA | C68: =ROUND(AVERAGE(B67:C67),0) -> 9124 | D68: =ROUND(AVERAGE(C67:D67),0) -> 11023 | E68: =ROUND(AVERAGE(D67:E67),0) -> 11762 | F68: =ROUND(AVERAGE(E67:F67),0) -> 12714 | G68: =ROUND(AVERAGE(F67:G67),0) -> 12541
A69: Return on total common stockholders' equity (ROCE) ratio | B69: NA | C69: =ROUND(C72/C74,3) -> 0.337 | D69: =ROUND(D72/D74,3) -> 0.355 | E69: =ROUND(E72/E74,3) -> 0.342 | F69: =ROUND(F72/F74,3) -> 0.282 | G69: =ROUND(G72/G74,3) -> 0.278 | I69: ='Industry Firm Ratios'!L8 -> 0.4187 | J69: ='Industry Firm Ratios'!L6 -> 0.149 | K69: [For the Week 1 assignment, replace this text with your analysis comments. (If this is the copy of workbook you are using to complete the group project, you are not required to provide analysis comments. Of course, you may use this cell to record your notes, but the facilitator will not grade them.)] | L69: Ratio values obtained from Industry Firm Ratios workbook tab
A70: Income from continuing operations (after analysis adjust's) | B70: NA | C70: ='IS Analysis Adjustments'!AZ30 -> 670 | D70: ='IS Analysis Adjustments'!BA30 -> 686 | E70: ='IS Analysis Adjustments'!BB30 -> 682 | F70: ='IS Analysis Adjustments'!BC30 -> 638 | G70: ='IS Analysis Adjustments'!BD30 -> 461
A71: Less Dividends on preferred stock, net of any tax benefit | B71: NA | C71: 0 | D71: 0 | E71: 0 | F71: 0 | G71: 0
A72: Income from contin oper's available to common stockholders | B72: NA | C72: =C70-C71 -> 670 | D72: =D70-D71 -> 686 | E72: =E70-E71 -> 682 | F72: =F70-F71 -> 638 | G72: =G70-G71 -> 461
A73: Total common (only) stockholders' equity | B73: =SUM('Common-size FS'!B56:B62) -> 2021 | C73: =SUM('BS Analysis Adjustments'!AZ46:AZ52) -> 1956 | D73: =SUM('BS Analysis Adjustments'!BA46:BA52) -> 1913 | E73: =SUM('BS Analysis Adjustments'!BB46:BB52) -> 2080 | F73: =SUM('BS Analysis Adjustments'!BC46:BC52) -> 2440 | G73: =SUM('BS Analysis Adjustments'!BD46:BD52) -> 871
A74: Average total common (only) stockholders' equity | B74: NA | C74: =ROUND(AVERAGE(B73:C73),0) -> 1989 | D74: =ROUND(AVERAGE(C73:D73),0) -> 1935 | E74: =ROUND(AVERAGE(D73:E73),0) -> 1997 | F74: =ROUND(AVERAGE(E73:F73),0) -> 2260 | G74: =ROUND(AVERAGE(F73:G73),0) -> 1656
A76: OPERATING PERFORMANCE | B76: =B9 -> Fiscal year ended (after analysis adjustments) | I76: Key Competitor ratios | J76: Industry average ratios | K76: Analysis of trend and relationship to other ratios' trends, comparisons to key competitor and industry average ratios | L76: Key Competitor | M76: =M9 -> Abercrombie & Fitch, Inc. | N76: =N9 -> Dillard's, Inc. | O76: =O9 -> Macy's Inc. | P76: =P9 -> Penney (J.C.) Co.,Inc. (Holding Co.) | Q76: =Q9 -> N/A
A77: (U.S. dollars in millions, except per-share amounts) | B77: ='Common-size FS'!B9 -> 2010 | C77: =B77+1 -> 2011 | D77: =C77+1 -> 2012 | E77: =D77+1 -> 2013 | F77: =E77+1 -> 2014 | G77: =F77+1 -> 2015
A78: Gross margin ratio | B78: NA | C78: =ROUND((C79-C80)/C79,3) -> 0.39 | D78: =ROUND((D79-D80)/D79,3) -> 0.381 | E78: =ROUND((E79-E80)/E79,3) -> 0.379 | F78: =ROUND((F79-F80)/F79,3) -> 0.371 | G78: =ROUND((G79-G80)/G79,3) -> 0.353 | I78: ='Industry Firm Ratios'!M8 -> 0.3827 | J78: ='Industry Firm Ratios'!M6 -> 0.416 | K78: [For the Week 1 assignment, replace this text with your analysis comments. (If this is the copy of workbook you are using to complete the group project, you are not required to provide analysis comments; but, you may use this cell to record notes.)] | L78: Ratio values obtained from Industry Firm Ratios workbook tab
A79: Sales, net | B79: NA | C79: ='IS Analysis Adjustments'!AZ4 -> 10877 | D79: ='IS Analysis Adjustments'!BA4 -> 12148 | E79: ='IS Analysis Adjustments'!BB4 -> 12540 | F79: ='IS Analysis Adjustments'!BC4 -> 13506 | G79: ='IS Analysis Adjustments'!BD4 -> 14373
A80: COS | B80: NA | C80: ='IS Analysis Adjustments'!AZ5 -> 6633 | D80: ='IS Analysis Adjustments'!BA5 -> 7515 | E80: ='IS Analysis Adjustments'!BB5 -> 7789 | F80: ='IS Analysis Adjustments'!BC5 -> 8490 | G80: ='IS Analysis Adjustments'!BD5 -> 9293
A81: SG&A-to-sales ratio | B81: NA | C81: =ROUND(C82/C83,3) -> 0.22 | D81: =ROUND(D82/D83,3) -> 0.218 | E81: =ROUND(E82/E83,3) -> 0.213 | F81: =ROUND(F82/F83,3) -> 0.214 | G81: =ROUND(G82/G83,3) -> 0.217 | I81: ='Industry Firm Ratios'!N8 -> 0.2656 | J81: ='Industry Firm Ratios'!N6 -> 0.333 | K81: [For the Week 1 assignment, replace this text with your analysis comments. (If this is the copy of workbook you are using to complete the group project, you are not required to provide analysis comments; but, you may use this cell to record notes.)] | L81: Ratio values obtained from Industry Firm Ratios workbook tab
A82: SG&A expense (exclud. D&A, advertising and R&D expense) | B82: NA | C82: ='IS Analysis Adjustments'!AZ8 -> 2394 | D82: ='IS Analysis Adjustments'!BA8 -> 2652 | E82: ='IS Analysis Adjustments'!BB8 -> 2672 | F82: ='IS Analysis Adjustments'!BC8 -> 2889 | G82: ='IS Analysis Adjustments'!BD8 -> 3121
A83: Sales, net | B83: NA | C83: ='IS Analysis Adjustments'!AZ4 -> 10877 | D83: ='IS Analysis Adjustments'!BA4 -> 12148 | E83: ='IS Analysis Adjustments'!BB4 -> 12540 | F83: ='IS Analysis Adjustments'!BC4 -> 13506 | G83: ='IS Analysis Adjustments'!BD4 -> 14373
A84: R&D-to-sales ratio | B84: NA | C84: =ROUND(C85/C86,3) -> 0 | D84: =ROUND(D85/D86,3) -> 0 | E84: =ROUND(E85/E86,3) -> 0 | F84: =ROUND(F85/F86,3) -> 0 | G84: =ROUND(G85/G86,3) -> 0 | I84: ='Industry Firm Ratios'!O8 -> 0 | J84: ='Industry Firm Ratios'!O6 -> 0 | K84: [For the Week 1 assignment, replace this text with your analysis comments. (If this is the copy of workbook you are using to complete the group project, you are not required to provide analysis comments; but, you may use this cell to record notes.)] | L84: Ratio values obtained from Industry Firm Ratios workbook tab
A85: R&D expense | B85: NA | C85: ='IS Analysis Adjustments'!AZ9 -> 0 | D85: ='IS Analysis Adjustments'!BA9 -> 0 | E85: ='IS Analysis Adjustments'!BB9 -> 0 | F85: ='IS Analysis Adjustments'!BC9 -> 0 | G85: ='IS Analysis Adjustments'!BD9 -> 0
A86: Sales, net | B86: NA | C86: ='IS Analysis Adjustments'!AZ4 -> 10877 | D86: ='IS Analysis Adjustments'!BA4 -> 12148 | E86: ='IS Analysis Adjustments'!BB4 -> 12540 | F86: ='IS Analysis Adjustments'!BC4 -> 13506 | G86: ='IS Analysis Adjustments'!BD4 -> 14373
A87: Advertising-to-sales ratio | B87: NA | C87: =ROUND(C88/C89,3) -> 0.012 | D87: =ROUND(D88/D89,3) -> 0.013 | E87: =ROUND(E88/E89,3) -> 0.013 | F87: =ROUND(F88/F89,3) -> 0.014 | G87: =ROUND(G88/G89,3) -> 0.016 | I87: ='Industry Firm Ratios'!P8 -> 0.0389 | J87: ='Industry Firm Ratios'!P6 -> 0.033 | K87: [For the Week 1 assignment, replace this text with your analysis comments. (If this is the copy of workbook you are using to complete the group project, you are not required to provide analysis comments; but, you may use this cell to record notes.)] | L87: Ratio values obtained from Industry Firm Ratios workbook tab
A88: Advertising expense | B88: NA | C88: ='IS Analysis Adjustments'!AZ10 -> 128 | D88: ='IS Analysis Adjustments'!BA10 -> 161 | E88: ='IS Analysis Adjustments'!BB10 -> 167 | F88: ='IS Analysis Adjustments'!BC10 -> 195 | G88: ='IS Analysis Adjustments'!BD10 -> 227
A89: Sales, net | B89: NA | C89: ='IS Analysis Adjustments'!AZ4 -> 10877 | D89: ='IS Analysis Adjustments'!BA4 -> 12148 | E89: ='IS Analysis Adjustments'!BB4 -> 12540 | F89: ='IS Analysis Adjustments'!BC4 -> 13506 | G89: ='IS Analysis Adjustments'!BD4 -> 14373
A90: Other operating expense-to-sales ratio | B90: NA | C90: =ROUND(C91/C92,3) -> 0 | D90: =ROUND(D91/D92,3) -> 0 | E90: =ROUND(E91/E92,3) -> 0 | F90: =ROUND(F91/F92,3) -> 0 | G90: =ROUND(G91/G92,3) -> 0 | I90: =L90 -> 0 | J90: =AVERAGE(G90,L90:Q90) -> -0.000305086 | K90: [For the Week 1 assignment, replace this text with your analysis comments. (If this is the copy of workbook you are using to complete the group project, you are not required to provide analysis comments; but, you may use this cell to record notes.)] | L90: =L91/L92 -> 0 | M90: =M91/M92 -> -0.001830516 | N90: =N91/N92 -> 0 | O90: =O91/O92 -> 0 | P90: =P91/P92 -> 0
A91: Total other expense (income) | B91: NA | C91: ='IS Analysis Adjustments'!AZ12 -> 0 | D91: ='IS Analysis Adjustments'!BA12 -> 0 | E91: ='IS Analysis Adjustments'!BB12 -> 0 | F91: ='IS Analysis Adjustments'!BC12 -> 0 | G91: ='IS Analysis Adjustments'!BD12 -> 0 | L91: 0 | M91: -6441 | N91: 0 | O91: 0 | P91: 0
A92: Sales, net | B92: NA | C92: ='IS Analysis Adjustments'!AZ4 -> 10877 | D92: ='IS Analysis Adjustments'!BA4 -> 12148 | E92: ='IS Analysis Adjustments'!BB4 -> 12540 | F92: ='IS Analysis Adjustments'!BC4 -> 13506 | G92: ='IS Analysis Adjustments'!BD4 -> 14373 | L92: =L23 -> 15797 | M92: =M23 -> 3518680 | N92: =N23 -> 6595626 | O92: =O23 -> 27079 | P92: =P23 -> 12625 | Q92: =Q23 -> 0
A93: Operating margin ratio | B93: NA | C93: =ROUND(C94/C95,3) -> 0.117 | D93: =ROUND(D94/D95,3) -> 0.108 | E93: =ROUND(E94/E95,3) -> 0.107 | F93: =ROUND(F94/F95,3) -> 0.095 | G93: =ROUND(G94/G95,3) -> 0.069 | I93: ='Industry Firm Ratios'!R8 -> 0.127 | J93: ='Industry Firm Ratios'!R6 -> 0.067 | K93: [For the Week 1 assignment, replace this text with your analysis comments. (If this is the copy of workbook you are using to complete the group project, you are not required to provide analysis comments; but, you may use this cell to record notes.)] | L93: Ratio values obtained from Industry Firm Ratios workbook tab
A94: Operating income | B94: NA | C94: ='IS Analysis Adjustments'!AZ14 -> 1277 | D94: ='IS Analysis Adjustments'!BA14 -> 1314 | E94: ='IS Analysis Adjustments'!BB14 -> 1343 | F94: ='IS Analysis Adjustments'!BC14 -> 1282 | G94: ='IS Analysis Adjustments'!BD14 -> 990
A95: Sales, net | B95: NA | C95: ='IS Analysis Adjustments'!AZ4 -> 10877 | D95: ='IS Analysis Adjustments'!BA4 -> 12148 | E95: ='IS Analysis Adjustments'!BB4 -> 12540 | F95: ='IS Analysis Adjustments'!BC4 -> 13506 | G95: ='IS Analysis Adjustments'!BD4 -> 14373
A96: Pre-tax operating margin ratio | B96: NA | C96: =ROUND(C97/C98,3) -> 0.101 | D96: =ROUND(D97/D98,3) -> 0.091 | E96: =ROUND(E97/E98,3) -> 0.088 | F96: =ROUND(F97/F98,3) -> 0.078 | G96: =ROUND(G97/G98,3) -> 0.052 | I96: ='Industry Firm Ratios'!S8 -> 0.093 | J96: ='Industry Firm Ratios'!S6 -> 0.043 | K96: [For the Week 1 assignment, replace this text with your analysis comments. (If this is the copy of workbook you are using to complete the group project, you are not required to provide analysis comments; but, you may use this cell to record notes.)] | L96: Ratio values obtained from Industry Firm Ratios workbook tab
A97: Income from continuing operations before income taxes | B97: NA | C97: ='IS Analysis Adjustments'!AZ26 -> 1097 | D97: ='IS Analysis Adjustments'!BA26 -> 1105 | E97: ='IS Analysis Adjustments'!BB26 -> 1105 | F97: ='IS Analysis Adjustments'!BC26 -> 1050 | G97: ='IS Analysis Adjustments'!BD26 -> 750
A98: Sales, net | B98: NA | C98: ='IS Analysis Adjustments'!AZ4 -> 10877 | D98: ='IS Analysis Adjustments'!BA4 -> 12148 | E98: ='IS Analysis Adjustments'!BB4 -> 12540 | F98: ='IS Analysis Adjustments'!BC4 -> 13506 | G98: ='IS Analysis Adjustments'!BD4 -> 14373
A99: Net margin ratio | B99: NA | C99: =ROUND(C100/C101,3) -> 0.062 | D99: =ROUND(D100/D101,3) -> 0.056 | E99: =ROUND(E100/E101,3) -> 0.054 | F99: =ROUND(F100/F101,3) -> 0.047 | G99: =ROUND(G100/G101,3) -> 0.032 | I99: ='Industry Firm Ratios'!T8 -> 0.0768 | J99: ='Industry Firm Ratios'!T6 -> 0.031 | K99: [For the Week 1 assignment, replace this text with your analysis comments. (If this is the copy of workbook you are using to complete the group project, you are not required to provide analysis comments; but, you may use this cell to record notes.)] | L99: Ratio values obtained from Industry Firm Ratios workbook tab
A100: Income from contin oper's (after taxes) incl noncontrol int's | B100: NA | C100: ='IS Analysis Adjustments'!AZ28 -> 670 | D100: ='IS Analysis Adjustments'!BA28 -> 686 | E100: ='IS Analysis Adjustments'!BB28 -> 682 | F100: ='IS Analysis Adjustments'!BC28 -> 638 | G100: ='IS Analysis Adjustments'!BD28 -> 461
A101: Sales, net | B101: NA | C101: ='IS Analysis Adjustments'!AZ4 -> 10877 | D101: ='IS Analysis Adjustments'!BA4 -> 12148 | E101: ='IS Analysis Adjustments'!BB4 -> 12540 | F101: ='IS Analysis Adjustments'!BC4 -> 13506 | G101: ='IS Analysis Adjustments'!BD4 -> 14373
A103: ASSET UTILIZATION | B103: =B9 -> Fiscal year ended (after analysis adjustments) | I103: Key Competitor ratios | J103: Industry average ratios | K103: Analysis of trend and relationship to other ratios' trends, comparisons to key competitor and industry average ratios | L103: Key Competitor | M103: =M9 -> Abercrombie & Fitch, Inc. | N103: =N9 -> Dillard's, Inc. | O103: =O9 -> Macy's Inc. | P103: =P9 -> Penney (J.C.) Co.,Inc. (Holding Co.) | Q103: =Q9 -> N/A
A104: (U.S. dollars in millions, except per-share amounts) | B104: ='Common-size FS'!B9 -> 2010 | C104: =B104+1 -> 2011 | D104: =C104+1 -> 2012 | E104: =D104+1 -> 2013 | F104: =E104+1 -> 2014 | G104: =F104+1 -> 2015
A105: AR turnover ratio | B105: NA | C105: =IF(C108<1,0,ROUND(C106/C108,1)) -> 5.4 | D105: =IF(D108<1,0,ROUND(D106/D108,1)) -> 5.8 | E105: =IF(E108<1,0,ROUND(E106/E108,1)) -> 5.8 | F105: =IF(F108<1,0,ROUND(F106/F108,1)) -> 6 | G105: =IF(G108<1,0,ROUND(G106/G108,1)) -> 11.5 | I105: =360/I20 -> 56.25 | J105: =360/J20 -> 41.064639 | K105: [For the Week 1 assignment, replace this text with your analysis comments. (If this is the copy of workbook you are using to complete the group project, you are not required to provide analysis comments. Of course, you may use this cell to record your notes, but the facilitator will not grade them.)]
A106: Sales, net | B106: NA | C106: ='IS Analysis Adjustments'!AZ4 -> 10877 | D106: ='IS Analysis Adjustments'!BA4 -> 12148 | E106: ='IS Analysis Adjustments'!BB4 -> 12540 | F106: ='IS Analysis Adjustments'!BC4 -> 13506 | G106: ='IS Analysis Adjustments'!BD4 -> 14373
A107: AR, net | B107: ='Common-size FS'!B16 -> 2026 | C107: ='BS Analysis Adjustments'!AZ10 -> 2033 | D107: ='BS Analysis Adjustments'!BA10 -> 2129 | E107: ='BS Analysis Adjustments'!BB10 -> 2177 | F107: ='BS Analysis Adjustments'!BC10 -> 2306 | G107: ='BS Analysis Adjustments'!BD10 -> 196
A108: Average accounts receivable, net | B108: NA | C108: =ROUND(AVERAGE(B107:C107),0) -> 2030 | D108: =ROUND(AVERAGE(C107:D107),0) -> 2081 | E108: =ROUND(AVERAGE(D107:E107),0) -> 2153 | F108: =ROUND(AVERAGE(E107:F107),0) -> 2242 | G108: =ROUND(AVERAGE(F107:G107),0) -> 1251
A109: Inventory turnover ratio | B109: NA | C109: =ROUND(C110/C112,1) -> 6.2 | D109: =ROUND(D110/D112,1) -> 6 | E109: =ROUND(E110/E112,1) -> 5.4 | F109: =ROUND(F110/F112,1) -> 5.2 | G109: =ROUND(G110/G112,1) -> 5.1 | I109: ='Industry Firm Ratios'!V8 -> 5.32 | J109: ='Industry Firm Ratios'!V6 -> 3.7 | K109: See MD&A decrease due to sofeter slaes trends 2nd half of year. Inventory increase due to inventory growth planned for Nortstrom Rack and .com | L109: Ratio values obtained from Industry Firm Ratios workbook tab
...

Sheet Industry Firm Ratios
Z1: . | AA1: . | AB1: . | AC1: . | AD1: . | AE1: . | AF1: . | AG1: . | AH1: . | AI1: . | AJ1: . | AK1: . | AL1: . | AM1: . | AN1: . | AO1: . | AP1: . | AQ1: . | AR1: . | AS1: . | AT1: . | AU1: . | AV1: . | AW1: . | AX1: . | AY1: . | AZ1: .
A2: Mergent Online Comparison
A3: Industry Group Ratios - Year: | B3: ='Financial Ratios'!G10 -> 2015
A4: NAICS Code: | B4: 448140
A5: Company Name | B5: Current (working capital) ratio | C5: Acid-test (quick) ratio | D5: Avg AR collection period (days) | E5: Average days to sell inventory | F5: Avg days purch in AP/accr'd liab | G5: Total debt-to-equity | H5: L-T debt-to-equity | I5: TIE (Interest Coverage) | J5: OCF-to-L-T debt ratio | K5: ROA | L5: ROE (ROCE) | M5: Gross margin | N5: SG&A-to-sales | O5: R&D-to-sales | P5: Advert-to-sales | Q5: Other oper exp-to-sales | R5: Operating margin | S5: Pre-tax operating margin | T5: Net (profit) margin | U5: AR turnover Ratio | V5: Inventory turnover | W5: AP and accr'd liab turnover | X5: PP&E turnover | Y5: Total asset turnover
A6: Average (unweighted) | B6: 2 | C6: 0.8 | D6: 10.6 | E6: =AVERAGE(E7:E12) -> 103.44936 | F6: 63.83 | G6: 1.11 | H6: 1.09 | I6: 10.6 | J6: 0.41 | K6: 0.058 | L6: 0.149 | M6: 0.416 | N6: 0.333 | O6: 0 | P6: 0.033 | Q6: 0 | R6: 0.067 | S6: 0.043 | T6: 0.031 | U6: 0 | V6: 3.7 | W6: 5.5 | X6: 3.8 | Y6: 1.52
A7: Nordstrom Inc | B7: 1.87 | C7: 1.12 | D7: 31 | E7: =360/V7 -> 69.902913 | F7: 100 | G7: 1.28 | H7: 1.28 | I7: 9.59 | J7: 0.36 | K7: 0.081 | L7: 0.3195 | M7: 0.3776 | N7: 0.2797 | O7: 0 | P7: 0.0144 | Q7: 0 | R7: 0.098 | S7: 0.069 | T7: 0.0533 | U7: 0 | V7: 5.15 | W7: 8.1 | X7: 4.31 | Y7: 1.52
A8: The Gap, Inc. | B8: 1.93 | C8: 0.8 | D8: 6 | E8: =360/V8 -> 67.669173 | F8: 56 | G8: 0.45 | H8: 0.45 | I8: 29.76 | J8: 0.67 | K8: 0.163 | L8: 0.4187 | M8: 0.3827 | N8: 0.2656 | O8: 0 | P8: 0.0389 | Q8: 0 | R8: 0.127 | S8: 0.093 | T8: 0.0768 | U8: 0 | V8: 5.32 | W8: 7.55 | X8: 6 | Y8: 2.12
A9: Abercrombie & Fitch, Inc. | B9: 2.4 | C9: 1.16 | D9: 6 | E9: =360/V9 -> 124.56747 | F9: 46 | G9: 0.25 | H9: 0.25 | I9: 7.9 | J9: 0.51 | K9: 0.019 | L9: 0.0333 | M9: 0.6179 | N9: 0.5775 | O9: 0 | P9: 0.0226 | Q9: 0 | R9: 0.03 | S9: 0.041 | T9: 0.0138 | U9: 0 | V9: 2.89 | W9: 1.43 | X9: 3.6 | Y9: 1.4
A10: Dillard's, Inc. | B10: 2.13 | C10: 0.51 | D10: 3 | E10: =360/V10 -> 114.64968 | F10: 44 | G10: 0.45 | H10: 0.41 | I10: 9.23 | J10: 0.52 | K10: 0.081 | L10: 0.1659 | M10: 0.3698 | N10: 0.2494 | O10: 0 | P10: 0.0083 | Q10: 0 | R10: 0.0835 | S10: 0.062 | T10: 0.0489 | U10: 0 | V10: 3.14 | W10: 9.54 | X10: 3.27 | Y10: 1.65
A11: Macy's Inc. | B11: 1.57 | C11: 0.48 | D11: 7 | E11: =360/V11 -> 118.03279 | F11: 72 | G11: 1.37 | H11: 1.35 | I11: 7.12 | J11: 0.28 | K11: 0.071 | L11: 0.2632 | M11: 0.4 | N11: 0.2973 | O11: 0 | P11: 0.0419 | Q11: 0 | R11: 0.0996 | S11: 0.03 | T11: 0.0543 | U11: 0 | V11: 3.05 | W11: 0.91 | X11: 3.58 | Y11: 1.31
A12: Penney (J.C.) Co.,Inc. (Holding Co.) | B12: 1.93 | C12: 0.58 | E12: =360/V12 -> 125.87413 | F12: 65 | G12: 2.83 | H12: 2.8 | I12: -0.02 | J12: 0.09 | K12: -0.0696 | L12: -0.3092 | M12: 0.3476 | N12: 0.3258 | O12: 0 | P12: 0.0723 | Q12: 0 | R12: -0.0347 | S12: -0.039 | T12: -0.0629 | U12: 0 | V12: 2.86 | W12: 5.53 | X12: 2.28 | Y12: 1.11
A13: CHECK: Compute averages | B13: =AVERAGE(B7:B12) -> 1.9716667 | C13: =AVERAGE(C7:C12) -> 0.775 | D13: =AVERAGE(D7:D11) -> 10.6 | E13: =AVERAGE(E7:E12) -> 103.44936 | F13: =AVERAGE(F7:F12) -> 63.833333 | G13: =AVERAGE(G7:G12) -> 1.105 | H13: =AVERAGE(H7:H12) -> 1.09 | I13: =AVERAGE(I7:I12) -> 10.596667 | J13: =AVERAGE(J7:J12) -> 0.405 | K13: =AVERAGE(K7:K12) -> 0.057566667 | L13: =AVERAGE(L7:L12) -> 0.14856667 | ... P13: =AVERAGE(P7:P12) -> 0.033066667 | Q13: 0 | R13: =AVERAGE(R7:R12) -> 0.067233333 | S13: =AVERAGE(S7:S12) -> 0.042666667 | T13: =AVERAGE(T7:T12) -> 0.0307 | U13: 0 | V13: =AVERAGE(V7:V12) -> 3.735 | W13: =AVERAGE(W7:W12) -> 5.51 | X13: =AVERAGE(X7:X12) -> 3.84 | Y13: =AVERAGE(Y7:Y12) -> 1.5183333
B15: (1) Mergent does NOT provide this ratio. Compute this ratio using firms' financial statements included in their respective Annual Reports on Forms 10-K. See Financial Ratios tab

Sheet Oper Lease Adjust 1
A1: Operating Lease Commitment Analysis Adjustment | L1: . | M1: . | N1: . | O1: . | P1: . | Q1: . | R1: . | S1: . | T1: . | U1: . | V1: . | W1: . | X1: . | Y1: . | Z1: .
A7: INPUT US dollar amounts IN MILLIONS | G7: From company's income statement for: | J7: =C10+1 -> 2011
G8: Income from cont. oper's before taxes | J8: ='IS Analysis Adjustments'!B26 -> 1119
G9: Income tax provision | J9: ='IS Analysis Adjustments'!B27 -> 436
A10: FY of BS and Form 10-K: | C10: ='IS Analysis Adjustments'!B1-1 -> 2010 | G10: Combined effective income tax rate | J10: =J9/J8 -> 0.3896336
G11: Discount (incremental borrowing) rate | J11: 0.044
C12: Minimum lease payments (MLPs)
B13: Year | C13: Operating leases | E13: Capital leases | F13: Total
A14: 1 | B14: =C10+1 -> 2011 | C14: 111 | E14: $ | F14: $
A15: 2 | B15: =B14+1 -> 2012 | C15: 108
A16: 3 | B16: =B15+1 -> 2013 | C16: 100
A17: 4 | B17: =B16+1 -> 2014 | C17: 96
A18: 5 | B18: =B17+1 -> 2015 | C18: 92 | D18: (B)
B19: Thereafter | C19: 524 | D19: (A)
B20: Total | C20: =SUM(C14:C19) -> 1031 | E20: $ | F20: $
A22: Estimated number of years in "thereafter" period: (A) divide (B) | F22: =ROUNDUP(C19/C18,0) -> 6
A23: Estimated total number of years, n | F23: =IF(A18+F22>20,20,A18+F22) -> 11
A26: A | B26: B | C26: C | D26: D | F26: E | G26: F | H26: G | I26: H | J26: I | K26: J
C27: From footnote | D27: 1 / (1 + Discount rate)n | F27: C x D | G27: Prior H x Rate | H27: C – F | I27: Prior H – G | J27: Begin. I – J | K27: Beg. I / last n
A28: Future | B28: Company's | F28: Present | H28: Reduction | J28: Undeprec. | K28: Deprec.
A29: year | B29: fiscal | F29: value | G29: Implicit | H29: of lease | I29: Lease | J29: lease | K29: (amortiz.)
A30: (n) | B30: year | C30: MLPs | D30: Discount factor | F30: of MLP | G30: interest | H30: obligation | I30: obligation | J30: asset | K30: expense
A31: 0 | B31: =C10 -> 2010 | I31: =F52 -> 814.6935 | J31: =I31 -> 814.6935
A32: 1 | B32: =B14 -> 2011 | C32: =C14 -> 111 | E32: =1/(1+J$11)^A32 -> 0.95785441 | F32: =C32*E32 -> 106.32184 | G32: =I31*J$11 -> 35.846514 | H32: =C32-G32 -> 75.153486 | I32: =I31-H32 -> 739.54002 | J32: =J31-K32 -> 740.63046 | K32: =IF(A32>F$23,0,I$31/F$23) -> 74.063046
A33: 2 | B33: =B15 -> 2012 | C33: =C15 -> 108 | E33: =1/(1+J$11)^A33 -> 0.91748506 | F33: =C33*E33 -> 99.088387 | G33: =I32*J$11 -> 32.539761 | H33: =C33-G33 -> 75.460239 | I33: =I32-H33 -> 664.07978 | J33: =J32-K33 -> 666.56741 | K33: =IF(A33>F$23,0,I$31/F$23) -> 74.063046
A34: 3 | B34: =B16 -> 2013 | C34: =C16 -> 100 | E34: =1/(1+J$11)^A34 -> 0.87881711 | F34: =C34*E34 -> 87.881711 | G34: =I33*J$11 -> 29.21951 | H34: =C34-G34 -> 70.78049 | I34: =I33-H34 -> 593.29929 | J34: =J33-K34 -> 592.50437 | K34: =IF(A34>F$23,0,I$31/F$23) -> 74.063046
A35: 4 | B35: =B17 -> 2014 | C35: =C17 -> 96 | E35: =1/(1+J$11)^A35 -> 0.84177884 | F35: =C35*E35 -> 80.810769 | G35: =I34*J$11 -> 26.105169 | H35: =C35-G35 -> 69.894831 | I35: =I34-H35 -> 523.40446 | J35: =J34-K35 -> 518.44132 | K35: =IF(A35>F$23,0,I$31/F$23) -> 74.063046
A36: 5 | B36: =B18 -> 2015 | C36: =C18 -> 92 | E36: =1/(1+J$11)^A36 -> 0.80630157 | F36: =C36*E36 -> 74.179745 | G36: =I35*J$11 -> 23.029796 | H36: =C36-G36 -> 68.970204 | I36: =I35-H36 -> 454.43425 | J36: =J35-K36 -> 444.37827 | K36: =IF(A36>F$23,0,I$31/F$23) -> 74.063046
A37: =A36+1 -> 6 | B37: =B36+1 -> 2016 | C37: =IF(A37>F$23,0,IF(A37=F$23,C$20-SUM(C$32:C36),C$18)) -> 92 | E37: =1/(1+J$11)^A37 -> 0.77231951 | F37: =C37*E37 -> 71.053395 | G37: =I36*J$11 -> 19.995107 | H37: =C37-G37 -> 72.004893 | I37: =I36-H37 -> 382.42936 | J37: =J36-K37 -> 370.31523 | K37: =IF(A37>F$23,0,I$31/F$23) -> 74.063046
A38: =A37+1 -> 7 | B38: =B37+1 -> 2017 | C38: =IF(A38>F$23,0,IF(A38=F$23,C$20-SUM(C$32:C37),C$18)) -> 92 | E38: =1/(1+J$11)^A38 -> 0.73976965 | F38: =C38*E38 -> 68.058808 | G38: =I37*J$11 -> 16.826892 | H38: =C38-G38 -> 75.173108 | I38: =I37-H38 -> 307.25625 | J38: =J37-K38 -> 296.25218 | K38: =IF(A38>F$23,0,I$31/F$23) -> 74.063046
A39: =A38+1 -> 8 | B39: =B38+1 -> 2018 | C39: =IF(A39>F$23,0,IF(A39=F$23,C$20-SUM(C$32:C38),C$18)) -> 92 | E39: =1/(1+J$11)^A39 -> 0.70859162 | F39: =C39*E39 -> 65.190429 | G39: =I38*J$11 -> 13.519275 | H39: =C39-G39 -> 78.480725 | I39: =I38-H39 -> 228.77553 | J39: =J38-K39 -> 222.18914 | K39: =IF(A39>F$23,0,I$31/F$23) -> 74.063046
A40: =A39+1 -> 9 | B40: =B39+1 -> 2019 | C40: =IF(A40>F$23,0,IF(A40=F$23,C$20-SUM(C$32:C39),C$18)) -> 92 | E40: =1/(1+J$11)^A40 -> 0.6787276 | F40: =C40*E40 -> 62.44294 | G40: =I39*J$11 -> 10.066123 | H40: =C40-G40 -> 81.933877 | I40: =I39-H40 -> 146.84165 | J40: =J39-K40 -> 148.12609 | K40: =IF(A40>F$23,0,I$31/F$23) -> 74.063046
A41: =A40+1 -> 10 | B41: =B40+1 -> 2020 | C41: =IF(A41>F$23,0,IF(A41=F$23,C$20-SUM(C$32:C40),C$18)) -> 92 | E41: =1/(1+J$11)^A41 -> 0.65012223 | F41: =C41*E41 -> 59.811245 | G41: =I40*J$11 -> 6.4610326 | H41: =C41-G41 -> 85.538967 | I41: =I40-H41 -> 61.302682 | J41: =J40-K41 -> 74.063046 | K41: =IF(A41>F$23,0,I$31/F$23) -> 74.063046
A42: =A41+1 -> 11 | B42: =B41+1 -> 2021 | C42: =IF(A42>F$23,0,IF(A42=F$23,C$20-SUM(C$32:C41),C$18)) -> 64 | E42: =1/(1+J$11)^A42 -> 0.62272244 | F42: =C42*E42 -> 39.854236 | G42: =I41*J$11 -> 2.697318 | H42: =C42-G42 -> 61.302682 | I42: =I41-H42 -> -1.563194e-13 | J42: =J41-K42 -> 0 | K42: =IF(A42>F$23,0,I$31/F$23) -> 74.063046
A43: =A42+1 -> 12 | B43: =B42+1 -> 2022 | C43: =IF(A43>F$23,0,IF(A43=F$23,C$20-SUM(C$32:C42),C$18)) -> 0 | E43: =1/(1+J$11)^A43 -> 0.59647743 | F43: =C43*E43 -> 0 | G43: =I42*J$11 -> -6.8780537e-15 | H43: =C43-G43 -> 6.8780537e-15 | I43: =I42-H43 -> -1.6319746e-13 | J43: =J42-K43 -> 0 | K43: =IF(A43>F$23,0,I$31/F$23) -> 0
A44: =A43+1 -> 13 | B44: =B43+1 -> 2023 | C44: =IF(A44>F$23,0,IF(A44=F$23,C$20-SUM(C$32:C43),C$18)) -> 0 | E44: =1/(1+J$11)^A44 -> 0.57133854 | F44: =C44*E44 -> 0 | G44: =I43*J$11 -> -7.180688e-15 | H44: =C44-G44 -> 7.180688e-15 | I44: =I43-H44 -> -1.7037814e-13 | J44: =J43-K44 -> 0 | K44: =IF(A44>F$23,0,I$31/F$23) -> 0
A45: =A44+1 -> 14 | B45: =B44+1 -> 2024 | C45: =IF(A45>F$23,0,IF(A45=F$23,C$20-SUM(C$32:C44),C$18)) -> 0 | E45: =1/(1+J$11)^A45 -> 0.54725913 | F45: =C45*E45 -> 0 | G45: =I44*J$11 -> -7.4966383e-15 | H45: =C45-G45 -> 7.4966383e-15 | I45: =I44-H45 -> -1.7787478e-13 | J45: =J44-K45 -> 0 | K45: =IF(A45>F$23,0,I$31/F$23) -> 0
A46: =A45+1 -> 15 | B46: =B45+1 -> 2025 | C46: =IF(A46>F$23,0,IF(A46=F$23,C$20-SUM(C$32:C45),C$18)) -> 0 | E46: =1/(1+J$11)^A46 -> 0.52419457 | F46: =C46*E46 -> 0 | G46: =I45*J$11 -> -7.8264904e-15 | H46: =C46-G46 -> 7.8264904e-15 | I46: =I45-H46 -> -1.8570127e-13 | J46: =J45-K46 -> 0 | K46: =IF(A46>F$23,0,I$31/F$23) -> 0
A47: =A46+1 -> 16 | B47: =B46+1 -> 2026 | C47: =IF(A47>F$23,0,IF(A47=F$23,C$20-SUM(C$32:C46),C$18)) -> 0 | E47: =1/(1+J$11)^A47 -> 0.50210208 | F47: =C47*E47 -> 0 | G47: =I46*J$11 -> -8.170856e-15 | H47: =C47-G47 -> 8.170856e-15 | I47: =I46-H47 -> -1.9387213e-13 | J47: =J46-K47 -> 0 | K47: =IF(A47>F$23,0,I$31/F$23) -> 0
A48: =A47+1 -> 17 | B48: =B47+1 -> 2027 | C48: =IF(A48>F$23,0,IF(A48=F$23,C$20-SUM(C$32:C47),C$18)) -> 0 | E48: =1/(1+J$11)^A48 -> 0.48094069 | F48: =C48*E48 -> 0 | G48: =I47*J$11 -> -8.5303736e-15 | H48: =C48-G48 -> 8.5303736e-15 | I48: =I47-H48 -> -2.024025e-13 | J48: =J47-K48 -> 0 | K48: =IF(A48>F$23,0,I$31/F$23) -> 0
... A51: =A50+1 -> 20 | B51: =B50+1 -> 2030 | C51: =IF(A51>F$23,0,IF(A51=F$23,C$20-SUM(C$32:C50),C$18)) -> 0 | E51: =1/(1+J$11)^A51 -> 0.42265891 | F51: =C51*E51 -> 0 | G51: =I50*J$11 -> -9.706654e-15 | H51: =C51-G51 -> 9.706654e-15 | I51: =I50-H51 -> -2.3031243e-13 | J51: =J50-K51 -> 0 | K51: =IF(A51>F$23,0,I$31/F$23) -> 0
A52: Totals | C52: =SUM(C32:C51) -> 1031 | F52: =SUM(F32:F51) -> 814.6935 | G52: =SUM(G32:G51) -> 216.3065 | H52: =SUM(H32:H51) -> 814.6935 | K52: =SUM(K32:K51) -> 814.6935
A54: K | B54: L | C54: M | E54: N | F54: O | G54: P | H54: Q
A55: From B | B55: From C | C55: From F | E55: From J | F55: M + N | G55: O – L | H55: P x (1 – tax rate)
A56: Company's | B56: Oper. lease | C56: Capital lease accounting | G56: Capital lease vs. Oper. lease
A57: fiscal | B57: accounting | C57: Interest | E57: Depreciation | F57: Total | G57: Pre-tax | H57: After-tax
A58: year | B58: (rent expense) | C58: expense | E58: expense | F58: expense | G58: effect | H58: effect
A59: =B32 -> 2011 | B59: =C32 -> 111 | C59: =G32 -> 35.846514 | E59: =K32 -> 74.063046 | F59: =C59+E59 -> 109.90956 | G59: =F59-B59 -> -1.0904402 | H59: =G59*(1-J$10) -> -0.66556806
A60: =B33 -> 2012 | B60: =C33 -> 108 | C60: =G33 -> 32.539761 | E60: =K33 -> 74.063046 | F60: =C60+E60 -> 106.60281 | G60: =F60-B60 -> -1.3971936 | H60: =G60*(1-J$10) -> -0.85280002
A61: =B34 -> 2013 | B61: =C34 -> 100 | C61: =G34 -> 29.21951 | E61: =K34 -> 74.063046 | F61: =C61+E61 -> 103.28256 | G61: =F61-B61 -> 3.2825559 | H61: =G61*(1-J$10) -> 2.0035618
A62: =B35 -> 2014 | B62: =C35 -> 96 | C62: =G35 -> 26.105169 | E62: =K35 -> 74.063046 | F62: =C62+E62 -> 100.16821 | G62: =F62-B62 -> 4.1682143 | H62: =G62*(1-J$10) -> 2.544138
A63: =B36 -> 2015 | B63: =C36 -> 92 | C63: =G36 -> 23.029796 | E63: =K36 -> 74.063046 | F63: =C63+E63 -> 97.092842 | G63: =F63-B63 -> 5.0928418 | H63: =G63*(1-J$10) -> 3.1084995
A64: =B37 -> 2016 | B64: =C37 -> 92 | C64: =G37 -> 19.995107 | E64: =K37 -> 74.063046 | F64: =C64+E64 -> 94.058153 | G64: =F64-B64 -> 2.0581528 | H64: =G64*(1-J$10) -> 1.2562273
A65: =B38 -> 2017 | B65: =C38 -> 92 | C65: =G38 -> 16.826892 | E65: =K38 -> 74.063046 | F65: =C65+E65 -> 90.889937 | G65: =F65-B65 -> -1.1100625 | H65: =G65*(1-J$10) -> -0.67754485
A66: =B39 -> 2018 | B66: =C39 -> 92 | C66: =G39 -> 13.519275 | E66: =K39 -> 74.063046 | F66: =C66+E66 -> 87.582321 | G66: =F66-B66 -> -4.4176793 | H66: =G66*(1-J$10) -> -2.696403
A67: =B40 -> 2019 | B67: =C40 -> 92 | C67: =G40 -> 10.066123 | E67: =K40 -> 74.063046 | F67: =C67+E67 -> 84.129169 | G67: =F67-B67 -> -7.8708312 | H67: =G67*(1-J$10) -> -4.8040909
A68: =B41 -> 2020 | B68: =C41 -> 92 | C68: =G41 -> 6.4610326 | E68: =K41 -> 74.063046 | F68: =C68+E68 -> 80.524078 | G68: =F68-B68 -> -11.475922 | H68: =G68*(1-J$10) -> -7.004517
A69: =B42 -> 2021 | B69: =C42 -> 64 | C69: =G42 -> 2.697318 | E69: =K42 -> 74.063046 | F69: =C69+E69 -> 76.760364 | G69: =F69-B69 -> 12.760364 | H69: =G69*(1-J$10) -> 7.7884972
A70: =B43 -> 2022 | B70: =C43 -> 0 | C70: =G43 -> -6.8780537e-15 | E70: =K43 -> 0 | F70: =C70+E70 -> -6.8780537e-15 | G70: =F70-B70 -> -6.8780537e-15 | H70: =G70*(1-J$10) -> -4.1981329e-15
... A78: =B51 -> 2030 | B78: =C51 -> 0 | C78: =G51 -> -9.706654e-15 | E78: =K51 -> 0 | F78: =C78+E78 -> -9.706654e-15 | G78: =F78-B78 -> -9.706654e-15 | H78: =G78*(1-J$10) -> -5.9246155e-15
A79: Totals | B79: =SUM(B59:B78) -> 1031 | C79: =SUM(C59:C78) -> 216.3065 | E79: =SUM(E59:E78) -> 814.6935 | F79: =SUM(F59:F78) -> 1031 | G79: =SUM(G59:G78) -> -2.8715585e-13 | H79: =SUM(H59:H78) -> -1.7306055e-13
A81: Analysis adjustment to balance sheet for FY | E81: =C10 -> 2010 | G81: Debit | H81: Credit
A82: Dr. PP&E, at cost | G82: =ROUND(J31,0) -> 815
A83: Cr. Capital lease obligation–current (current liabilities) | H83: =ROUND(H32,0) -> 75
A84: Cr. Capital lease obligation–noncurrent (noncurrent liabilities) | H84: =ROUND(I31,0)-ROUND(H32,0) -> 740
A85: Ensure total debits equals total credits! | G85: =SUM(G82:G84) -> 815 | H85: =SUM(H82:H84) -> 815
A93: Analysis adjustment to income statement of | E93: =J7 -> 2011 | G93: Debit | H93: Credit | I93: NI effect
A94: Dr. Interest expense–capital lease [included in "other expense (income)"] | G94: =ROUND(C59,0) -> 36 | I94: =-G94 -> -36
A95: Dr. Depreciation (or amortization) expense | G95: =ROUND(E59,0) -> 74 | I95: =-G95 -> -74
A96: Dr. Increase net income (NI) or Cr. Decrease NI (not retained earnings in BS) | G96: =IF(G94+G95-H97<0,-(-ROUND(B59,0)+ROUND(C59,0)+ROUND(E59,0)-(ROUND(G59,0)-ROUND(H59,0)))," ") -> 1 | H96: =IF(G94+G95-H97>0,-ROUND(B59,0)+ROUND(C59,0)+ROUND(E59,0)-(ROUND(G59,0)-ROUND(H59,0))," ") | I96: -
A97: Cr. Rent expense (included in SG&A expense, COS, or both) | H97: =ROUND(B59,0) -> 111 | I97: =H97 -> 111
A98: Dr. Increase or Cr. Decrease income tax provision (i.e., expense) | G98: =IF(G94+G95-H97<0,-(ROUND(G59,0)-ROUND(H59,0)),0) -> 0 | H98: =IF(G94+G95-H97>0,ROUND(G59,0)-ROUND(H59,0),0) -> 0 | I98: =IF(G98=" ",H98,-G98) -> 0
A99: Ensure total debits equals total credits! | G99: =SUM(G94:G98) -> 111 | H99: =SUM(H94:H98) -> 111 | I99: =SUM(I94:I98) -> 1

Sheet Oper Lease Adjust 2
A1: Operating Lease Commitment Analysis Adjustment | L1: . | M1: . | N1: . | O1: . | P1: . | Q1: . | R1: . | S1: . | T1: . | U1: . | V1: . | W1: . | X1: . | Y1: . | Z1: .
A7: INPUT US dollar amounts IN MILLIONS | G7: From company's income statement for: | J7: =C10+1 -> 2012
G8: Income from cont. oper's before taxes | J8: ='IS Analysis Adjustments'!L26 -> 1185
G9: Income tax provision | J9: ='IS Analysis Adjustments'!L27 -> 450
A10: FY of BS and Form 10-K: | C10: ='IS Analysis Adjustments'!B1 -> 2011 | G10: Combined effective income tax rate | J10: =J9/J8 -> 0.37974684
G11: Discount (incremental borrowing) rate | J11: 0.044
C12: Minimum lease payments (MLPs)
B13: Year | C13: Operating leases | E13: Capital leases | F13: Total
A14: 1 | B14: =C10+1 -> 2012 | C14: 122 | E14: $ | F14: $
A15: 2 | B15: =B14+1 -> 2013 | C15: 118
A16: 3 | B16: =B15+1 -> 2014 | C16: 111
A17: 4 | B17: =B16+1 -> 2015 | C17: 106
A18: 5 | B18: =B17+1 -> 2016 | C18: 100 | D18: (B)
B19: Thereafter | C19: 506 | D19: (A)
B20: Total | C20: =SUM(C14:C19) -> 1063 | E20: $ | F20: $
A22: Estimated number of years in "thereafter" period: (A) divide (B) | F22: =ROUNDUP(C19/C18,0) -> 6
A23: Estimated total number of years, n | F23: =IF(A18+F22>20,20,A18+F22) -> 11
A26: A | B26: B | C26: C | D26: D | F26: E | G26: F | H26: G | I26: H | J26: I | K26: J
C27: From footnote | D27: 1 / (1 + Discount rate)n | F27: C x D | G27: Prior H x Rate | H27: C – F | I27: Prior H – G | J27: Begin. I – J | K27: Beg. I / last n
A28: Future | B28: Company's | F28: Present | H28: Reduction | J28: Undeprec. | K28: Deprec.
A29: year | B29: fiscal | F29: value | G29: Implicit | H29: of lease | I29: Lease | J29: lease | K29: (amortiz.)
A30: (n) | B30: year | C30: MLPs | D30: Discount factor | F30: of MLP | G30: interest | H30: obligation | I30: obligation | J30: asset | K30: expense
A31: 0 | B31: =C10 -> 2011 | I31: =F52 -> 851.21828 | J31: =I31 -> 851.21828
A32: 1 | B32: =B14 -> 2012 | C32: =C14 -> 122 | E32: =1/(1+J$11)^A32 -> 0.95785441 | F32: =C32*E32 -> 116.85824 | G32: =I31*J$11 -> 37.453605 | H32: =C32-G32 -> 84.546395 | I32: =I31-H32 -> 766.67189 | J32: =J31-K32 -> 773.8348 | K32: =IF(A32>F$23,0,I$31/F$23) -> 77.38348
A33: 2 | B33: =B15 -> 2013 | C33: =C15 -> 118 | E33: =1/(1+J$11)^A33 -> 0.91748506 | F33: =C33*E33 -> 108.26324 | G33: =I32*J$11 -> 33.733563 | H33: =C33-G33 -> 84.266437 | I33: =I32-H33 -> 682.40545 | J33: =J32-K33 -> 696.45132 | K33: =IF(A33>F$23,0,I$31/F$23) -> 77.38348
A34: 3 | B34: =B16 -> 2014 | C34: =C16 -> 111 | E34: =1/(1+J$11)^A34 -> 0.87881711 | F34: =C34*E34 -> 97.548699 | G34: =I33*J$11 -> 30.02584 | H34: =C34-G34 -> 80.97416 | I34: =I33-H34 -> 601.43129 | J34: =J33-K34 -> 619.06784 | K34: =IF(A34>F$23,0,I$31/F$23) -> 77.38348
A35: 4 | B35: =B17 -> 2015 | C35: =C17 -> 106 | E35: =1/(1+J$11)^A35 -> 0.84177884 | F35: =C35*E35 -> 89.228557 | G35: =I34*J$11 -> 26.462977 | H35: =C35-G35 -> 79.537023 | I35: =I34-H35 -> 521.89427 | J35: =J34-K35 -> 541.68436 | K35: =IF(A35>F$23,0,I$31/F$23) -> 77.38348
A36: 5 | B36: =B18 -> 2016 | C36: =C18 -> 100 | E36: =1/(1+J$11)^A36 -> 0.80630157 | F36: =C36*E36 -> 80.630157 | G36: =I35*J$11 -> 22.963348 | H36: =C36-G36 -> 77.036652 | I36: =I35-H36 -> 444.85762 | J36: =J35-K36 -> 464.30088 | K36: =IF(A36>F$23,0,I$31/F$23) -> 77.38348
A37: =A36+1 -> 6 | B37: =B36+1 -> 2017 | C37: =IF(A37>F$23,0,IF(A37=F$23,C$20-SUM(C$32:C36),C$18)) -> 100 | E37: =1/(1+J$11)^A37 -> 0.77231951 | F37: =C37*E37 -> 77.231951 | G37: =I36*J$11 -> 19.573735 | H37: =C37-G37 -> 80.426265 | I37: =I36-H37 -> 364.43135 | J37: =J36-K37 -> 386.9174 | K37: =IF(A37>F$23,0,I$31/F$23) -> 77.38348
A38: =A37+1 -> 7 | B38: =B37+1 -> 2018 | C38: =IF(A38>F$23,0,IF(A38=F$23,C$20-SUM(C$32:C37),C$18)) -> 100 | E38: =1/(1+J$11)^A38 -> 0.73976965 | F38: =C38*E38 -> 73.976965 | G38: =I37*J$11 -> 16.034979 | H38: =C38-G38 -> 83.965021 | I38: =I37-H38 -> 280.46633 | J38: =J37-K38 -> 309.53392 | K38: =IF(A38>F$23,0,I$31/F$23) -> 77.38348
A39: =A38+1 -> 8 | B39: =B38+1 -> 2019 | C39: =IF(A39>F$23,0,IF(A39=F$23,C$20-SUM(C$32:C38),C$18)) -> 100 | E39: =1/(1+J$11)^A39 -> 0.70859162 | F39: =C39*E39 -> 70.859162 | G39: =I38*J$11 -> 12.340519 | H39: =C39-G39 -> 87.659481 | I39: =I38-H39 -> 192.80685 | J39: =J38-K39 -> 232.15044 | K39: =IF(A39>F$23,0,I$31/F$23) -> 77.38348
A40: =A39+1 -> 9 | B40: =B39+1 -> 2020 | C40: =IF(A40>F$23,0,IF(A40=F$23,C$20-SUM(C$32:C39),C$18)) -> 100 | E40: =1/(1+J$11)^A40 -> 0.6787276 | F40: =C40*E40 -> 67.87276 | G40: =I39*J$11 -> 8.4835014 | H40: =C40-G40 -> 91.516499 | I40: =I39-H40 -> 101.29035 | J40: =J39-K40 -> 154.76696 | K40: =IF(A40>F$23,0,I$31/F$23) -> 77.38348
A41: =A40+1 -> 10 | B41: =B40+1 -> 2021 | C41: =IF(A41>F$23,0,IF(A41=F$23,C$20-SUM(C$32:C40),C$18)) -> 100 | E41: =1/(1+J$11)^A41 -> 0.65012223 | F41: =C41*E41 -> 65.012223 | G41: =I40*J$11 -> 4.4567754 | H41: =C41-G41 -> 95.543225 | I41: =I40-H41 -> 5.7471264 | J41: =J40-K41 -> 77.38348 | K41: =IF(A41>F$23,0,I$31/F$23) -> 77.38348
A42: =A41+1 -> 11 | B42: =B41+1 -> 2022 | C42: =IF(A42>F$23,0,IF(A42=F$23,C$20-SUM(C$32:C41),C$18)) -> 6 | E42: =1/(1+J$11)^A42 -> 0.62272244 | F42: =C42*E42 -> 3.7363346 | G42: =I41*J$11 -> 0.25287356 | H42: =C42-G42 -> 5.7471264 | I42: =I41-H42 -> -3.2240877e-13 | J42: =J41-K42 -> 0 | K42: =IF(A42>F$23,0,I$31/F$23) -> 77.38348
A43: =A42+1 -> 12 | B43: =B42+1 -> 2023 | C43: =IF(A43>F$23,0,IF(A43=F$23,C$20-SUM(C$32:C42),C$18)) -> 0 | E43: =1/(1+J$11)^A43 -> 0.59647743 | F43: =C43*E43 -> 0 | G43: =I42*J$11 -> -1.4185986e-14 | H43: =C43-G43 -> 1.4185986e-14 | I43: =I42-H43 -> -3.3659475e-13 | J43: =J42-K43 -> 0 | K43: =IF(A43>F$23,0,I$31/F$23) -> 0
A44: =A43+1 -> 13 | B44: =B43+1 -> 2024 | C44: =IF(A44>F$23,0,IF(A44=F$23,C$20-SUM(C$32:C43),C$18)) -> 0 | E44: =1/(1+J$11)^A44 -> 0.57133854 | F44: =C44*E44 -> 0 | G44: =I43*J$11 -> -1.4810169e-14 | H44: =C44-G44 -> 1.4810169e-14 | I44: =I43-H44 -> -3.5140492e-13 | J44: =J43-K44 -> 0 | K44: =IF(A44>F$23,0,I$31/F$23) -> 0
A45: =A44+1 -> 14 | B45: =B44+1 -> 2025 | C45: =IF(A45>F$23,0,IF(A45=F$23,C$20-SUM(C$32:C44),C$18)) -> 0 | E45: =1/(1+J$11)^A45 -> 0.54725913 | F45: =C45*E45 -> 0 | G45: =I44*J$11 -> -1.5461817e-14 | H45: =C45-G45 -> 1.5461817e-14 | I45: =I44-H45 -> -3.6686674e-13 | J45: =J44-K45 -> 0 | K45: =IF(A45>F$23,0,I$31/F$23) -> 0
A46: =A45+1 -> 15 | B46: =B45+1 -> 2026 | C46: =IF(A46>F$23,0,IF(A46=F$23,C$20-SUM(C$32:C45),C$18)) -> 0 | E46: =1/(1+J$11)^A46 -> 0.52419457 | F46: =C46*E46 -> 0 | G46: =I45*J$11 -> -1.6142136e-14 | H46: =C46-G46 -> 1.6142136e-14 | I46: =I45-H46 -> -3.8300887e-13 | J46: =J45-K46 -> 0 | K46: =IF(A46>F$23,0,I$31/F$23) -> 0
A47: =A46+1 -> 16 | B47: =B46+1 -> 2027 | C47: =IF(A47>F$23,0,IF(A47=F$23,C$20-SUM(C$32:C46),C$18)) -> 0 | E47: =1/(1+J$11)^A47 -> 0.50210208 | F47: =C47*E47 -> 0 | G47: =I46*J$11 -> -1.685239e-14 | H47: =C47-G47 -> 1.685239e-14 | I47: =I46-H47 -> -3.9986126e-13 | J47: =J46-K47 -> 0 | K47: =IF(A47>F$23,0,I$31/F$23) -> 0
A48: =A47+1 -> 17 | B48: =B47+1 -> 2028 | C48: =IF(A48>F$23,0,IF(A48=F$23,C$20-SUM(C$32:C47),C$18)) -> 0 | E48: =1/(1+J$11)^A48 -> 0.48094069 | F48: =C48*E48 -> 0 | G48: =I47*J$11 -> -1.7593896e-14 | H48: =C48-G48 -> 1.7593896e-14 | I48: =I47-H48 -> -4.1745516e-13 | J48: =J47-K48 -> 0 | K48: =IF(A48>F$23,0,I$31/F$23) -> 0
... A51: =A50+1 -> 20 | B51: =B50+1 -> 2031 | C51: =IF(A51>F$23,0,IF(A51=F$23,C$20-SUM(C$32:C50),C$18)) -> 0 | E51: =1/(1+J$11)^A51 -> 0.42265891 | F51: =C51*E51 -> 0 | G51: =I50*J$11 -> -2.0019974e-14 | H51: =C51-G51 -> 2.0019974e-14 | I51: =I50-H51 -> -4.7501938e-13 | J51: =J50-K51 -> 0 | K51: =IF(A51>F$23,0,I$31/F$23) -> 0
A52: Totals | C52: =SUM(C32:C51) -> 1063 | F52: =SUM(F32:F51) -> 851.21828 | G52: =SUM(G32:G51) -> 211.78172 | H52: =SUM(H32:H51) -> 851.21828 | K52: =SUM(K32:K51) -> 851.21828
A54: K | B54: L | C54: M | E54: N | F54: O | G54: P | H54: Q
A55: From B | B55: From C | C55: From F | E55: From J | F55: M + N | G55: O – L | H55: P x (1 – tax rate)
A56: Company's | B56: Oper. lease | C56: Capital lease accounting | G56: Capital lease vs. Oper. lease
A57: fiscal | B57: accounting | C57: Interest | E57: Depreciation | F57: Total | G57: Pre-tax | H57: After-tax
A58: year | B58: (rent expense) | C58: expense | E58: expense | F58: expense | G58: effect | H58: effect
A59: =B32 -> 2012 | B59: =C32 -> 122 | C59: =G32 -> 37.453605 | E59: =K32 -> 77.38348 | F59: =C59+E59 -> 114.83708 | G59: =F59-B59 -> -7.1629151 | H59: =G59*(1-J$10) -> -4.4428208
A60: =B33 -> 2013 | B60: =C33 -> 118 | C60: =G33 -> 33.733563 | E60: =K33 -> 77.38348 | F60: =C60+E60 -> 111.11704 | G60: =F60-B60 -> -6.8829565 | H60: =G60*(1-J$10) -> -4.2691756
A61: =B34 -> 2014 | B61: =C34 -> 111 | C61: =G34 -> 30.02584 | E61: =K34 -> 77.38348 | F61: =C61+E61 -> 107.40932 | G61: =F61-B61 -> -3.5906797 | H61: =G61*(1-J$10) -> -2.2271305
A62: =B35 -> 2015 | B62: =C35 -> 106 | C62: =G35 -> 26.462977 | E62: =K35 -> 77.38348 | F62: =C62+E62 -> 103.84646 | G62: =F62-B62 -> -2.1535428 | H62: =G62*(1-J$10) -> -1.3357417
A63: =B36 -> 2016 | B63: =C36 -> 100 | C63: =G36 -> 22.963348 | E63: =K36 -> 77.38348 | F63: =C63+E63 -> 100.34683 | G63: =F63-B63 -> 0.34682821 | H63: =G63*(1-J$10) -> 0.21512129
A64: =B37 -> 2017 | B64: =C37 -> 100 | C64: =G37 -> 19.573735 | E64: =K37 -> 77.38348 | F64: =C64+E64 -> 96.957216 | G64: =F64-B64 -> -3.0427845 | H64: =G64*(1-J$10) -> -1.8872967
A65: =B38 -> 2018 | B65: =C38 -> 100 | C65: =G38 -> 16.034979 | E65: =K38 -> 77.38348 | F65: =C65+E65 -> 93.41846 | G65: =F65-B65 -> -6.5815401 | H65: =G65*(1-J$10) -> -4.0822211
A66: =B39 -> 2019 | B66: =C39 -> 100 | C66: =G39 -> 12.340519 | E66: =K39 -> 77.38348 | F66: =C66+E66 -> 89.723999 | G66: =F66-B66 -> -10.276001 | H66: =G66*(1-J$10) -> -6.3737222
A67: =B40 -> 2020 | B67: =C40 -> 100 | C67: =G40 -> 8.4835014 | E67: =K40 -> 77.38348 | F67: =C67+E67 -> 85.866982 | G67: =F67-B67 -> -14.133018 | H67: =G67*(1-J$10) -> -8.7660493
A68: =B41 -> 2021 | B68: =C41 -> 100 | C68: =G41 -> 4.4567754 | E68: =K41 -> 77.38348 | F68: =C68+E68 -> 81.840256 | G68: =F68-B68 -> -18.159744 | H68: =G68*(1-J$10) -> -11.263639
A69: =B42 -> 2022 | B69: =C42 -> 6 | C69: =G42 -> 0.25287356 | E69: =K42 -> 77.38348 | F69: =C69+E69 -> 77.636354 | G69: =F69-B69 -> 71.636354 | H69: =G69*(1-J$10) -> 44.432675
A70: =B43 -> 2023 | B70: =C43 -> 0 | C70: =G43 -> -1.4185986e-14 | E70: =K43 -> 0 | F70: =C70+E70 -> -1.4185986e-14 | G70: =F70-B70 -> -1.4185986e-14 | H70: =G70*(1-J$10) -> -8.7989025e-15
... A78: =B51 -> 2031 | B78: =C51 -> 0 | C78: =G51 -> -2.0019974e-14 | E78: =K51 -> 0 | F78: =C78+E78 -> -2.0019974e-14 | G78: =F78-B78 -> -2.0019974e-14 | H78: =G78*(1-J$10) -> -1.2417452e-14
A79: Totals | B79: =SUM(B59:B78) -> 1063 | C79: =SUM(C59:C78) -> 211.78172 | E79: =SUM(E59:E78) -> 851.21828 | F79: =SUM(F59:F78) -> 1063 | G79: =SUM(G59:G78) -> -5.5051455e-13 | H79: =SUM(H59:H78) -> -3.4334717e-13
A81: Analysis adjustment to balance sheet for FY | E81: =C10 -> 2011 | G81: Debit | H81: Credit
A82: Dr. PP&E, at cost | G82: =ROUND(J31,0) -> 851
A83: Cr. Capital lease obligation–current (current liabilities) | H83: =ROUND(H32,0) -> 85
A84: Cr. Capital lease obligation–noncurrent (noncurrent liabilities) | H84: =ROUND(I31,0)-ROUND(H32,0) -> 766
A85: Ensure total debits equals total credits! | G85: =SUM(G82:G84) -> 851 | H85: =SUM(H82:H84) -> 851
A93: Analysis adjustment to income statement of | E93: =J7 -> 2012 | G93: Debit | H93: Credit | I93: NI effect
A94: Dr. Interest expense–capital lease [included in "other expense (income)"] | G94: =ROUND(C59,0) -> 37 | I94: =-G94 -> -37
A95: Dr. Depreciation (or amortization) expense | G95: =ROUND(E59,0) -> 77 | I95: =-G95 -> -77
A96: Dr. Increase net income (NI) or Cr. Decrease NI (not retained earnings in BS) | G96: =IF(G94+G95-H97<0,-(-ROUND(B59,0)+ROUND(C59,0)+ROUND(E59,0)-(ROUND(G59,0)-ROUND(H59,0)))," ") -> 5 | H96: =IF(G94+G95-H97>0,-ROUND(B59,0)+ROUND(C59,0)+ROUND(E59,0)-(ROUND(G59,0)-ROUND(H59,0))," ") | I96: -
A97: Cr. Rent expense (included in SG&A expense, COS, or both) | H97: =ROUND(B59,0) -> 122 | I97: =H97 -> 122
A98: Dr. Increase or Cr. Decrease income tax provision (i.e., expense) | G98: =IF(G94+G95-H97<0,-(ROUND(G59,0)-ROUND(H59,0)),0) -> 3 | H98: =IF(G94+G95-H97>0,ROUND(G59,0)-ROUND(H59,0),0) -> 0 | I98: =IF(G98=" ",H98,-G98) -> -3
A99: Ensure total debits equals total credits! | G99: =SUM(G94:G98) -> 122 | H99: =SUM(H94:H98) -> 122 | I99: =SUM(I94:I98) -> 5

Sheet Oper Lease Adjust 3
A1: Operating Lease Commitment Analysis Adjustment | L1: . | M1: . | N1: . | O1: . | P1: . | Q1: . | R1: . | S1: . | T1: . | U1: . | V1: . | W1: . | X1: . | Y1: . | Z1: .
A7: INPUT US dollar amounts IN MILLIONS | G7: From company's income statement for: | J7: =C10+1 -> 2013
G8: Income from cont. oper's before taxes | J8: ='IS Analysis Adjustments'!V26 -> 1189
G9: Income tax provision | J9: ='IS Analysis Adjustments'!V27 -> 455
A10: FY of BS and Form 10-K: | C10: ='IS Analysis Adjustments'!L1 -> 2012 | G10: Combined effective income tax rate | J10: =J9/J8 -> 0.38267452
G11: Discount (incremental borrowing) rate | J11: 0.044
C12: Minimum lease payments (MLPs)
B13: Year | C13: Operating leases | E13: Capital leases | F13: Total
A14: 1 | B14: =C10+1 -> 2013 | C14: 153 | E14: $ | F14: $
A15: 2 | B15: =B14+1 -> 2014 | C15: 159
A16: 3 | B16: =B15+1 -> 2015 | C16: 158
A17: 4 | B17: =B16+1 -> 2016 | C17: 155
A18: 5 | B18: =B17+1 -> 2017 | C18: 144 | D18: (B)
B19: Thereafter | C19: 850 | D19: (A)
B20: Total | C20: =SUM(C14:C19) -> 1619 | E20: $ | F20: $
A22: Estimated number of years in "thereafter" period: (A) divide (B) | F22: =ROUNDUP(C19/C18,0) -> 6
A23: Estimated total number of years, n | F23: =IF(A18+F22>20,20,A18+F22) -> 11
A26: A | B26: B | C26: C | D26: D | F26: E | G26: F | H26: G | I26: H | J26: I | K26: J
C27: From footnote | D27: 1 / (1 + Discount rate)n | F27: C x D | G27: Prior H x Rate | H27: C – F | I27: Prior H – G | J27: Begin. I – J | K27: Beg. I / last n
A28: Future | B28: Company's | F28: Present | H28: Reduction | J28: Undeprec. | K28: Deprec.
A29: year | B29: fiscal | F29: value | G29: Implicit | H29: of lease | I29: Lease | J29: lease | K29: (amortiz.)
A30: (n) | B30: year | C30: MLPs | D30: Discount factor | F30: of MLP | G30: interest | H30: obligation | I30: obligation | J30: asset | K30: expense
A31: 0 | B31: =C10 -> 2012 | I31: =F52 -> 1269.9544 | J31: =I31 -> 1269.9544
A32: 1 | B32: =B14 -> 2013 | C32: =C14 -> 153 | E32: =1/(1+J$11)^A32 -> 0.95785441 | F32: =C32*E32 -> 146.55172 | G32: =I31*J$11 -> 55.877995 | H32: =C32-G32 -> 97.122005 | I32: =I31-H32 -> 1172.8324 | J32: =J31-K32 -> 1154.504 | K32: =IF(A32>F$23,0,I$31/F$23) -> 115.4504
A33: 2 | B33: =B15 -> 2014 | C33: =C15 -> 159 | E33: =1/(1+J$11)^A33 -> 0.91748506 | F33: =C33*E33 -> 145.88013 | G33: =I32*J$11 -> 51.604626 | H33: =C33-G33 -> 107.39537 | I33: =I32-H33 -> 1065.437 | J33: =J32-K33 -> 1039.0536 | K33: =IF(A33>F$23,0,I$31/F$23) -> 115.4504
A34: 3 | B34: =B16 -> 2015 | C34: =C16 -> 158 | E34: =1/(1+J$11)^A34 -> 0.87881711 | F34: =C34*E34 -> 138.8531 | G34: =I33*J$11 -> 46.87923 | H34: =C34-G34 -> 111.12077 | I34: =I33-H34 -> 954.31628 | J34: =J33-K34 -> 923.60322 | K34: =IF(A34>F$23,0,I$31/F$23) -> 115.4504
A35: 4 | B35: =B17 -> 2016 | C35: =C17 -> 155 | E35: =1/(1+J$11)^A35 -> 0.84177884 | F35: =C35*E35 -> 130.47572 | G35: =I34*J$11 -> 41.989916 | H35: =C35-G35 -> 113.01008 | I35: =I34-H35 -> 841.30619 | J35: =J34-K35 -> 808.15282 | K35: =IF(A35>F$23,0,I$31/F$23) -> 115.4504
A36: 5 | B36: =B18 -> 2017 | C36: =C18 -> 144 | E36: =1/(1+J$11)^A36 -> 0.80630157 | F36: =C36*E36 -> 116.10743 | G36: =I35*J$11 -> 37.017472 | H36: =C36-G36 -> 106.98253 | I36: =I35-H36 -> 734.32366 | J36: =J35-K36 -> 692.70241 | K36: =IF(A36>F$23,0,I$31/F$23) -> 115.4504
A37: =A36+1 -> 6 | B37: =B36+1 -> 2018 | C37: =IF(A37>F$23,0,IF(A37=F$23,C$20-SUM(C$32:C36),C$18)) -> 144 | E37: =1/(1+J$11)^A37 -> 0.77231951 | F37: =C37*E37 -> 111.21401 | G37: =I36*J$11 -> 32.310241 | H37: =C37-G37 -> 111.68976 | I37: =I36-H37 -> 622.63391 | J37: =J36-K37 -> 577.25201 | K37: =IF(A37>F$23,0,I$31/F$23) -> 115.4504
A38: =A37+1 -> 7 | B38: =B37+1 -> 2019 | C38: =IF(A38>F$23,0,IF(A38=F$23,C$20-SUM(C$32:C37),C$18)) -> 144 | E38: =1/(1+J$11)^A38 -> 0.73976965 | F38: =C38*E38 -> 106.52683 | G38: =I37*J$11 -> 27.395892 | H38: =C38-G38 -> 116.60411 | I38: =I37-H38 -> 506.0298 | J38: =J37-K38 -> 461.80161 | K38: =IF(A38>F$23,0,I$31/F$23) -> 115.4504
A39: =A38+1 -> 8 | B39: =B38+1 -> 2020 | C39: =IF(A39>F$23,0,IF(A39=F$23,C$20-SUM(C$32:C38),C$18)) -> 144 | E39: =1/(1+J$11)^A39 -> 0.70859162 | F39: =C39*E39 -> 102.03719 | G39: =I38*J$11 -> 22.265311 | H39: =C39-G39 -> 121.73469 | I39: =I38-H39 -> 384.29511 | J39: =J38-K39 -> 346.35121 | K39: =IF(A39>F$23,0,I$31/F$23) -> 115.4504
A40: =A39+1 -> 9 | B40: =B39+1 -> 2021 | C40: =IF(A40>F$23,0,IF(A40=F$23,C$20-SUM(C$32:C39),C$18)) -> 144 | E40: =1/(1+J$11)^A40 -> 0.6787276 | F40: =C40*E40 -> 97.736775 | G40: =I39*J$11 -> 16.908985 | H40: =C40-G40 -> 127.09102 | I40: =I39-H40 -> 257.20409 | J40: =J39-K40 -> 230.9008 | K40: =IF(A40>F$23,0,I$31/F$23) -> 115.4504
A41: =A40+1 -> 10 | B41: =B40+1 -> 2022 | C41: =IF(A41>F$23,0,IF(A41=F$23,C$20-SUM(C$32:C40),C$18)) -> 144 | E41: =1/(1+J$11)^A41 -> 0.65012223 | F41: =C41*E41 -> 93.6176 | G41: =I40*J$11 -> 11.31698 | H41: =C41-G41 -> 132.68302 | I41: =I40-H41 -> 124.52107 | J41: =J40-K41 -> 115.4504 | K41: =IF(A41>F$23,0,I$31/F$23) -> 115.4504
A42: =A41+1 -> 11 | B42: =B41+1 -> 2023 | C42: =IF(A42>F$23,0,IF(A42=F$23,C$20-SUM(C$32:C41),C$18)) -> 130 | E42: =1/(1+J$11)^A42 -> 0.62272244 | F42: =C42*E42 -> 80.953917 | G42: =I41*J$11 -> 5.4789272 | H42: =C42-G42 -> 124.52107 | I42: =I41-H42 -> 0 | J42: =J41-K42 -> -1.4210855e-13 | K42: =IF(A42>F$23,0,I$31/F$23) -> 115.4504
A43: =A42+1 -> 12 | B43: =B42+1 -> 2024 | C43: =IF(A43>F$23,0,IF(A43=F$23,C$20-SUM(C$32:C42),C$18)) -> 0 | E43: =1/(1+J$11)^A43 -> 0.59647743 | F43: =C43*E43 -> 0 | G43: =I42*J$11 -> 0 | H43: =C43-G43 -> 0 | I43: =I42-H43 -> 0 | J43: =J42-K43 -> -1.4210855e-13 | K43: =IF(A43>F$23,0,I$31/F$23) -> 0
A44: =A43+1 -> 13 | B44: =B43+1 -> 2025 | C44: =IF(A44>F$23,0,IF(A44=F$23,C$20-SUM(C$32:C43),C$18)) -> 0 | E44: =1/(1+J$11)^A44 -> 0.57133854 | F44: =C44*E44 -> 0 | G44: =I43*J$11 -> 0 | H44: =C44-G44 -> 0 | I44: =I43-H44 -> 0 | J44: =J43-K44 -> -1.4210855e-13 | K44: =IF(A44>F$23,0,I$31/F$23) -> 0
A45: =A44+1 -> 14 | B45: =B44+1 -> 2026 | C45: =IF(A45>F$23,0,IF(A45=F$23,C$20-SUM(C$32:C44),C$18)) -> 0 | E45: =1/(1+J$11)^A45 -> 0.54725913 | F45: =C45*E45 -> 0 | G45: =I44*J$11 -> 0 | H45: =C45-G45 -> 0 | I45: =I44-H45 -> 0 | J45: =J44-K45 -> -1.4210855e-13 | K45: =IF(A45>F$23,0,I$31/F$23) -> 0
A46: =A45+1 -> 15 | B46: =B45+1 -> 2027 | C46: =IF(A46>F$23,0,IF(A46=F$23,C$20-SUM(C$32:C45),C$18)) -> 0 | E46: =1/(1+J$11)^A46 -> 0.52419457 | F46: =C46*E46 -> 0 | G46: =I45*J$11 -> 0 | H46: =C46-G46 -> 0 | I46: =I45-H46 -> 0 | J46: =J45-K46 -> -1.4210855e-13 | K46: =IF(A46>F$23,0,I$31/F$23) -> 0
A47: =A46+1 -> 16 | B47: =B46+1 -> 2028 | C47: =IF(A47>F$23,0,IF(A47=F$23,C$20-SUM(C$32:C46),C$18)) -> 0 | E47: =1/(1+J$11)^A47 -> 0.50210208 | F47: =C47*E47 -> 0 | G47: =I46*J$11 -> 0 | H47: =C47-G47 -> 0 | I47: =I46-H47 -> 0 | J47: =J46-K47 -> -1.4210855e-13 | K47: =IF(A47>F$23,0,I$31/F$23) -> 0
A48: =A47+1 -> 17 | B48: =B47+1 -> 2029 | C48: =IF(A48>F$23,0,IF(A48=F$23,C$20-SUM(C$32:C47),C$18)) -> 0 | E48: =1/(1+J$11)^A48 -> 0.48094069 | F48: =C48*E48 -> 0 | G48: =I47*J$11 -> 0 | H48: =C48-G48 -> 0 | I48: =I47-H48 -> 0 | J48: =J47-K48 -> -1.4210855e-13 | K48: =IF(A48>F$23,0,I$31/F$23) -> 0
... A51: =A50+1 -> 20 | B51: =B50+1 -> 2032 | C51: =IF(A51>F$23,0,IF(A51=F$23,C$20-SUM(C$32:C50),C$18)) -> 0 | E51: =1/(1+J$11)^A51 -> 0.42265891 | F51: =C51*E51 -> 0 | G51: =I50*J$11 -> 0 | H51: =C51-G51 -> 0 | I51: =I50-H51 -> 0 | J51: =J50-K51 -> -1.4210855e-13 | K51: =IF(A51>F$23,0,I$31/F$23) -> 0
A52: Totals | C52: =SUM(C32:C51) -> 1619 | F52: =SUM(F32:F51) -> 1269.9544 | G52: =SUM(G32:G51) -> 349.04558 | H52: =SUM(H32:H51) -> 1269.9544 | K52: =SUM(K32:K51) -> 1269.9544
A54: K | B54: L | C54: M | E54: N | F54: O | G54: P | H54: Q
A55: From B | B55: From C | C55: From F | E55: From J | F55: M + N | G55: O – L | H55: P x (1 – tax rate)
A56: Company's | B56: Oper. lease | C56: Capital lease accounting | G56: Capital lease vs. Oper. lease
A57: fiscal | B57: accounting | C57: Interest | E57: Depreciation | F57: Total | G57: Pre-tax | H57: After-tax
A58: year | B58: (rent expense) | C58: expense | E58: expense | F58: expense | G58: effect | H58: effect
A59: =B32 -> 2013 | B59: =C32 -> 153 | C59: =G32 -> 55.877995 | E59: =K32 -> 115.4504 | F59: =C59+E59 -> 171.3284 | G59: =F59-B59 -> 18.328397 | H59: =G59*(1-J$10) -> 11.314586
A60: =B33 -> 2014 | B60: =C33 -> 159 | C60: =G33 -> 51.604626 | E60: =K33 -> 115.4504 | F60: =C60+E60 -> 167.05503 | G60: =F60-B60 -> 8.0550286 | H60: =G60*(1-J$10) -> 4.9725744
A61: =B34 -> 2015 | B61: =C34 -> 158 | C61: =G34 -> 46.87923 | E61: =K34 -> 115.4504 | F61: =C61+E61 -> 162.32963 | G61: =F61-B61 -> 4.3296322 | H61: =G61*(1-J$10) -> 2.6727923
A62: =B35 -> 2016 | B62: =C35 -> 155 | C62: =G35 -> 41.989916 | E62: =K35 -> 115.4504 | F62: =C62+E62 -> 157.44032 | G62: =F62-B62 -> 2.4403183 | H62: =G62*(1-J$10) -> 1.5064707
A63: =B36 -> 2017 | B63: =C36 -> 144 | C63: =G36 -> 37.017472 | E63: =K36 -> 115.4504 | F63: =C63+E63 -> 152.46787 | G63: =F63-B63 -> 8.4678746 | H63: =G63*(1-J$10) -> 5.2274348
A64: =B37 -> 2018 | B64: =C37 -> 144 | C64: =G37 -> 32.310241 | E64: =K37 -> 115.4504 | F64: =C64+E64 -> 147.76064 | G64: =F64-B64 -> 3.7606434 | H64: =G64*(1-J$10) -> 2.321541
A65: =B38 -> 2019 | B65: =C38 -> 144 | C65: =G38 -> 27.395892 | E65: =K38 -> 115.4504 | F65: =C65+E65 -> 142.84629 | G65: =F65-B65 -> -1.153706 | H65: =G65*(1-J$10) -> -0.7122121
A66: =B39 -> 2020 | B66: =C39 -> 144 | C66: =G39 -> 22.265311 | E66: =K39 -> 115.4504 | F66: =C66+E66 -> 137.71571 | G66: =F66-B66 -> -6.2842867 | H66: =G66*(1-J$10) -> -3.8794503
A67: =B40 -> 2021 | B67: =C40 -> 144 | C67: =G40 -> 16.908985 | E67: =K40 -> 115.4504 | F67: =C67+E67 -> 132.35939 | G67: =F67-B67 -> -11.640613 | H67: =G67*(1-J$10) -> -7.1860471
A68: =B41 -> 2022 | B68: =C41 -> 144 | C68: =G41 -> 11.31698 | E68: =K41 -> 115.4504 | F68: =C68+E68 -> 126.76738 | G68: =F68-B68 -> -17.232618 | H68: =G68*(1-J$10) -> -10.638134
A69: =B42 -> 2023 | B69: =C42 -> 130 | C69: =G42 -> 5.4789272 | E69: =K42 -> 115.4504 | F69: =C69+E69 -> 120.92933 | G69: =F69-B69 -> -9.0706706 | H69: =G69*(1-J$10) -> -5.5995561
A70: =B43 -> 2024 | B70: =C43 -> 0 | C70: =G43 -> 0 | E70: =K43 -> 0 | F70: =C70+E70 -> 0 | G70: =F70-B70 -> 0 | H70: =G70*(1-J$10) -> 0
... A78: =B51 -> 2032 | B78: =C51 -> 0 | C78: =G51 -> 0 | E78: =K51 -> 0 | F78: =C78+E78 -> 0 | G78: =F78-B78 -> 0 | H78: =G78*(1-J$10) -> 0
A79: Totals | B79: =SUM(B59:B78) -> 1619 | C79: =SUM(C59:C78) -> 349.04558 | E79: =SUM(E59:E78) -> 1269.9544 | F79: =SUM(F59:F78) -> 1619 | G79: =SUM(G59:G78) -> -9.9475983e-14 | H79: =SUM(H59:H78) -> -6.4837025e-14
A81: Analysis adjustment to balance sheet for FY | E81: =C10 -> 2012 | G81: Debit | H81: Credit
A82: Dr. PP&E, at cost | G82: =ROUND(J31,0) -> 1270
A83: Cr. Capital lease obligation–current (current liabilities) | H83: =ROUND(H32,0) -> 97
A84: Cr. Capital lease obligation–noncurrent (noncurrent liabilities) | H84: =ROUND(I31,0)-ROUND(H32,0) -> 1173
A85: Ensure total debits equals total credits! | G85: =SUM(G82:G84) -> 1270 | H85: =SUM(H82:H84) -> 1270
A93: Analysis adjustment to income statement of | E93: =J7 -> 2013 | G93: Debit | H93: Credit | I93: NI effect
A94: Dr. Interest expense–capital lease [included in "other expense (income)"] | G94: =ROUND(C59,0) -> 56 | I94: =-G94 -> -56
A95: Dr. Depreciation (or amortization) expense | G95: =ROUND(E59,0) -> 115 | I95: =-G95 -> -115
A96: Dr. Increase net income (NI) or Cr. Decrease NI (not retained earnings in BS) | G96: =IF(G94+G95-H97<0,-(-ROUND(B59,0)+ROUND(C59,0)+ROUND(E59,0)-(ROUND(G59,0)-ROUND(H59,0)))," ") | H96: =IF(G94+G95-H97>0,-ROUND(B59,0)+ROUND(C59,0)+ROUND(E59,0)-(ROUND(G59,0)-ROUND(H59,0))," ") -> 11 | I96: -
A97: Cr. Rent expense (included in SG&A expense, COS, or both) | H97: =ROUND(B59,0) -> 153 | I97: =H97 -> 153
A98: Dr. Increase or Cr. Decrease income tax provision (i.e., expense) | G98: =IF(G94+G95-H97<0,-(ROUND(G59,0)-ROUND(H59,0)),0) -> 0 | H98: =IF(G94+G95-H97>0,ROUND(G59,0)-ROUND(H59,0),0) -> 7 | I98: =IF(G98=" ",H98,-G98) -> 0
A99: Ensure total debits equals total credits! | G99: =SUM(G94:G98) -> 171 | H99: =SUM(H94:H98) -> 171 | I99: =SUM(I94:I98) -> -18

Sheet Oper Lease Adjust 4
A1: Operating Lease Commitment Analysis Adjustment | L1: . | M1: . | N1: . | O1: . | P1: . | Q1: . | R1: . | S1: . | T1: . | U1: . | V1: . | W1: . | X1: . | Y1: . | Z1: .
A7: INPUT US dollar amounts IN MILLIONS | G7: From company's income statement for: | J7: =C10+1 -> 2014
G8: Income from cont. oper's before taxes | J8: ='IS Analysis Adjustments'!AF26 -> 1185
G9: Income tax provision | J9: ='IS Analysis Adjustments'!AF27 -> 465
A10: FY of BS and Form 10-K: | C10: ='IS Analysis Adjustments'!V1 -> 2013 | G10: Combined effective income tax rate | J10: =J9/J8 -> 0.39240506
G11: Discount (incremental borrowing) rate | J11: 0.044
C12: Minimum lease payments (MLPs)
B13: Year | C13: Operating leases | E13: Capital leases | F13: Total
A14: 1 | B14: =C10+1 -> 2014 | C14: 177 | E14: $ | F14: $
A15: 2 | B15: =B14+1 -> 2015 | C15: 193
A16: 3 | B16: =B15+1 -> 2016 | C16: 196
A17: 4 | B17: =B16+1 -> 2017 | C17: 189
A18: 5 | B18: =B17+1 -> 2018 | C18: 186 | D18: (B)
B19: Thereafter | C19: 1054 | D19: (A)
B20: Total | C20: =SUM(C14:C19) -> 1995 | E20: $ | F20: $
A22: Estimated number of years in "thereafter" period: (A) divide (B) | F22: =ROUNDUP(C19/C18,0) -> 6
A23: Estimated total number of years, n | F23: =IF(A18+F22>20,20,A18+F22) -> 11
A26: A | B26: B | C26: C | D26: D | F26: E | G26: F | H26: G | I26: H | J26: I | K26: J
C27: From footnote | D27: 1 / (1 + Discount rate)n | F27: C x D | G27: Prior H x Rate | H27: C – F | I27: Prior H – G | J27: Begin. I – J | K27: Beg. I / last n
A28: Future | B28: Company's | F28: Present | H28: Reduction | J28: Undeprec. | K28: Deprec.
A29: year | B29: fiscal | F29: value | G29: Implicit | H29: of lease | I29: Lease | J29: lease | K29: (amortiz.)
A30: (n) | B30: year | C30: MLPs | D30: Discount factor | F30: of MLP | G30: interest | H30: obligation | I30: obligation | J30: asset | K30: expense
A31: 0 | B31: =C10 -> 2013 | I31: =F52 -> 1565.3616 | J31: =I31 -> 1565.3616
A32: 1 | B32: =B14 -> 2014 | C32: =C14 -> 177 | E32: =1/(1+J$11)^A32 -> 0.95785441 | F32: =C32*E32 -> 169.54023 | G32: =I31*J$11 -> 68.875909 | H32: =C32-G32 -> 108.12409 | I32: =I31-H32 -> 1457.2375 | J32: =J31-K32 -> 1423.056 | K32: =IF(A32>F$23,0,I$31/F$23) -> 142.3056
A33: 2 | B33: =B15 -> 2015 | C33: =C15 -> 193 | E33: =1/(1+J$11)^A33 -> 0.91748506 | F33: =C33*E33 -> 177.07462 | G33: =I32*J$11 -> 64.118449 | H33: =C33-G33 -> 128.88155 | I33: =I32-H33 -> 1328.3559 | J33: =J32-K33 -> 1280.7504 | K33: =IF(A33>F$23,0,I$31/F$23) -> 142.3056
A34: 3 | B34: =B16 -> 2016 | C34: =C16 -> 196 | E34: =1/(1+J$11)^A34 -> 0.87881711 | F34: =C34*E34 -> 172.24815 | G34: =I33*J$11 -> 58.447661 | H34: =C34-G34 -> 137.55234 | I34: =I33-H34 -> 1190.8036 | J34: =J33-K34 -> 1138.4448 | K34: =IF(A34>F$23,0,I$31/F$23) -> 142.3056
A35: 4 | B35: =B17 -> 2017 | C35: =C17 -> 189 | E35: =1/(1+J$11)^A35 -> 0.84177884 | F35: =C35*E35 -> 159.0962 | G35: =I34*J$11 -> 52.395358 | H35: =C35-G35 -> 136.60464 | I35: =I34-H35 -> 1054.1989 | J35: =J34-K35 -> 996.13918 | K35: =IF(A35>F$23,0,I$31/F$23) -> 142.3056
A36: 5 | B36: =B18 -> 2018 | C36: =C18 -> 186 | E36: =1/(1+J$11)^A36 -> 0.80630157 | F36: =C36*E36 -> 149.97209 | G36: =I35*J$11 -> 46.384754 | H36: =C36-G36 -> 139.61525 | I36: =I35-H36 -> 914.5837 | J36: =J35-K36 -> 853.83358 | K36: =IF(A36>F$23,0,I$31/F$23) -> 142.3056
A37: =A36+1 -> 6 | B37: =B36+1 -> 2019 | C37: =IF(A37>F$23,0,IF(A37=F$23,C$20-SUM(C$32:C36),C$18)) -> 186 | E37: =1/(1+J$11)^A37 -> 0.77231951 | F37: =C37*E37 -> 143.65143 | G37: =I36*J$11 -> 40.241683 | H37: =C37-G37 -> 145.75832 | I37: =I36-H37 -> 768.82538 | J37: =J36-K37 -> 711.52799 | K37: =IF(A37>F$23,0,I$31/F$23) -> 142.3056
A38: =A37+1 -> 7 | B38: =B37+1 -> 2020 | C38: =IF(A38>F$23,0,IF(A38=F$23,C$20-SUM(C$32:C37),C$18)) -> 186 | E38: =1/(1+J$11)^A38 -> 0.73976965 | F38: =C38*E38 -> 137.59715 | G38: =I37*J$11 -> 33.828317 | H38: =C38-G38 -> 152.17168 | I38: =I37-H38 -> 616.6537 | J38: =J37-K38 -> 569.22239 | K38: =IF(A38>F$23,0,I$31/F$23) -> 142.3056
A39: =A38+1 -> 8 | B39: =B38+1 -> 2021 | C39: =IF(A39>F$23,0,IF(A39=F$23,C$20-SUM(C$32:C38),C$18)) -> 186 | E39: =1/(1+J$11)^A39 -> 0.70859162 | F39: =C39*E39 -> 131.79804 | G39: =I38*J$11 -> 27.132763 | H39: =C39-G39 -> 158.86724 | I39: =I38-H39 -> 457.78646 | J39: =J38-K39 -> 426.91679 | K39: =IF(A39>F$23,0,I$31/F$23) -> 142.3056
A40: =A39+1 -> 9 | B40: =B39+1 -> 2022 | C40: =IF(A40>F$23,0,IF(A40=F$23,C$20-SUM(C$32:C39),C$18)) -> 186 | E40: =1/(1+J$11)^A40 -> 0.6787276 | F40: =C40*E40 -> 126.24333 | G40: =I39*J$11 -> 20.142604 | H40: =C40-G40 -> 165.8574 | I40: =I39-H40 -> 291.92907 | J40: =J39-K40 -> 284.61119 | K40: =IF(A40>F$23,0,I$31/F$23) -> 142.3056
A41: =A40+1 -> 10 | B41: =B40+1 -> 2023 | C41: =IF(A41>F$23,0,IF(A41=F$23,C$20-SUM(C$32:C40),C$18)) -> 186 | E41: =1/(1+J$11)^A41 -> 0.65012223 | F41: =C41*E41 -> 120.92273 | G41: =I40*J$11 -> 12.844879 | H41: =C41-G41 -> 173.15512 | I41: =I40-H41 -> 118.77395 | J41: =J40-K41 -> 142.3056 | K41: =IF(A41>F$23,0,I$31/F$23) -> 142.3056
A42: =A41+1 -> 11 | B42: =B41+1 -> 2024 | C42: =IF(A42>F$23,0,IF(A42=F$23,C$20-SUM(C$32:C41),C$18)) -> 124 | E42: =1/(1+J$11)^A42 -> 0.62272244 | F42: =C42*E42 -> 77.217582 | G42: =I41*J$11 -> 5.2260536 | H42: =C42-G42 -> 118.77395 | I42: =I41-H42 -> -3.126388e-13 | J42: =J41-K42 -> 0 | K42: =IF(A42>F$23,0,I$31/F$23) -> 142.3056
A43: =A42+1 -> 12 | B43: =B42+1 -> 2025 | C43: =IF(A43>F$23,0,IF(A43=F$23,C$20-SUM(C$32:C42),C$18)) -> 0 | E43: =1/(1+J$11)^A43 -> 0.59647743 | F43: =C43*E43 -> 0 | G43: =I42*J$11 -> -1.3756107e-14 | H43: =C43-G43 -> 1.3756107e-14 | I43: =I42-H43 -> -3.2639491e-13 | J43: =J42-K43 -> 0 | K43: =IF(A43>F$23,0,I$31/F$23) -> 0
A44: =A43+1 -> 13 | B44: =B43+1 -> 2026 | C44: =IF(A44>F$23,0,IF(A44=F$23,C$20-SUM(C$32:C43),C$18)) -> 0 | E44: =1/(1+J$11)^A44 -> 0.57133854 | F44: =C44*E44 -> 0 | G44: =I43*J$11 -> -1.4361376e-14 | H44: =C44-G44 -> 1.4361376e-14 | I44: =I43-H44 -> -3.4075629e-13 | J44: =J43-K44 -> 0 | K44: =IF(A44>F$23,0,I$31/F$23) -> 0
A45: =A44+1 -> 14 | B45: =B44+1 -> 2027 | C45: =IF(A45>F$23,0,IF(A45=F$23,C$20-SUM(C$32:C44),C$18)) -> 0 | E45: =1/(1+J$11)^A45 -> 0.54725913 | F45: =C45*E45 -> 0 | G45: =I44*J$11 -> -1.4993277e-14 | H45: =C45-G45 -> 1.4993277e-14 | I45: =I44-H45 -> -3.5574956e-13 | J45: =J44-K45 -> 0 | K45: =IF(A45>F$23,0,I$31/F$23) -> 0
A46: =A45+1 -> 15 | B46: =B45+1 -> 2028 | C46: =IF(A46>F$23,0,IF(A46=F$23,C$20-SUM(C$32:C45),C$18)) -> 0 | E46: =1/(1+J$11)^A46 -> 0.52419457 | F46: =C46*E46 -> 0 | G46: =I45*J$11 -> -1.5652981e-14 | H46: =C46-G46 -> 1.5652981e-14 | I46: =I45-H46 -> -3.7140254e-13 | J46: =J45-K46 -> 0 | K46: =IF(A46>F$23,0,I$31/F$23) -> 0
A47: =A46+1 -> 16 | B47: =B46+1 -> 2029 | C47: =IF(A47>F$23,0,IF(A47=F$23,C$20-SUM(C$32:C46),C$18)) -> 0 | E47: =1/(1+J$11)^A47 -> 0.50210208 | F47: =C47*E47 -> 0 | G47: =I46*J$11 -> -1.6341712e-14 | H47: =C47-G47 -> 1.6341712e-14 | I47: =I46-H47 -> -3.8774426e-13 | J47: =J46-K47 -> 0 | K47: =IF(A47>F$23,0,I$31/F$23) -> 0
A48: =A47+1 -> 17 | B48: =B47+1 -> 2030 | C48: =IF(A48>F$23,0,IF(A48=F$23,C$20-SUM(C$32:C47),C$18)) -> 0 | E48: =1/(1+J$11)^A48 -> 0.48094069 | F48: =C48*E48 -> 0 | G48: =I47*J$11 -> -1.7060747e-14 | H48: =C48-G48 -> 1.7060747e-14 | I48: =I47-H48 -> -4.04805e-13 | J48: =J47-K48 -> 0 | K48: =IF(A48>F$23,0,I$31/F$23) -> 0
... A51: =A50+1 -> 20 | B51: =B50+1 -> 2033 | C51: =IF(A51>F$23,0,IF(A51=F$23,C$20-SUM(C$32:C50),C$18)) -> 0 | E51: =1/(1+J$11)^A51 -> 0.42265891 | F51: =C51*E51 -> 0 | G51: =I50*J$11 -> -1.9413308e-14 | H51: =C51-G51 -> 1.9413308e-14 | I51: =I50-H51 -> -4.6062485e-13 | J51: =J50-K51 -> 0 | K51: =IF(A51>F$23,0,I$31/F$23) -> 0
A52: Totals | C52: =SUM(C32:C51) -> 1995 | F52: =SUM(F32:F51) -> 1565.3616 | G52: =SUM(G32:G51) -> 429.63843 | H52: =SUM(H32:H51) -> 1565.3616 | K52: =SUM(K32:K51) -> 1565.3616
A54: K | B54: L | C54: M | E54: N | F54: O | G54: P | H54: Q
A55: From B | B55: From C | C55: From F | E55: From J | F55: M + N | G55: O – L | H55: P x (1 – tax rate)
A56: Company's | B56: Oper. lease | C56: Capital lease accounting | G56: Capital lease vs. Oper. lease
A57: fiscal | B57: accounting | C57: Interest | E57: Depreciation | F57: Total | G57: Pre-tax | H57: After-tax
A58: year | B58: (rent expense) | C58: expense | E58: expense | F58: expense | G58: effect | H58: effect
A59: =B32 -> 2014 | B59: =C32 -> 177 | C59: =G32 -> 68.875909 | E59: =K32 -> 142.3056 | F59: =C59+E59 -> 211.18151 | G59: =F59-B59 -> 34.181506 | H59: =G59*(1-J$10) -> 20.76851
A60: =B33 -> 2015 | B60: =C33 -> 193 | C60: =G33 -> 64.118449 | E60: =K33 -> 142.3056 | F60: =C60+E60 -> 206.42405 | G60: =F60-B60 -> 13.424046 | H60: =G60*(1-J$10) -> 8.1563826
A61: =B34 -> 2016 | B61: =C34 -> 196 | C61: =G34 -> 58.447661 | E61: =K34 -> 142.3056 | F61: =C61+E61 -> 200.75326 | G61: =F61-B61 -> 4.7532581 | H61: =G61*(1-J$10) -> 2.8880556
A62: =B35 -> 2017 | B62: =C35 -> 189 | C62: =G35 -> 52.395358 | E62: =K35 -> 142.3056 | F62: =C62+E62 -> 194.70096 | G62: =F62-B62 -> 5.7009552 | H62: =G62*(1-J$10) -> 3.4638715
A63: =B36 -> 2018 | B63: =C36 -> 186 | C63: =G36 -> 46.384754 | E63: =K36 -> 142.3056 | F63: =C63+E63 -> 188.69035 | G63: =F63-B63 -> 2.6903509 | H63: =G63*(1-J$10) -> 1.6346436
A64: =B37 -> 2019 | B64: =C37 -> 186 | C64: =G37 -> 40.241683 | E64: =K37 -> 142.3056 | F64: =C64+E64 -> 182.54728 | G64: =F64-B64 -> -3.4527199 | H64: =G64*(1-J$10) -> -2.0978551
A65: =B38 -> 2020 | B65: =C38 -> 186 | C65: =G38 -> 33.828317 | E65: =K38 -> 142.3056 | F65: =C65+E65 -> 176.13391 | G65: =F65-B65 -> -9.8660859 | H65: =G65*(1-J$10) -> -5.9945838
A66: =B39 -> 2021 | B66: =C39 -> 186 | C66: =G39 -> 27.132763 | E66: =K39 -> 142.3056 | F66: =C66+E66 -> 169.43836 | G66: =F66-B66 -> -16.56164 | H66: =G66*(1-J$10) -> -10.062769
A67: =B40 -> 2022 | B67: =C40 -> 186 | C67: =G40 -> 20.142604 | E67: =K40 -> 142.3056 | F67: =C67+E67 -> 162.4482 | G67: =F67-B67 -> -23.551798 | H67: =G67*(1-J$10) -> -14.309953
A68: =B41 -> 2023 | B68: =C41 -> 186 | C68: =G41 -> 12.844879 | E68: =K41 -> 142.3056 | F68: =C68+E68 -> 155.15048 | G68: =F68-B68 -> -30.849524 | H68: =G68*(1-J$10) -> -18.744014
A69: =B42 -> 2024 | B69: =C42 -> 124 | C69: =G42 -> 5.2260536 | E69: =K42 -> 142.3056 | F69: =C69+E69 -> 147.53165 | G69: =F69-B69 -> 23.531651 | H69: =G69*(1-J$10) -> 14.297712
A70: =B43 -> 2025 | B70: =C43 -> 0 | C70: =G43 -> -1.3756107e-14 | E70: =K43 -> 0 | F70: =C70+E70 -> -1.3756107e-14 | G70: =F70-B70 -> -1.3756107e-14 | H70: =G70*(1-J$10) -> -8.3581412e-15
... A78: =B51 -> 2033 | B78: =C51 -> 0 | C78: =G51 -> -1.9413308e-14 | E78: =K51 -> 0 | F78: =C78+E78 -> -1.9413308e-14 | G78: =F78-B78 -> -1.9413308e-14 | H78: =G78*(1-J$10) -> -1.1795428e-14
A79: Totals | B79: =SUM(B59:B78) -> 1995 | C79: =SUM(C59:C78) -> 429.63843 | E79: =SUM(E59:E78) -> 1565.3616 | F79: =SUM(F59:F78) -> 1995 | G79: =SUM(G59:G78) -> -2.0482947e-13 | H79: =SUM(H59:H78) -> -1.2011364e-13
A81: Analysis adjustment to balance sheet for FY | E81: =C10 -> 2013 | G81: Debit | H81: Credit
A82: Dr. PP&E, at cost | G82: =ROUND(J31,0) -> 1565
A83: Cr. Capital lease obligation–current (current liabilities) | H83: =ROUND(H32,0) -> 108
A84: Cr. Capital lease obligation–noncurrent (noncurrent liabilities) | H84: =ROUND(I31,0)-ROUND(H32,0) -> 1457
A85: Ensure total debits equals total credits! | G85: =SUM(G82:G84) -> 1565 | H85: =SUM(H82:H84) -> 1565
A93: Analysis adjustment to income statement of | E93: =J7 -> 2014 | G93: Debit | H93: Credit | I93: NI effect
A94: Dr. Interest expense–capital lease [included in "other expense (income)"] | G94: =ROUND(C59,0) -> 69 | I94: =-G94 -> -69
A95: Dr. Depreciation (or amortization) expense | G95: =ROUND(E59,0) -> 142 | I95: =-G95 -> -142
A96: Dr. Increase net income (NI) or Cr. Decrease NI (not retained earnings in BS) | G96: =IF(G94+G95-H97<0,-(-ROUND(B59,0)+ROUND(C59,0)+ROUND(E59,0)-(ROUND(G59,0)-ROUND(H59,0)))," ") | H96: =IF(G94+G95-H97>0,-ROUND(B59,0)+ROUND(C59,0)+ROUND(E59,0)-(ROUND(G59,0)-ROUND(H59,0))," ") -> 21 | I96: -
A97: Cr. Rent expense (included in SG&A expense, COS, or both) | H97: =ROUND(B59,0) -> 177 | I97: =H97 -> 177
A98: Dr. Increase or Cr. Decrease income tax provision (i.e., expense) | G98: =IF(G94+G95-H97<0,-(ROUND(G59,0)-ROUND(H59,0)),0) -> 0 | H98: =IF(G94+G95-H97>0,ROUND(G59,0)-ROUND(H59,0),0) -> 13 | I98: =IF(G98=" ",H98,-G98) -> 0
A99: Ensure total debits equals total credits! | G99: =SUM(G94:G98) -> 211 | H99: =SUM(H94:H98) -> 211 | I99: =SUM(I94:I98) -> -34

Sheet Oper Lease Adjust 5
A1: Operating Lease Commitment Analysis Adjustment | L1: . | M1: . | N1: . | O1: . | P1: . | Q1: . | R1: . | S1: . | T1: . | U1: . | V1: . | W1: . | X1: . | Y1: . | Z1: .
A7: INPUT US dollar amounts IN MILLIONS | G7: From company's income statement for: | J7: =C10+1 -> 2015
G8: Income from cont. oper's before taxes | J8: ='IS Analysis Adjustments'!AP26 -> 976
G9: Income tax provision | J9: ='IS Analysis Adjustments'!AP27 -> 376
A10: FY of BS and Form 10-K: | C10: ='IS Analysis Adjustments'!AF1 -> 2014 | G10: Combined effective income tax rate | J10: =J9/J8 -> 0.3852459
G11: Discount (incremental borrowing) rate | J11: 0.044
C12: Minimum lease payments (MLPs)
B13: Year | C13: Operating leases | E13: Capital leases | F13: Total
A14: 1 | B14: =C10+1 -> 2015 | C14: 210 | E14: $ | F14: $
A15: 2 | B15: =B14+1 -> 2016 | C15: 231
A16: 3 | B16: =B15+1 -> 2017 | C16: 229
A17: 4 | B17: =B16+1 -> 2018 | C17: 227
A18: 5 | B18: =B17+1 -> 2019 | C18: 219 | D18: (B)
B19: Thereafter | C19: 1202 | D19: (A)
B20: Total | C20: =SUM(C14:C19) -> 2318 | E20: $ | F20: $
A22: Estimated number of years in "thereafter" period: (A) divide (B) | F22: =ROUNDUP(C19/C18,0) -> 6
A23: Estimated total number of years, n | F23: =IF(A18+F22>20,20,A18+F22) -> 11
A26: A | B26: B | C26: C | D26: D | F26: E | G26: F | H26: G | I26: H | J26: I | K26: J
C27: From footnote | D27: 1 / (1 + Discount rate)n | F27: C x D | G27: Prior H x Rate | H27: C – F | I27: Prior H – G | J27: Begin. I – J | K27: Beg. I / last n
A28: Future | B28: Company's | F28: Present | H28: Reduction | J28: Undeprec. | K28: Deprec.
A29: year | B29: fiscal | F29: value | G29: Implicit | H29: of lease | I29: Lease | J29: lease | K29: (amortiz.)
A30: (n) | B30: year | C30: MLPs | D30: Discount factor | F30: of MLP | G30: interest | H30: obligation | I30: obligation | J30: asset | K30: expense
A31: 0 | B31: =C10 -> 2014 | I31: =F52 -> 1825.9799 | J31: =I31 -> 1825.9799
A32: 1 | B32: =B14 -> 2015 | C32: =C14 -> 210 | E32: =1/(1+J$11)^A32 -> 0.95785441 | F32: =C32*E32 -> 201.14943 | G32: =I31*J$11 -> 80.343117 | H32: =C32-G32 -> 129.65688 | I32: =I31-H32 -> 1696.3231 | J32: =J31-K32 -> 1659.9818 | K32: =IF(A32>F$23,0,I$31/F$23) -> 165.99818
A33: 2 | B33: =B15 -> 2016 | C33: =C15 -> 231 | E33: =1/(1+J$11)^A33 -> 0.91748506 | F33: =C33*E33 -> 211.93905 | G33: =I32*J$11 -> 74.638214 | H33: =C33-G33 -> 156.36179 | I33: =I32-H33 -> 1539.9613 | J33: =J32-K33 -> 1493.9836 | K33: =IF(A33>F$23,0,I$31/F$23) -> 165.99818
A34: 3 | B34: =B16 -> 2017 | C34: =C16 -> 229 | E34: =1/(1+J$11)^A34 -> 0.87881711 | F34: =C34*E34 -> 201.24912 | G34: =I33*J$11 -> 67.758296 | H34: =C34-G34 -> 161.2417 | I34: =I33-H34 -> 1378.7196 | J34: =J33-K34 -> 1327.9854 | K34: =IF(A34>F$23,0,I$31/F$23) -> 165.99818
A35: 4 | B35: =B17 -> 2018 | C35: =C17 -> 227 | E35: =1/(1+J$11)^A35 -> 0.84177884 | F35: =C35*E35 -> 191.0838 | G35: =I34*J$11 -> 60.663661 | H35: =C35-G35 -> 166.33634 | I35: =I34-H35 -> 1212.3832 | J35: =J34-K35 -> 1161.9872 | K35: =IF(A35>F$23,0,I$31/F$23) -> 165.99818
A36: 5 | B36: =B18 -> 2019 | C36: =C18 -> 219 | E36: =1/(1+J$11)^A36 -> 0.80630157 | F36: =C36*E36 -> 176.58004 | G36: =I35*J$11 -> 53.344862 | H36: =C36-G36 -> 165.65514 | I36: =I35-H36 -> 1046.7281 | J36: =J35-K36 -> 995.98906 | K36: =IF(A36>F$23,0,I$31/F$23) -> 165.99818
A37: =A36+1 -> 6 | B37: =B36+1 -> 2020 | C37: =IF(A37>F$23,0,IF(A37=F$23,C$20-SUM(C$32:C36),C$18)) -> 219 | E37: =1/(1+J$11)^A37 -> 0.77231951 | F37: =C37*E37 -> 169.13797 | G37: =I36*J$11 -> 46.056036 | H37: =C37-G37 -> 172.94396 | I37: =I36-H37 -> 873.78413 | J37: =J36-K37 -> 829.99088 | K37: =IF(A37>F$23,0,I$31/F$23) -> 165.99818
A38: =A37+1 -> 7 | B38: =B37+1 -> 2021 | C38: =IF(A38>F$23,0,IF(A38=F$23,C$20-SUM(C$32:C37),C$18)) -> 219 | E38: =1/(1+J$11)^A38 -> 0.73976965 | F38: =C38*E38 -> 162.00955 | G38: =I37*J$11 -> 38.446502 | H38: =C38-G38 -> 180.5535 | I38: =I37-H38 -> 693.23063 | J38: =J37-K38 -> 663.99271 | K38: =IF(A38>F$23,0,I$31/F$23) -> 165.99818
A39: =A38+1 -> 8 | B39: =B38+1 -> 2022 | C39: =IF(A39>F$23,0,IF(A39=F$23,C$20-SUM(C$32:C38),C$18)) -> 219 | E39: =1/(1+J$11)^A39 -> 0.70859162 | F39: =C39*E39 -> 155.18156 | G39: =I38*J$11 -> 30.502148 | H39: =C39-G39 -> 188.49785 | I39: =I38-H39 -> 504.73277 | J39: =J38-K39 -> 497.99453 | K39: =IF(A39>F$23,0,I$31/F$23) -> 165.99818
A40: =A39+1 -> 9 | B40: =B39+1 -> 2023 | C40: =IF(A40>F$23,0,IF(A40=F$23,C$20-SUM(C$32:C39),C$18)) -> 219 | E40: =1/(1+J$11)^A40 -> 0.6787276 | F40: =C40*E40 -> 148.64135 | G40: =I39*J$11 -> 22.208242 | H40: =C40-G40 -> 196.79176 | I40: =I39-H40 -> 307.94102 | J40: =J39-K40 -> 331.99635 | K40: =IF(A40>F$23,0,I$31/F$23) -> 165.99818
A41: =A40+1 -> 10 | B41: =B40+1 -> 2024 | C41: =IF(A41>F$23,0,IF(A41=F$23,C$20-SUM(C$32:C40),C$18)) -> 219 | E41: =1/(1+J$11)^A41 -> 0.65012223 | F41: =C41*E41 -> 142.37677 | G41: =I40*J$11 -> 13.549405 | H41: =C41-G41 -> 205.4506 | I41: =I40-H41 -> 102.49042 | J41: =J40-K41 -> 165.99818 | K41: =IF(A41>F$23,0,I$31/F$23) -> 165.99818
A42: =A41+1 -> 11 | B42: =B41+1 -> 2025 | C42: =IF(A42>F$23,0,IF(A42=F$23,C$20-SUM(C$32:C41),C$18)) -> 107 | E42: =1/(1+J$11)^A42 -> 0.62272244 | F42: =C42*E42 -> 66.631301 | G42: =I41*J$11 -> 4.5095785 | H42: =C42-G42 -> 102.49042 | I42: =I41-H42 -> 0 | J42: =J41-K42 -> 0 | K42: =IF(A42>F$23,0,I$31/F$23) -> 165.99818
A43: =A42+1 -> 12 | B43: =B42+1 -> 2026 | C43: =IF(A43>F$23,0,IF(A43=F$23,C$20-SUM(C$32:C42),C$18)) -> 0 | E43: =1/(1+J$11)^A43 -> 0.59647743 | F43: =C43*E43 -> 0 | G43: =I42*J$11 -> 0 | H43: =C43-G43 -> 0 | I43: =I42-H43 -> 0 | J43: =J42-K43 -> 0 | K43: =IF(A43>F$23,0,I$31/F$23) -> 0
A44: =A43+1 -> 13 | B44: =B43+1 -> 2027 | C44: =IF(A44>F$23,0,IF(A44=F$23,C$20-SUM(C$32:C43),C$18)) -> 0 | E44: =1/(1+J$11)^A44 -> 0.57133854 | F44: =C44*E44 -> 0 | G44: =I43*J$11 -> 0 | H44: =C44-G44 -> 0 | I44: =I43-H44 -> 0 | J44: =J43-K44 -> 0 | K44: =IF(A44>F$23,0,I$31/F$23) -> 0
A45: =A44+1 -> 14 | B45: =B44+1 -> 2028 | C45: =IF(A45>F$23,0,IF(A45=F$23,C$20-SUM(C$32:C44),C$18)) -> 0 | E45: =1/(1+J$11)^A45 -> 0.54725913 | F45: =C45*E45 -> 0 | G45: =I44*J$11 -> 0 | H45: =C45-G45 -> 0 | I45: =I44-H45 -> 0 | J45: =J44-K45 -> 0 | K45: =IF(A45>F$23,0,I$31/F$23) -> 0
A46: =A45+1 -> 15 | B46: =B45+1 -> 2029 | C46: =IF(A46>F$23,0,IF(A46=F$23,C$20-SUM(C$32:C45),C$18)) -> 0 | E46: =1/(1+J$11)^A46 -> 0.52419457 | F46: =C46*E46 -> 0 | G46: =I45*J$11 -> 0 | H46: =C46-G46 -> 0 | I46: =I45-H46 -> 0 | J46: =J45-K46 -> 0 | K46: =IF(A46>F$23,0,I$31/F$23) -> 0
A47: =A46+1 -> 16 | B47: =B46+1 -> 2030 | C47: =IF(A47>F$23,0,IF(A47=F$23,C$20-SUM(C$32:C46),C$18)) -> 0 | E47: =1/(1+J$11)^A47 -> 0.50210208 | F47: =C47*E47 -> 0 | G47: =I46*J$11 -> 0 | H47: =C47-G47 -> 0 | I47: =I46-H47 -> 0 | J47: =J46-K47 -> 0 | K47: =IF(A47>F$23,0,I$31/F$23) -> 0
A48: =A47+1 -> 17 | B48: =B47+1 -> 2031 | C48: =IF(A48>F$23,0,IF(A48=F$23,C$20-SUM(C$32:C47),C$18)) -> 0 | E48: =1/(1+J$11)^A48 -> 0.48094069 | F48: =C48*E48 -> 0 | G48: =I47*J$11 -> 0 | H48: =C48-G48 -> 0 | I48: =I47-H48 -> 0 | J48: =J47-K48 -> 0 | K48: =IF(A48>F$23,0,I$31/F$23) -> 0
... A51: =A50+1 -> 20 | B51: =B50+1 -> 2034 | C51: =IF(A51>F$23,0,IF(A51=F$23,C$20-SUM(C$32:C50),C$18)) -> 0 | E51: =1/(1+J$11)^A51 -> 0.42265891 | F51: =C51*E51 -> 0 | G51: =I50*J$11 -> 0 | H51: =C51-G51 -> 0 | I51: =I50-H51 -> 0 | J51: =J50-K51 -> 0 | K51: =IF(A51>F$23,0,I$31/F$23) -> 0
A52: Totals | C52: =SUM(C32:C51) -> 2318 | F52: =SUM(F32:F51) -> 1825.9799 | G52: =SUM(G32:G51) -> 492.02006 | H52: =SUM(H32:H51) -> 1825.9799 | K52: =SUM(K32:K51) -> 1825.9799
A54: K | B54: L | C54: M | E54: N | F54: O | G54: P | H54: Q
A55: From B | B55: From C | C55: From F | E55: From J | F55: M + N | G55: O – L | H55: P x (1 – tax rate)
A56: Company's | B56: Oper. lease | C56: Capital lease accounting | G56: Capital lease vs. Oper. lease
A57: fiscal | B57: accounting | C57: Interest | E57: Depreciation | F57: Total | G57: Pre-tax | H57: After-tax
A58: year | B58: (rent expense) | C58: expense | E58: expense | F58: expense | G58: effect | H58: effect
A59: =B32 -> 2015 | B59: =C32 -> 210 | C59: =G32 -> 80.343117 | E59: =K32 -> 165.99818 | F59: =C59+E59 -> 246.34129 | G59: =F59-B59 -> 36.341294 | H59: =G59*(1-J$10) -> 22.340959
A60: =B33 -> 2016 | B60: =C33 -> 231 | C60: =G33 -> 74.638214 | E60: =K33 -> 165.99818 | F60: =C60+E60 -> 240.63639 | G60: =F60-B60 -> 9.6363907 | H60: =G60*(1-J$10) -> 5.9240107
A61: =B34 -> 2017 | B61: =C34 -> 229 | C61: =G34 -> 67.758296 | E61: =K34 -> 165.99818 | F61: =C61+E61 -> 233.75647 | G61: =F61-B61 -> 4.7564722 | H61: =G61*(1-J$10) -> 2.9240608
A62: =B35 -> 2018 | B62: =C35 -> 227 | C62: =G35 -> 60.663661 | E62: =K35 -> 165.99818 | F62: =C62+E62 -> 226.66184 | G62: =F62-B62 -> -0.3381628 | H62: =G62*(1-J$10) -> -0.20788697
A63: =B36 -> 2019 | B63: =C36 -> 219 | C63: =G36 -> 53.344862 | E63: =K36 -> 165.99818 | F63: =C63+E63 -> 219.34304 | G63: =F63-B63 -> 0.34303828 | H63: =G63*(1-J$10) -> 0.21088419
A64: =B37 -> 2020 | B64: =C37 -> 219 | C64: =G37 -> 46.056036 | E64: =K37 -> 165.99818 | F64: =C64+E64 -> 212.05421 | G64: =F64-B64 -> -6.9457878 | H64: =G64*(1-J$10) -> -4.2699515
A65: =B38 -> 2021 | B65: =C38 -> 219 | C65: =G38 -> 38.446502 | E65: =K38 -> 165.99818 | F65: =C65+E65 -> 204.44468 | G65: =F65-B65 -> -14.555322 | H65: =G65*(1-J$10) -> -8.947944
A66: =B39 -> 2022 | B66: =C39 -> 219 | C66: =G39 -> 30.502148 | E66: =K39 -> 165.99818 | F66: =C66+E66 -> 196.50032 | G66: =F66-B66 -> -22.499676 | H66: =G66*(1-J$10) -> -13.831768
A67: =B40 -> 2023 | B67: =C40 -> 219 | C67: =G40 -> 22.208242 | E67: =K40 -> 165.99818 | F67: =C67+E67 -> 188.20642 | G67: =F67-B67 -> -30.793582 | H67: =G67*(1-J$10) -> -18.930481
A68: =B41 -> 2024 | B68: =C41 -> 219 | C68: =G41 -> 13.549405 | E68: =K41 -> 165.99818 | F68: =C68+E68 -> 179.54758 | G68: =F68-B68 -> -39.452419 | H68: =G68*(1-J$10) -> -24.253536
A69: =B42 -> 2025 | B69: =C42 -> 107 | C69: =G42 -> 4.5095785 | E69: =K42 -> 165.99818 | F69: =C69+E69 -> 170.50775 | G69: =F69-B69 -> 63.507755 | H69: =G69*(1-J$10) -> 39.041653
A70: =B43 -> 2026 | B70: =C43 -> 0 | C70: =G43 -> 0 | E70: =K43 -> 0 | F70: =C70+E70 -> 0 | G70: =F70-B70 -> 0 | H70: =G70*(1-J$10) -> 0
... A78: =B51 -> 2034 | B78: =C51 -> 0 | C78: =G51 -> 0 | E78: =K51 -> 0 | F78: =C78+E78 -> 0 | G78: =F78-B78 -> 0 | H78: =G78*(1-J$10) -> 0
A79: Totals | B79: =SUM(B59:B78) -> 2318 | C79: =SUM(C59:C78) -> 492.02006 | E79: =SUM(E59:E78) -> 1825.9799 | F79: =SUM(F59:F78) -> 2318 | G79: =SUM(G59:G78) -> -2.5579538e-13 | H79: =SUM(H59:H78) -> -1.4921397e-13
A81: Analysis adjustment to balance sheet for FY | E81: =C10 -> 2014 | G81: Debit | H81: Credit
A82: Dr. PP&E, at cost | G82: =ROUND(J31,0) -> 1826
A83: Cr. Capital lease obligation–current (current liabilities) | H83: =ROUND(H32,0) -> 130
A84: Cr. Capital lease obligation–noncurrent (noncurrent liabilities) | H84: =ROUND(I31,0)-ROUND(H32,0) -> 1696
A85: Ensure total debits equals total credits! | G85: =SUM(G82:G84) -> 1826 | H85: =SUM(H82:H84) -> 1826
A93: Analysis adjustment to income statement of | E93: =J7 -> 2015 | G93: Debit | H93: Credit | I93: NI effect
A94: Dr. Interest expense–capital lease [included in "other expense (income)"] | G94: =ROUND(C59,0) -> 80 | I94: =-G94 -> -80
A95: Dr. Depreciation (or amortization) expense | G95: =ROUND(E59,0) -> 166 | I95: =-G95 -> -166
A96: Dr. Increase net income (NI) or Cr. Decrease NI (not retained earnings in BS) | G96: =IF(G94+G95-H97<0,-(-ROUND(B59,0)+ROUND(C59,0)+ROUND(E59,0)-(ROUND(G59,0)-ROUND(H59,0)))," ") | H96: =IF(G94+G95-H97>0,-ROUND(B59,0)+ROUND(C59,0)+ROUND(E59,0)-(ROUND(G59,0)-ROUND(H59,0))," ") -> 22 | I96: -
A97: Cr. Rent expense (included in SG&A expense, COS, or both) | H97: =ROUND(B59,0) -> 210 | I97: =H97 -> 210
A98: Dr. Increase or Cr. Decrease income tax provision (i.e., expense) | G98: =IF(G94+G95-H97<0,-(ROUND(G59,0)-ROUND(H59,0)),0) -> 0 | H98: =IF(G94+G95-H97>0,ROUND(G59,0)-ROUND(H59,0),0) -> 14 | I98: =IF(G98=" ",H98,-G98) -> 0
A99: Ensure total debits equals total credits! | G99: =SUM(G94:G98) -> 246 | H99: =SUM(H94:H98) -> 246 | I99: =SUM(I94:I98) -> -36

Sheet Oper Lease Adjust 6
A1: Operating Lease Commitment Analysis Adjustment | L1: . | M1: . | N1: . | O1: . | P1: . | Q1: . | R1: . | S1: . | T1: . | U1: . | V1: . | W1: . | X1: . | Y1: . | Z1: .
A7: INPUT US dollar amounts IN MILLIONS | G7: From company's income statement for: | J7: NA
G8: Income from cont. oper's before taxes | J8: NA
G9: Income tax provision | J9: NA
A10: FY of BS and Form 10-K: | C10: ='IS Analysis Adjustments'!AP1 -> 2015 | G10: Combined effective income tax rate | J10: ='Oper Lease Adjust 5'!J10 -> 0.3852459
G11: Discount (incremental borrowing) rate | J11: ='Oper Lease Adjust 5'!J11 -> 0.044
C12: Minimum lease payments (MLPs)
B13: Year | C13: Operating leases | E13: Capital leases | F13: Total
A14: 1 | B14: =C10+1 -> 2016 | C14: 253 | E14: $ | F14: $
A15: 2 | B15: =B14+1 -> 2017 | C15: 271
A16: 3 | B16: =B15+1 -> 2018 | C16: 277
A17: 4 | B17: =B16+1 -> 2019 | C17: 274
A18: 5 | B18: =B17+1 -> 2020 | C18: 255 | D18: (B)
B19: Thereafter | C19: 1490 | D19: (A)
B20: Total | C20: =SUM(C14:C19) -> 2820 | E20: $ | F20: $
A22: Estimated number of years in "thereafter" period: (A) divide (B) | F22: =ROUNDUP(C19/C18,0) -> 6
A23: Estimated total number of years, n | F23: =IF(A18+F22>20,20,A18+F22) -> 11
A26: A | B26: B | C26: C | D26: D | F26: E | G26: F | H26: G | I26: H | J26: I | K26: J
C27: From footnote | D27: 1 / (1 + Discount rate)n | F27: C x D | G27: Prior H x Rate | H27: C – F | I27: Prior H – G | J27: Begin. I – J | K27: Beg. I / last n
A28: Future | B28: Company's | F28: Present | H28: Reduction | J28: Undeprec. | K28: Deprec.
A29: year | B29: fiscal | F29: value | G29: Implicit | H29: of lease | I29: Lease | J29: lease | K29: (amortiz.)
A30: (n) | B30: year | C30: MLPs | D30: Discount factor | F30: of MLP | G30: interest | H30: obligation | I30: obligation | J30: asset | K30: expense
A31: 0 | B31: =C10 -> 2015 | I31: =F52 -> 2209.6779 | J31: =I31 -> 2209.6779
A32: 1 | B32: =B14 -> 2016 | C32: =C14 -> 253 | E32: =1/(1+J$11)^A32 -> 0.95785441 | F32: =C32*E32 -> 242.33716 | G32: =I31*J$11 -> 97.225827 | H32: =C32-G32 -> 155.77417 | I32: =I31-H32 -> 2053.9037 | J32: =J31-K32 -> 2008.7981 | K32: =IF(A32>F$23,0,I$31/F$23) -> 200.87981
A33: 2 | B33: =B15 -> 2017 | C33: =C15 -> 271 | E33: =1/(1+J$11)^A33 -> 0.91748506 | F33: =C33*E33 -> 248.63845 | G33: =I32*J$11 -> 90.371764 | H33: =C33-G33 -> 180.62824 | I33: =I32-H33 -> 1873.2755 | J33: =J32-K33 -> 1807.9183 | K33: =IF(A33>F$23,0,I$31/F$23) -> 200.87981
A34: 3 | B34: =B16 -> 2018 | C34: =C16 -> 277 | E34: =1/(1+J$11)^A34 -> 0.87881711 | F34: =C34*E34 -> 243.43234 | G34: =I33*J$11 -> 82.424121 | H34: =C34-G34 -> 194.57588 | I34: =I33-H34 -> 1678.6996 | J34: =J33-K34 -> 1607.0385 | K34: =IF(A34>F$23,0,I$31/F$23) -> 200.87981
A35: 4 | B35: =B17 -> 2019 | C35: =C17 -> 274 | E35: =1/(1+J$11)^A35 -> 0.84177884 | F35: =C35*E35 -> 230.6474 | G35: =I34*J$11 -> 73.862782 | H35: =C35-G35 -> 200.13722 | I35: =I34-H35 -> 1478.5624 | J35: =J34-K35 -> 1406.1587 | K35: =IF(A35>F$23,0,I$31/F$23) -> 200.87981
A36: 5 | B36: =B18 -> 2020 | C36: =C18 -> 255 | E36: =1/(1+J$11)^A36 -> 0.80630157 | F36: =C36*E36 -> 205.6069 | G36: =I35*J$11 -> 65.056745 | H36: =C36-G36 -> 189.94326 | I36: =I35-H36 -> 1288.6191 | J36: =J35-K36 -> 1205.2788 | K36: =IF(A36>F$23,0,I$31/F$23) -> 200.87981
A37: =A36+1 -> 6 | B37: =B36+1 -> 2021 | C37: =IF(A37>F$23,0,IF(A37=F$23,C$20-SUM(C$32:C36),C$18)) -> 255 | E37: =1/(1+J$11)^A37 -> 0.77231951 | F37: =C37*E37 -> 196.94148 | G37: =I36*J$11 -> 56.699242 | H37: =C37-G37 -> 198.30076 | I37: =I36-H37 -> 1090.3184 | J37: =J36-K37 -> 1004.399 | K37: =IF(A37>F$23,0,I$31/F$23) -> 200.87981
A38: =A37+1 -> 7 | B38: =B37+1 -> 2022 | C38: =IF(A38>F$23,0,IF(A38=F$23,C$20-SUM(C$32:C37),C$18)) -> 255 | E38: =1/(1+J$11)^A38 -> 0.73976965 | F38: =C38*E38 -> 188.64126 | G38: =I37*J$11 -> 47.974008 | H38: =C38-G38 -> 207.02599 | I38: =I37-H38 -> 883.29238 | J38: =J37-K38 -> 803.51923 | K38: =IF(A38>F$23,0,I$31/F$23) -> 200.87981
A39: =A38+1 -> 8 | B39: =B38+1 -> 2023 | C39: =IF(A39>F$23,0,IF(A39=F$23,C$20-SUM(C$32:C38),C$18)) -> 255 | E39: =1/(1+J$11)^A39 -> 0.70859162 | F39: =C39*E39 -> 180.69086 | G39: =I38*J$11 -> 38.864865 | H39: =C39-G39 -> 216.13514 | I39: =I38-H39 -> 667.15724 | J39: =J38-K39 -> 602.63942 | K39: =IF(A39>F$23,0,I$31/F$23) -> 200.87981
A40: =A39+1 -> 9 | B40: =B39+1 -> 2024 | C40: =IF(A40>F$23,0,IF(A40=F$23,C$20-SUM(C$32:C39),C$18)) -> 255 | E40: =1/(1+J$11)^A40 -> 0.6787276 | F40: =C40*E40 -> 173.07554 | G40: =I39*J$11 -> 29.354919 | H40: =C40-G40 -> 225.64508 | I40: =I39-H40 -> 441.51216 | J40: =J39-K40 -> 401.75962 | K40: =IF(A40>F$23,0,I$31/F$23) -> 200.87981
A41: =A40+1 -> 10 | B41: =B40+1 -> 2025 | C41: =IF(A41>F$23,0,IF(A41=F$23,C$20-SUM(C$32:C40),C$18)) -> 255 | E41: =1/(1+J$11)^A41 -> 0.65012223 | F41: =C41*E41 -> 165.78117 | G41: =I40*J$11 -> 19.426535 | H41: =C41-G41 -> 235.57346 | I41: =I40-H41 -> 205.9387 | J41: =J40-K41 -> 200.87981 | K41: =IF(A41>F$23,0,I$31/F$23) -> 200.87981
A42: =A41+1 -> 11 | B42: =B41+1 -> 2026 | C42: =IF(A42>F$23,0,IF(A42=F$23,C$20-SUM(C$32:C41),C$18)) -> 215 | E42: =1/(1+J$11)^A42 -> 0.62272244 | F42: =C42*E42 -> 133.88532 | G42: =I41*J$11 -> 9.0613027 | H42: =C42-G42 -> 205.9387 | I42: =I41-H42 -> -3.9790393e-13 | J42: =J41-K42 -> 2.8421709e-13 | K42: =IF(A42>F$23,0,I$31/F$23) -> 200.87981
A43: =A42+1 -> 12 | B43: =B42+1 -> 2027 | C43: =IF(A43>F$23,0,IF(A43=F$23,C$20-SUM(C$32:C42),C$18)) -> 0 | E43: =1/(1+J$11)^A43 -> 0.59647743 | F43: =C43*E43 -> 0 | G43: =I42*J$11 -> -1.7507773e-14 | H43: =C43-G43 -> 1.7507773e-14 | I43: =I42-H43 -> -4.1541171e-13 | J43: =J42-K43 -> 2.8421709e-13 | K43: =IF(A43>F$23,0,I$31/F$23) -> 0
A44: =A43+1 -> 13 | B44: =B43+1 -> 2028 | C44: =IF(A44>F$23,0,IF(A44=F$23,C$20-SUM(C$32:C43),C$18)) -> 0 | E44: =1/(1+J$11)^A44 -> 0.57133854 | F44: =C44*E44 -> 0 | G44: =I43*J$11 -> -1.8278115e-14 | H44: =C44-G44 -> 1.8278115e-14 | I44: =I43-H44 -> -4.3368982e-13 | J44: =J43-K44 -> 2.8421709e-13 | K44: =IF(A44>F$23,0,I$31/F$23) -> 0
A45: =A44+1 -> 14 | B45: =B44+1 -> 2029 | C45: =IF(A45>F$23,0,IF(A45=F$23,C$20-SUM(C$32:C44),C$18)) -> 0 | E45: =1/(1+J$11)^A45 -> 0.54725913 | F45: =C45*E45 -> 0 | G45: =I44*J$11 -> -1.9082352e-14 | H45: =C45-G45 -> 1.9082352e-14 | I45: =I44-H45 -> -4.5277217e-13 | J45: =J44-K45 -> 2.8421709e-13 | K45: =IF(A45>F$23,0,I$31/F$23) -> 0
A46: =A45+1 -> 15 | B46: =B45+1 -> 2030 | C46: =IF(A46>F$23,0,IF(A46=F$23,C$20-SUM(C$32:C45),C$18)) -> 0 | E46: =1/(1+J$11)^A46 -> 0.52419457 | F46: =C46*E46 -> 0 | G46: =I45*J$11 -> -1.9921976e-14 | H46: =C46-G46 -> 1.9921976e-14 | I46: =I45-H46 -> -4.7269415e-13 | J46: =J45-K46 -> 2.8421709e-13 | K46: =IF(A46>F$23,0,I$31/F$23) -> 0
A47: =A46+1 -> 16 | B47: =B46+1 -> 2031 | C47: =IF(A47>F$23,0,IF(A47=F$23,C$20-SUM(C$32:C46),C$18)) -> 0 | E47: =1/(1+J$11)^A47 -> 0.50210208 | F47: =C47*E47 -> 0 | G47: =I46*J$11 -> -2.0798542e-14 | H47: =C47-G47 -> 2.0798542e-14 | I47: =I46-H47 -> -4.9349269e-13 | J47: =J46-K47 -> 2.8421709e-13 | K47: =IF(A47>F$23,0,I$31/F$23) -> 0
A48: =A47+1 -> 17 | B48: =B47+1 -> 2032 | C48: =IF(A48>F$23,0,IF(A48=F$23,C$20-SUM(C$32:C47),C$18)) -> 0 | E48: =1/(1+J$11)^A48 -> 0.48094069 | F48: =C48*E48 -> 0 | G48: =I47*J$11 -> -2.1713678e-14 | H48: =C48-G48 -> 2.1713678e-14 | I48: =I47-H48 -> -5.1520637e-13 | J48: =J47-K48 -> 2.8421709e-13 | K48: =IF(A48>F$23,0,I$31/F$23) -> 0
... A51: =A50+1 -> 20 | B51: =B50+1 -> 2035 | C51: =IF(A51>F$23,0,IF(A51=F$23,C$20-SUM(C$32:C50),C$18)) -> 0 | E51: =1/(1+J$11)^A51 -> 0.42265891 | F51: =C51*E51 -> 0 | G51: =I50*J$11 -> -2.4707847e-14 | H51: =C51-G51 -> 2.4707847e-14 | I51: =I50-H51 -> -5.8624982e-13 | J51: =J50-K51 -> 2.8421709e-13 | K51: =IF(A51>F$23,0,I$31/F$23) -> 0
A52: Totals | C52: =SUM(C32:C51) -> 2820 | F52: =SUM(F32:F51) -> 2209.6779 | G52: =SUM(G32:G51) -> 610.32211 | H52: =SUM(H32:H51) -> 2209.6779 | K52: =SUM(K32:K51) -> 2209.6779
A54: K | B54: L | C54: M | E54: N | F54: O | G54: P | H54: Q
A55: From B | B55: From C | C55: From F | E55: From J | F55: M + N | G55: O – L | H55: P x (1 – tax rate)
A56: Company's | B56: Oper. lease | C56: Capital lease accounting | G56: Capital lease vs. Oper. lease
A57: fiscal | B57: accounting | C57: Interest | E57: Depreciation | F57: Total | G57: Pre-tax | H57: After-tax
A58: year | B58: (rent expense) | C58: expense | E58: expense | F58: expense | G58: effect | H58: effect
A59: =B32 -> 2016 | B59: =C32 -> 253 | C59: =G32 -> 97.225827 | E59: =K32 -> 200.87981 | F59: =C59+E59 -> 298.10564 | G59: =F59-B59 -> 45.105635 | H59: =G59*(1-J$10) -> 27.728874
A60: =B33 -> 2017 | B60: =C33 -> 271 | C60: =G33 -> 90.371764 | E60: =K33 -> 200.87981 | F60: =C60+E60 -> 291.25157 | G60: =F60-B60 -> 20.251572 | H60: =G60*(1-J$10) -> 12.449737
A61: =B34 -> 2018 | B61: =C34 -> 277 | C61: =G34 -> 82.424121 | E61: =K34 -> 200.87981 | F61: =C61+E61 -> 283.30393 | G61: =F61-B61 -> 6.3039293 | H61: =G61*(1-J$10) -> 3.8753664
A62: =B35 -> 2019 | B62: =C35 -> 274 | C62: =G35 -> 73.862782 | E62: =K35 -> 200.87981 | F62: =C62+E62 -> 274.74259 | G62: =F62-B62 -> 0.74259062 | H62: =G62*(1-J$10) -> 0.45651062
A63: =B36 -> 2020 | B63: =C36 -> 255 | C63: =G36 -> 65.056745 | E63: =K36 -> 200.87981 | F63: =C63+E63 -> 265.93655 | G63: =F63-B63 -> 10.936553 | H63: =G63*(1-J$10) -> 6.7232908
A64: =B37 -> 2021 | B64: =C37 -> 255 | C64: =G37 -> 56.699242 | E64: =K37 -> 200.87981 | F64: =C64+E64 -> 257.57905 | G64: =F64-B64 -> 2.5790498 | H64: =G64*(1-J$10) -> 1.5854814
A65: =B38 -> 2022 | B65: =C38 -> 255 | C65: =G38 -> 47.974008 | E65: =K38 -> 200.87981 | F65: =C65+E65 -> 248.85382 | G65: =F65-B65 -> -6.1461835 | H65: =G65*(1-J$10) -> -3.7783915
A66: =B39 -> 2023 | B66: =C39 -> 255 | C66: =G39 -> 38.864865 | E66: =K39 -> 200.87981 | F66: =C66+E66 -> 239.74467 | G66: =F66-B66 -> -15.255327 | H66: =G66*(1-J$10) -> -9.3782749
A67: =B40 -> 2024 | B67: =C40 -> 255 | C67: =G40 -> 29.354919 | E67: =K40 -> 200.87981 | F67: =C67+E67 -> 230.23473 | G67: =F67-B67 -> -24.765273 | H67: =G67*(1-J$10) -> -15.224553
A68: =B41 -> 2025 | B68: =C41 -> 255 | C68: =G41 -> 19.426535 | E68: =K41 -> 200.87981 | F68: =C68+E68 -> 220.30634 | G68: =F68-B68 -> -34.693657 | H68: =G68*(1-J$10) -> -21.328068
A69: =B42 -> 2026 | B69: =C42 -> 215 | C69: =G42 -> 9.0613027 | E69: =K42 -> 200.87981 | F69: =C69+E69 -> 209.94111 | G69: =F69-B69 -> -5.0588892 | H69: =G69*(1-J$10) -> -3.1099728
A70: =B43 -> 2027 | B70: =C43 -> 0 | C70: =G43 -> -1.7507773e-14 | E70: =K43 -> 0 | F70: =C70+E70 -> -1.7507773e-14 | G70: =F70-B70 -> -1.7507773e-14 | H70: =G70*(1-J$10) -> -1.0762975e-14
... A78: =B51 -> 2035 | B78: =C51 -> 0 | C78: =G51 -> -2.4707847e-14 | E78: =K51 -> 0 | F78: =C78+E78 -> -2.4707847e-14 | G78: =F78-B78 -> -2.4707847e-14 | H78: =G78*(1-J$10) -> -1.518925e-14
A79: Totals | B79: =SUM(B59:B78) -> 2820 | C79: =SUM(C59:C78) -> 610.32211 | E79: =SUM(E59:E78) -> 2209.6779 | F79: =SUM(F59:F78) -> 2820 | G79: =SUM(G59:G78) -> -7.2835836e-13 | H79: =SUM(H59:H78) -> -4.453006e-13
A81: Analysis adjustment to balance sheet for FY | E81: =C10 -> 2015 | G81: Debit | H81: Credit
A82: Dr. PP&E, at cost | G82: =ROUND(J31,0) -> 2210
A83: Cr. Capital lease obligation–current (current liabilities) | H83: =ROUND(H32,0) -> 156
A84: Cr. Capital lease obligation–noncurrent (noncurrent liabilities) | H84: =ROUND(I31,0)-ROUND(H32,0) -> 2054
A85: Ensure total debits equals total credits! | G85: =SUM(G82:G84) -> 2210 | H85: =SUM(H82:H84) -> 2210
A93: Analysis adjustment to income statement of | E93: =J7 -> NA | G93: Debit | H93: Credit | I93: NI effect
A94: Dr. Interest expense–capital lease [included in "other expense (income)"] | G94: =ROUND(C59,0) -> 97 | I94: =-G94 -> -97
A95: Dr. Depreciation (or amortization) expense | G95: =ROUND(E59,0) -> 201 | I95: =-G95 -> -201
A96: Dr. Increase net income (NI) or Cr. Decrease NI (not retained earnings in BS) | G96: =IF(G94+G95-H97<0,-(-ROUND(B59,0)+ROUND(C59,0)+ROUND(E59,0)-(ROUND(G59,0)-ROUND(H59,0)))," ") | H96: =IF(G94+G95-H97>0,-ROUND(B59,0)+ROUND(C59,0)+ROUND(E59,0)-(ROUND(G59,0)-ROUND(H59,0))," ") -> 28 | I96: -
A97: Cr. Rent expense (included in SG&A expense, COS, or both) | H97: =ROUND(B59,0) -> 253 | I97: =H97 -> 253
A98: Dr. Increase or Cr. Decrease income tax provision (i.e., expense) | G98: =IF(G94+G95-H97<0,-(ROUND(G59,0)-ROUND(H59,0)),0) -> 0 | H98: =IF(G94+G95-H97>0,ROUND(G59,0)-ROUND(H59,0),0) -> 17 | I98: =IF(G98=" ",H98,-G98) -> 0
A99: Ensure total debits equals total credits! | G99: =SUM(G94:G98) -> 298 | H99: =SUM(H94:H98) -> 298 | I99: =SUM(I94:I98) -> -45

Sheet Key Competitor Oper Lease Adj
A1: Operating Lease Commitment Analysis Adjustment (Key Competitor)
A7: INPUT US dollar amounts IN MILLIONS | G7: From company's income statement for: | J7: NA
G8: Income from cont. oper's before taxes | J8: NA
G9: Income tax provision | J9: NA
A10: FY of BS and Form 10-K: | C10: ='Oper Lease Adjust 6'!C10 -> 2015 | G10: Combined effective income tax rate | J10: 0.35
G11: Discount (incremental borrowing) rate | J11: ='Oper Lease Adjust 5'!J11 -> 0.044
C12: Minimum lease payments (MLPs)
B13: Year | C13: Operating leases | E13: Capital leases | F13: Total
A14: 1 | B14: =C10+1 -> 2016 | C14: 1135 | E14: $ | F14: $
A15: 2 | B15: =B14+1 -> 2017 | C15: 1098
A16: 3 | B16: =B15+1 -> 2018 | C16: 946
A17: 4 | B17: =B16+1 -> 2019 | C17: 821
A18: 5 | B18: =B17+1 -> 2020 | C18: 682 | D18: (B)
B19: Thereafter | C19: 2118 | D19: (A)
B20: Total | C20: =SUM(C14:C19) -> 6800 | E20: $ | F20: $
A22: Estimated number of years in "thereafter" period: (A) divide (B) | F22: =ROUNDUP(C19/C18,0) -> 4
A23: Estimated total number of years, n | F23: =IF(A18+F22>20,20,A18+F22) -> 9
A26: A | B26: B | C26: C | D26: D | F26: E | G26: F | H26: G | I26: H | J26: I | K26: J
C27: From footnote | D27: 1 / (1 + Discount rate)n | F27: C x D | G27: Prior H x Rate | H27: C – F | I27: Prior H – G | J27: Begin. I – J | K27: Beg. I / last n
A28: Future | B28: Company's | F28: Present | H28: Reduction | J28: Undeprec. | K28: Deprec.
A29: year | B29: fiscal | F29: value | G29: Implicit | H29: of lease | I29: Lease | J29: lease | K29: (amortiz.)
A30: (n) | B30: year | C30: MLPs | D30: Discount factor | F30: of MLP | G30: interest | H30: obligation | I30: obligation | J30: asset | K30: expense
A31: 0 | B31: =C10 -> 2015 | I31: =F52 -> 5730.2951 | J31: =I31 -> 5730.2951
A32: 1 | B32: =B14 -> 2016 | C32: =C14 -> 1135 | E32: =1/(1+J$11)^A32 -> 0.95785441 | F32: =C32*E32 -> 1087.1648 | G32: =I31*J$11 -> 252.13299 | H32: =C32-G32 -> 882.86701 | I32: =I31-H32 -> 4847.4281 | J32: =J31-K32 -> 5093.5957 | K32: =IF(A32>F$23,0,I$31/F$23) -> 636.69946
A33: 2 | B33: =B15 -> 2017 | C33: =C15 -> 1098 | E33: =1/(1+J$11)^A33 -> 0.91748506 | F33: =C33*E33 -> 1007.3986 | G33: =I32*J$11 -> 213.28684 | H33: =C33-G33 -> 884.71316 | I33: =I32-H33 -> 3962.7149 | J33: =J32-K33 -> 4456.8962 | K33: =IF(A33>F$23,0,I$31/F$23) -> 636.69946
A34: 3 | B34: =B16 -> 2018 | C34: =C16 -> 946 | E34: =1/(1+J$11)^A34 -> 0.87881711 | F34: =C34*E34 -> 831.36099 | G34: =I33*J$11 -> 174.35946 | H34: =C34-G34 -> 771.64054 | I34: =I33-H34 -> 3191.0744 | J34: =J33-K34 -> 3820.1967 | K34: =IF(A34>F$23,0,I$31/F$23) -> 636.69946
A35: 4 | B35: =B17 -> 2019 | C35: =C17 -> 821 | E35: =1/(1+J$11)^A35 -> 0.84177884 | F35: =C35*E35 -> 691.10043 | G35: =I34*J$11 -> 140.40727 | H35: =C35-G35 -> 680.59273 | I35: =I34-H35 -> 2510.4817 | J35: =J34-K35 -> 3183.4973 | K35: =IF(A35>F$23,0,I$31/F$23) -> 636.69946
A36: 5 | B36: =B18 -> 2020 | C36: =C18 -> 682 | E36: =1/(1+J$11)^A36 -> 0.80630157 | F36: =C36*E36 -> 549.89767 | G36: =I35*J$11 -> 110.46119 | H36: =C36-G36 -> 571.53881 | I36: =I35-H36 -> 1938.9429 | J36: =J35-K36 -> 2546.7978 | K36: =IF(A36>F$23,0,I$31/F$23) -> 636.69946
A37: =A36+1 -> 6 | B37: =B36+1 -> 2021 | C37: =IF(A37>F$23,0,IF(A37=F$23,C$20-SUM(C$32:C36),C$18)) -> 682 | E37: =1/(1+J$11)^A37 -> 0.77231951 | F37: =C37*E37 -> 526.72191 | G37: =I36*J$11 -> 85.313486 | H37: =C37-G37 -> 596.68651 | I37: =I36-H37 -> 1342.2564 | J37: =J36-K37 -> 1910.0984 | K37: =IF(A37>F$23,0,I$31/F$23) -> 636.69946
A38: =A37+1 -> 7 | B38: =B37+1 -> 2022 | C38: =IF(A38>F$23,0,IF(A38=F$23,C$20-SUM(C$32:C37),C$18)) -> 682 | E38: =1/(1+J$11)^A38 -> 0.73976965 | F38: =C38*E38 -> 504.5229 | G38: =I37*J$11 -> 59.059279 | H38: =C38-G38 -> 622.94072 | I38: =I37-H38 -> 719.31563 | J38: =J37-K38 -> 1273.3989 | K38: =IF(A38>F$23,0,I$31/F$23) -> 636.69946
A39: =A38+1 -> 8 | B39: =B38+1 -> 2023 | C39: =IF(A39>F$23,0,IF(A39=F$23,C$20-SUM(C$32:C38),C$18)) -> 682 | E39: =1/(1+J$11)^A39 -> 0.70859162 | F39: =C39*E39 -> 483.25948 | G39: =I38*J$11 -> 31.649888 | H39: =C39-G39 -> 650.35011 | I39: =I38-H39 -> 68.965517 | J39: =J38-K39 -> 636.69946 | K39: =IF(A39>F$23,0,I$31/F$23) -> 636.69946
A40: =A39+1 -> 9 | B40: =B39+1 -> 2024 | C40: =IF(A40>F$23,0,IF(A40=F$23,C$20-SUM(C$32:C39),C$18)) -> 72 | E40: =1/(1+J$11)^A40 -> 0.6787276 | F40: =C40*E40 -> 48.868387 | G40: =I39*J$11 -> 3.0344828 | H40: =C40-G40 -> 68.965517 | I40: =I39-H40 -> -1.6768809e-12 | J40: =J39-K40 -> 0 | K40: =IF(A40>F$23,0,I$31/F$23) -> 636.69946
A41: =A40+1 -> 10 | B41: =B40+1 -> 2025 | C41: =IF(A41>F$23,0,IF(A41=F$23,C$20-SUM(C$32:C40),C$18)) -> 0 | E41: =1/(1+J$11)^A41 -> 0.65012223 | F41: =C41*E41 -> 0 | G41: =I40*J$11 -> -7.3782758e-14 | H41: =C41-G41 -> 7.3782758e-14 | I41: =I40-H41 -> -1.7506636e-12 | J41: =J40-K41 -> 0 | K41: =IF(A41>F$23,0,I$31/F$23) -> 0
A42: =A41+1 -> 11 | B42: =B41+1 -> 2026 | C42: =IF(A42>F$23,0,IF(A42=F$23,C$20-SUM(C$32:C41),C$18)) -> 0 | E42: =1/(1+J$11)^A42 -> 0.62272244 | F42: =C42*E42 -> 0 | G42: =I41*J$11 -> -7.7029199e-14 | H42: =C42-G42 -> 7.7029199e-14 | I42: =I41-H42 -> -1.8276928e-12 | J42: =J41-K42 -> 0 | K42: =IF(A42>F$23,0,I$31/F$23) -> 0
A43: =A42+1 -> 12 | B43: =B42+1 -> 2027 | C43: =IF(A43>F$23,0,IF(A43=F$23,C$20-SUM(C$32:C42),C$18)) -> 0 | E43: =1/(1+J$11)^A43 -> 0.59647743 | F43: =C43*E43 -> 0 | G43: =I42*J$11 -> -8.0418484e-14 | H43: =C43-G43 -> 8.0418484e-14 | I43: =I42-H43 -> -1.9081113e-12 | J43: =J42-K43 -> 0 | K43: =IF(A43>F$23,0,I$31/F$23) -> 0
A44: =A43+1 -> 13 | B44: =B43+1 -> 2028 | C44: =IF(A44>F$23,0,IF(A44=F$23,C$20-SUM(C$32:C43),C$18)) -> 0 | E44: =1/(1+J$11)^A44 -> 0.57133854 | F44: =C44*E44 -> 0 | G44: =I43*J$11 -> -8.3956897e-14 | H44: =C44-G44 -> 8.3956897e-14 | I44: =I43-H44 -> -1.9920682e-12 | J44: =J43-K44 -> 0 | K44: =IF(A44>F$23,0,I$31/F$23) -> 0
A45: =A44+1 -> 14 | B45: =B44+1 -> 2029 | C45: =IF(A45>F$23,0,IF(A45=F$23,C$20-SUM(C$32:C44),C$18)) -> 0 | E45: =1/(1+J$11)^A45 -> 0.54725913 | F45: =C45*E45 -> 0 | G45: =I44*J$11 -> -8.7651001e-14 | H45: =C45-G45 -> 8.7651001e-14 | I45: =I44-H45 -> -2.0797192e-12 | J45: =J44-K45 -> 0 | K45: =IF(A45>F$23,0,I$31/F$23) -> 0
A46: =A45+1 -> 15 | B46: =B45+1 -> 2030 | C46: =IF(A46>F$23,0,IF(A46=F$23,C$20-SUM(C$32:C45),C$18)) -> 0 | E46: =1/(1+J$11)^A46 -> 0.52419457 | F46: =C46*E46 -> 0 | G46: =I45*J$11 -> -9.1507645e-14 | H46: =C46-G46 -> 9.1507645e-14 | I46: =I45-H46 -> -2.1712268e-12 | J46: =J45-K46 -> 0 | K46: =IF(A46>F$23,0,I$31/F$23) -> 0
A47: =A46+1 -> 16 | B47: =B46+1 -> 2031 | C47: =IF(A47>F$23,0,IF(A47=F$23,C$20-SUM(C$32:C46),C$18)) -> 0 | E47: =1/(1+J$11)^A47 -> 0.50210208 | F47: =C47*E47 -> 0 | G47: =I46*J$11 -> -9.5533981e-14 | H47: =C47-G47 -> 9.5533981e-14 | I47: =I46-H47 -> -2.2667608e-12 | J47: =J46-K47 -> 0 | K47: =IF(A47>F$23,0,I$31/F$23) -> 0
A48: =A47+1 -> 17 | B48: =B47+1 -> 2032 | C48: =IF(A48>F$23,0,IF(A48=F$23,C$20-SUM(C$32:C47),C$18)) -> 0 | E48: =1/(1+J$11)^A48 -> 0.48094069 | F48: =C48*E48 -> 0 | G48: =I47*J$11 -> -9.9737476e-14 | H48: =C48-G48 -> 9.9737476e-14 | I48: =I47-H48 -> -2.3664983e-12 | J48: =J47-K48 -> 0 | K48: =IF(A48>F$23,0,I$31/F$23) -> 0
... A51: =A50+1 -> 20 | B51: =B50+1 -> 2035 | C51: =IF(A51>F$23,0,IF(A51=F$23,C$20-SUM(C$32:C50),C$18)) -> 0 | E51: =1/(1+J$11)^A51 -> 0.42265891 | F51: =C51*E51 -> 0 | G51: =I50*J$11 -> -1.1349059e-13 | H51: =C51-G51 -> 1.1349059e-13 | I51: =I50-H51 -> -2.6928223e-12 | J51: =J50-K51 -> 0 | K51: =IF(A51>F$23,0,I$31/F$23) -> 0
A52: Totals | C52: =SUM(C32:C51) -> 6800 | F52: =SUM(F32:F51) -> 5730.2951 | G52: =SUM(G32:G51) -> 1069.7049 | H52: =SUM(H32:H51) -> 5730.2951 | K52: =SUM(K32:K51) -> 5730.2951
A54: K | B54: L | C54: M | E54: N | F54: O | G54: P | H54: Q
A55: From B | B55: From C | C55: From F | E55: From J | F55: M + N | G55: O – L | H55: P x (1 – tax rate)
A56: Company's | B56: Oper. lease | C56: Capital lease accounting | G56: Capital lease vs. Oper. lease
A57: fiscal | B57: accounting | C57: Interest | E57: Depreciation | F57: Total | G57: Pre-tax | H57: After-tax
A58: year | B58: (rent expense) | C58: expense | E58: expense | F58: expense | G58: effect | H58: effect
A59: =B32 -> 2016 | B59: =C32 -> 1135 | C59: =G32 -> 252.13299 | E59: =K32 -> 636.69946 | F59: =C59+E59 -> 888.83244 | G59: =F59-B59 -> -246.16756 | H59: =G59*(1-J$10) -> -160.00891
A60: =B33 -> 2017 | B60: =C33 -> 1098 | C60: =G33 -> 213.28684 | E60: =K33 -> 636.69946 | F60: =C60+E60 -> 849.98629 | G60: =F60-B60 -> -248.01371 | H60: =G60*(1-J$10) -> -161.20891
A61: =B34 -> 2018 | B61: =C34 -> 946 | C61: =G34 -> 174.35946 | E61: =K34 -> 636.69946 | F61: =C61+E61 -> 811.05891 | G61: =F61-B61 -> -134.94109 | H61: =G61*(1-J$10) -> -87.711705
A62: =B35 -> 2019 | B62: =C35 -> 821 | C62: =G35 -> 140.40727 | E62: =K35 -> 636.69946 | F62: =C62+E62 -> 777.10673 | G62: =F62-B62 -> -43.893269 | H62: =G62*(1-J$10) -> -28.530625
A63: =B36 -> 2020 | B63: =C36 -> 682 | C63: =G36 -> 110.46119 | E63: =K36 -> 636.69946 | F63: =C63+E63 -> 747.16065 | G63: =F63-B63 -> 65.160651 | H63: =G63*(1-J$10) -> 42.354423
A64: =B37 -> 2021 | B64: =C37 -> 682 | C64: =G37 -> 85.313486 | E64: =K37 -> 636.69946 | F64: =C64+E64 -> 722.01294 | G64: =F64-B64 -> 40.012944 | H64: =G64*(1-J$10) -> 26.008413
A65: =B38 -> 2022 | B65: =C38 -> 682 | C65: =G38 -> 59.059279 | E65: =K38 -> 636.69946 | F65: =C65+E65 -> 695.75874 | G65: =F65-B65 -> 13.758737 | H65: =G65*(1-J$10) -> 8.943179
A66: =B39 -> 2023 | B66: =C39 -> 682 | C66: =G39 -> 31.649888 | E66: =K39 -> 636.69946 | F66: =C66+E66 -> 668.34935 | G66: =F66-B66 -> -13.650655 | H66: =G66*(1-J$10) -> -8.8729256
A67: =B40 -> 2024 | B67: =C40 -> 72 | C67: =G40 -> 3.0344828 | E67: =K40 -> 636.69946 | F67: =C67+E67 -> 639.73394 | G67: =F67-B67 -> 567.73394 | H67: =G67*(1-J$10) -> 369.02706
A68: =B41 -> 2025 | B68: =C41 -> 0 | C68: =G41 -> -7.3782758e-14 | E68: =K41 -> 0 | F68: =C68+E68 -> -7.3782758e-14 | G68: =F68-B68 -> -7.3782758e-14 | H68: =G68*(1-J$10) -> -4.7958792e-14
A69: =B42 -> 2026 | B69: =C42 -> 0 | C69: =G42 -> -7.7029199e-14 | E69: =K42 -> 0 | F69: =C69+E69 -> -7.7029199e-14 | G69: =F69-B69 -> -7.7029199e-14 | H69: =G69*(1-J$10) -> -5.0068979e-14
A70: =B43 -> 2027 | B70: =C43 -> 0 | C70: =G43 -> -8.0418484e-14 | E70: =K43 -> 0 | F70: =C70+E70 -> -8.0418484e-14 | G70: =F70-B70 -> -8.0418484e-14 | H70: =G70*(1-J$10) -> -5.2272014e-14
... A78: =B51 -> 2035 | B78: =C51 -> 0 | C78: =G51 -> -1.1349059e-13 | E78: =K51 -> 0 | F78: =C78+E78 -> -1.1349059e-13 | G78: =F78-B78 -> -1.1349059e-13 | H78: =G78*(1-J$10) -> -7.3768886e-14
A79: Totals | B79: =SUM(B59:B78) -> 6800 | C79: =SUM(C59:C78) -> 1069.7049 | E79: =SUM(E59:E78) -> 5730.2951 | F79: =SUM(F59:F78) -> 6800 | G79: =SUM(G59:G78) -> -1.6980625e-12 | H79: =SUM(H59:H78) -> -1.1719527e-12
A81: Analysis adjustment to balance sheet for FY | E81: =C10 -> 2015 | G81: Debit | H81: Credit
A82: Dr. PP&E, at cost | G82: =ROUND(J31,0) -> 5730
A83: Cr. Capital lease obligation–current (current liabilities) | H83: =ROUND(H32,0) -> 883
A84: Cr. Capital lease obligation–noncurrent (noncurrent liabilities) | H84: =ROUND(I31,0)-ROUND(H32,0) -> 4847
A85: Ensure total debits equals total credits! | G85: =SUM(G82:G84) -> 5730 | H85: =SUM(H82:H84) -> 5730
A93: Analysis adjustment to income statement of | E93: =J7 -> NA | G93: Debit | H93: Credit | I93: NI effect
A94: Dr. Interest expense–capital lease [included in "other expense (income)"] | G94: =ROUND(C59,0) -> 252 | I94: =-G94 -> -252
A95: Dr. Depreciation (or amortization) expense | G95: =ROUND(E59,0) -> 637 | I95: =-G95 -> -637
A96: Dr. Increase net income (NI) or Cr. Decrease NI (not retained earnings in BS) | H96: =-ROUND(B59,0)+ROUND(C59,0)+ROUND(E59,0)-(ROUND(G59,0)-ROUND(H59,0)) -> -160 | I96: -
A97: Cr. Rent expense (included in SG&A expense, COS, or both) | H97: =ROUND(B59,0) -> 1135 | I97: =H97 -> 1135
A98: Dr. Increase or Cr. Decrease income tax provision (i.e., expense) | G98: =IF(G94+G95-H97<0,-(ROUND(G59,0)-ROUND(H59,0)),0) -> 86 | H98: =IF(G94+G95-H97>0,ROUND(G59,0)-ROUND(H59,0),0) -> 0 | I98: =-H98 -> 0
A99: Ensure total debits equals total credits! | G99: =SUM(G94:G98) -> 975 | H99: =SUM(H94:H98) -> 975 | I99: =SUM(I94:I98) -> 246

Sheet Pension Cost Analysis Adjust
G1: . | H1: . | I1: . | J1: . | K1: . | L1: . | M1: . | N1: . | O1: . | P1: . | Q1: . | R1: . | S1: . | T1: . | U1: . | V1: . | W1: . | X1: . | Y1: . | Z1: .
A7: Analysis Adjustment for "Interest Cost" and "Expected Return on Plan Assets" Components of DB Pension and OPEB Expense
A9: (US dollars in millions) | B9: Fiscal year ended
B10: ='BS Analysis Adjustments'!B1 -> 2011 | C10: ='BS Analysis Adjustments'!L1 -> 2012 | D10: ='BS Analysis Adjustments'!V1 -> 2013 | E10: ='BS Analysis Adjustments'!AF1 -> 2014 | F10: ='BS Analysis Adjustments'!AP1 -> 2015
A11: Financial components of defined-benefit pension expense:
A12: Interest cost | B12: 7 | C12: 7 | D12: 7 | E12: 8 | F12: 7
A13: Expected return on plan assets (reduces net cost)
A14: Financial components of healthcare (OPEB) benefits expense:
A15: Interest cost
A16: Expected return on plan assets (reduces net cost)
A17: Net financial components of benefit costs–debit (credit) | B17: =SUM(B12:B16) -> 7 | C17: =SUM(C12:C16) -> 7 | D17: =SUM(D12:D16) -> 7 | E17: =SUM(E12:E16) -> 8 | F17: =SUM(F12:F16) -> 7
A19: "Post" to IS Analysis Adjustments workbook tab:
A20: Dr. Interest expense, net of interest income | B20: =IF(B17>0,B17,0) -> 7 | C20: =IF(C17>0,C17,0) -> 7 | D20: =IF(D17>0,D17,0) -> 7 | E20: =IF(E17>0,E17,0) -> 8 | F20: =IF(F17>0,F17,0) -> 7
